Workbook
Name TableAppendixSalesForecast: 'Income Statement'!#REF!
Name TablePlanBodyStartupFunding: 'Balance Sheet'!#REF!

Sheet Dashboard

Sheet Assumptions
A2: Particulars | B2: Year 1 | C2: Year 2 | D2: Year 3 | E2: Year 4 | F2: Year 5
A3: Revenue Growth Rate Monthly | B3: 0.03 | C3: 0.1 | D3: 0.05 | E3: 0.05 | F3: 0.05
A4: Payroll Growth Rate | C4: 0.1 | D4: =C4 -> 0.1 | E4: =D4 -> 0.1 | F4: =E4 -> 0.1
A5: Rent / Lease Growth Rate | C5: 0.03 | D5: =C5 -> 0.03 | E5: =D5 -> 0.03 | F5: =E5 -> 0.03
A6: Marketing Growth Rate | C6: 1 | D6: 0.06 | E6: =D6 -> 0.06 | F6: =E6 -> 0.06
A7: Other Expenses Growth Rate | C7: 1 | D7: =C7 -> 1 | E7: =D7 -> 1 | F7: =E7 -> 1
A8: Income Tax Rate | B8: =21% -> 0.21 | C8: https://taxfoundation.org/location/texas/?utm_term=state%20taxes&utm_campaign=State+Data+Pages&utm_source=adwords&utm_medium=ppc&hs
A12: TOTAL INVESTMENT NEEDED | C12: 10000000
A14: Loan Payable | C14: 0
A15: Equity Invested | C15: =C12-C14 -> 10000000
A18: ASSETS AND DEPRECIATION ASSUMPTIONS
A19: Startup Assets | B19: Mon 1 | C19: Dep. Rate
A20: Metal Fabrication Shop Acquisition | B20: 2000000 | C20: 0.03
A21: R&D Surveillance System | B21: 1500000 | C21: 0.03
A22: Shop Upgrades | B22: 950000 | C22: 0.03
C23: 0.03
C24: 0.03
C25: 0.03
A27: Additional Purchase of Assets | B27: Month | C27: Cost
A28: =IF(A20="","",A20) -> Metal Fabrication Shop Acquisition | B28: Mon 20 | C28: 0
A29: =IF(A21="","",A21) -> R&D Surveillance System | B29: Mon 20 | C29: 0
A30: =IF(A22="","",A22) -> Shop Upgrades | B30: Mon 20 | C30: 0
A31: =IF(A23="","",A23) | B31: Mon 20 | C31: 0
A32: =IF(A24="","",A24) | B32: Mon 20 | C32: 0
A35: Startup Expenses | B35: Cost
A36: Regulatory Compliance & Certifications | B36: 250000
A37: Marketing & Advertising Campaigns | B37: 300000
A38: R&D & Testing | B38: 500000
A39: Payroll Reserves | B39: 300000
A40: Miscellaneous Expenses | B40: 50000
A44: PAYROLL ASSUMPTIONS
C45: Year 1 | D45: Year 2 | E45: Year 3 | F45: Year 4 | G45: Year 5
A46: Name of Employees | B46: Monthly Salary | C46: No. of Personnel | D46: No. of Personnel | E46: No. of Personnel | F46: No. of Personnel | G46: No. of Personnel
A47: Owner / Manager | B47: 0 | C47: 1 | D47: 1 | E47: =D47 -> 1 | F47: =E47 -> 1 | G47: =F47 -> 1
A48: CTO | B48: =346493/12 -> 28874.417 | C48: 1 | D48: 1 | E48: =D48 -> 1 | F48: =E48 -> 1 | G48: =F48 -> 1 | H48: https://www.salary.com/research/salary/benchmark/chief-technology-officer-salary
A49: AI & Software Engineers | B49: =161804/12 -> 13483.667 | C49: 1 | D49: =C49 -> 1 | E49: =D49+1 -> 2 | F49: =E49 -> 2 | G49: =F49 -> 2 | H49: https://www.indeed.com/hire/job-description/ai-engineer
A50: Compliance & Security Lead | B50: =110586/12 -> 9215.5 | C50: 1 | D50: 1 | E50: 1 | F50: 1 | G50: 1 | H50: https://www.glassdoor.com/Salaries/compliance-security-lead-salary-SRCH_KO0,23.htm
A51: Marketing Specialist | B51: =90436/12 -> 7536.3333 | C51: 1 | D51: 1 | E51: 1 | F51: 1 | G51: 1 | H51: https://www.glassdoor.com/Salaries/ai-marketing-specialist-salary-SRCH_KO0%2C23.htm
A52: Admin Staff | B52: =46010/12 -> 3834.1667 | C52: 2 | D52: 2 | E52: 2 | F52: 2 | G52: 2 | H52: bls.gov/ooh/office-and-administrative-support/secretaries-and-administrative-assistants.htm?utm_so
A53: Manufacturing Technicians | B53: =49898/12 -> 4158.1667 | C53: 3 | D53: 5 | E53: 5 | F53: 6 | G53: 7 | H53: salary.com/research/salary/listing/manufacturing-technician-salary?utm_source=
A55: Total | C55: =SUM(C47:C53) -> 10 | D55: =SUM(D47:D53) -> 12 | E55: =SUM(E47:E53) -> 13 | F55: =SUM(F47:F53) -> 14 | G55: =SUM(G47:G53) -> 15
A59: LOAN ASSUMPTIONS
A60: Amount | B60: =C14 -> 0
A61: Interest Rate | B61: 0.115 | C61: https://www.sba.gov/partners/lenders/7a-loan-program/terms-conditions-eligibility#interest-rates
A62: nper | B62: 10 | C62: years
A66: OPERATING EXPENSES ASSUMPTIONS
A67: Operating Expenses | B67: Monthly Amt.
A68: Rent & Utilities | B68: 16000
A69: Regulatory & Compliance | B69: 9100
A70: Maintenance & Equipment Upkeep | B70: 11500
A71: Insurance & Security | B71: 8000
A72: Marketing & Advertising | B72: 0.07
A73: R&D & Prototyping | B73: 5500
A74: Miscellaneous Expenses | B74: 1500
A76: Total Expenses | B76: =SUM(B68:B74) -> 51600.07
A78: Cost Of Goods Sold Components
A79: Raw Materials | B79: 0.19
A80: Electronics Components Cost Pcb Amplifiers Sensors | B80: 0.07
A81: Production Overheads | B81: 0.03
A82: Packaging & Quality Control | B82: 0.02
A83: Logistics & Shipping | B83: 0.02
A85: Total Cost For Standard Units | B85: =SUM(B79:B83) -> 0.33
A86: Cost For Upgraded Units | B86: =B85+20% -> 0.53

Sheet AR & AP
A2: Cash Sales Percentage | B2: 0.8
A3: Credit Sales Percentage | B3: =1-B2 -> 0.2
A4: Credit Received in | B4: 2 | C4: months
A6: Accounts Receivable Schedule | B6: Mon 1 | C6: Mon 2 | D6: Mon 3 | E6: Mon 4 | F6: Mon 5 | G6: Mon 6 | H6: Mon 7 | I6: Mon 8 | J6: Mon 9 | K6: Mon 10 | L6: Mon 11 | M6: Mon 12 | N6: Mon 13 | O6: Mon 14 | P6: Mon 15 | Q6: Mon 16 | R6: Mon 17 | S6: Mon 18 | T6: Mon 19 | U6: Mon 20 | V6: Mon 21 | W6: Mon 22 | X6: Mon 23 | Y6: Mon 24 | Z6: Mon 25 | AA6: Mon 26 | AB6: Mon 27 | AC6: Mon 28 | AD6: Mon 29 | AE6: Mon 30 | AF6: Mon 31 | AG6: Mon 32 | AH6: Mon 33 | AI6: Mon 34 | AJ6: Mon 35 | AK6: Mon 36 | AL6: Mon 37 | AM6: Mon 38 | AN6: Mon 39 | AO6: Mon 40 | AP6: Mon 41 | AQ6: Mon 42 | AR6: Mon 43 | AS6: Mon 44 | AT6: Mon 45 | AU6: Mon 46 | AV6: Mon 47 | AW6: Mon 48 | AX6: Mon 49 | AY6: Mon 50 | AZ6: Mon 51 | BA6: Mon 52 | BB6: Mon 53 | BC6: Mon 54 | BD6: Mon 55 | BE6: Mon 56 | BF6: Mon 57 | BG6: Mon 58 | BH6: Mon 59 | BI6: Mon 60
A7: Total Sales | B7: ='Revenue Forecasts'!B6 -> 262500 | C7: ='Revenue Forecasts'!C6 -> 270375 | D7: ='Revenue Forecasts'!D6 -> 278486.25 | E7: ='Revenue Forecasts'!E6 -> 286840.84 | F7: ='Revenue Forecasts'!F6 -> 295446.06 | G7: ='Revenue Forecasts'!G6 -> 304309.44 | H7: ='Revenue Forecasts'!H6 -> 313438.73 | I7: ='Revenue Forecasts'!I6 -> 322841.89 | ... BJ7: ='Revenue Forecasts'!BJ6 -> 0
A9: Cash Sales | B9: =B7*$B$2 -> 210000 | C9: =C7*$B$2 -> 216300 | D9: =D7*$B$2 -> 222789 | E9: =E7*$B$2 -> 229472.67 | F9: =F7*$B$2 -> 236356.85 | G9: =G7*$B$2 -> 243447.56 | H9: =H7*$B$2 -> 250750.98 | I9: =I7*$B$2 -> 258273.51 | ... BI9: =BI7*$B$2 -> 6936386.9
A11: Credit Sales | B11: =B7*$B$3 -> 52500 | C11: =C7*$B$3 -> 54075 | D11: =D7*$B$3 -> 55697.25 | E11: =E7*$B$3 -> 57368.167 | F11: =F7*$B$3 -> 59089.213 | G11: =G7*$B$3 -> 60861.889 | H11: =H7*$B$3 -> 62687.746 | I11: =I7*$B$3 -> 64568.378 | ... BI11: =BI7*$B$3 -> 1734096.7
A13: Total Cash Received | B13: =B9 -> 210000 | C13: =C9 -> 216300 | D13: =D9+B11 -> 275289 | E13: =E9+C11 -> 283547.67 | F13: =F9+D11 -> 292054.1 | G13: =G9+E11 -> 300815.72 | H13: =H9+F11 -> 309840.19 | I13: =I9+G11 -> 319135.4 | J13: =J9+H11 -> 328709.46 | K13: =K9+I11 -> 338570.75 | ... BI13: =BI9+BG11 -> 8509263.8
A15: Accounts Receivable | B15: =B11 -> 52500 | C15: =B15+C11 -> 106575 | D15: =C15+D11-B11 -> 109772.25 | E15: =D15+E11-C11 -> 113065.42 | F15: =E15+F11-D11 -> 116457.38 | G15: =F15+G11-E11 -> 119951.1 | H15: =G15+H11-F11 -> 123549.63 | I15: =H15+I11-G11 -> 127256.12 | J15: =I15+J11-H11 -> 131073.81 | K15: =J15+K11-I11 -> 135006.02 | ... BI15: =BH15+BI11-BG11 -> 3385617.4

Sheet Depreciation
B2: Cost of Assets | C2: Mon 1 | D2: Mon 2 | E2: Mon 3 | F2: Mon 4 | G2: Mon 5 | H2: Mon 6 | I2: Mon 7 | J2: Mon 8 | K2: Mon 9 | L2: Mon 10 | M2: Mon 11 | N2: Mon 12 | O2: Mon 13 | P2: Mon 14 | Q2: Mon 15 | R2: Mon 16 | S2: Mon 17 | T2: Mon 18 | U2: Mon 19 | V2: Mon 20 | W2: Mon 21 | X2: Mon 22 | Y2: Mon 23 | Z2: Mon 24 | AA2: Mon 25 | AB2: Mon 26 | AC2: Mon 27 | AD2: Mon 28 | AE2: Mon 29 | AF2: Mon 30 | AG2: Mon 31 | AH2: Mon 32 | AI2: Mon 33 | AJ2: Mon 34 | AK2: Mon 35 | AL2: Mon 36 | AM2: Mon 37 | AN2: Mon 38 | AO2: Mon 39 | AP2: Mon 40 | AQ2: Mon 41 | AR2: Mon 42 | AS2: Mon 43 | AT2: Mon 44 | AU2: Mon 45 | AV2: Mon 46 | AW2: Mon 47 | AX2: Mon 48 | AY2: Mon 49 | AZ2: Mon 50 | BA2: Mon 51 | BB2: Mon 52 | BC2: Mon 53 | BD2: Mon 54 | BE2: Mon 55 | BF2: Mon 56 | BG2: Mon 57 | BH2: Mon 58 | BI2: Mon 59 | BJ2: Mon 60
B3: =Assumptions!A28 -> Metal Fabrication Shop Acquisition | C3: =Assumptions!B20 -> 2000000 | D3: =C3 -> 2000000 | E3: =D3 -> 2000000 | F3: =E3 -> 2000000 | G3: =F3 -> 2000000 | H3: =G3 -> 2000000 | I3: =H3 -> 2000000 | J3: =I3 -> 2000000 | K3: =J3 -> 2000000 | ... BJ3: =BI3 -> 2000000
B4: =Assumptions!A29 -> R&D Surveillance System | C4: =Assumptions!B21 -> 1500000 | D4: =C4 -> 1500000 | E4: =D4 -> 1500000 | F4: =E4 -> 1500000 | G4: =F4 -> 1500000 | H4: =G4 -> 1500000 | I4: =H4 -> 1500000 | J4: =I4 -> 1500000 | K4: =J4 -> 1500000 | ... BJ4: =BI4 -> 1500000
B5: =Assumptions!A30 -> Shop Upgrades | C5: =Assumptions!B22 -> 950000 | D5: =C5 -> 950000 | E5: =D5 -> 950000 | F5: =E5 -> 950000 | G5: =F5 -> 950000 | H5: =G5 -> 950000 | I5: =H5 -> 950000 | J5: =I5 -> 950000 | K5: =J5 -> 950000 | ... BJ5: =BI5 -> 950000
B6: =Assumptions!A31 | C6: =Assumptions!B23 -> 0 | D6: =C6 -> 0 | E6: =D6 -> 0 | F6: =E6 -> 0 | G6: =F6 -> 0 | H6: =G6 -> 0 | I6: =H6 -> 0 | J6: =I6 -> 0 | K6: =J6 -> 0 | ... BJ6: =BI6 -> 0
B7: =Assumptions!A32 | C7: =Assumptions!B24 -> 0 | D7: =C7 -> 0 | E7: =D7 -> 0 | F7: =E7 -> 0 | G7: =F7 -> 0 | H7: =G7 -> 0 | I7: =H7 -> 0 | J7: =I7 -> 0 | K7: =J7 -> 0 | ... BJ7: =BI7 -> 0
C8: =Assumptions!B25 -> 0 | D8: =C8 -> 0 | E8: =D8 -> 0 | F8: =E8 -> 0 | G8: =F8 -> 0 | H8: =G8 -> 0 | I8: =H8 -> 0 | J8: =I8 -> 0 | K8: =J8 -> 0 | ... BJ8: =BI8 -> 0
B9: Total | C9: =SUM(C3:C8) -> 4450000 | D9: =SUM(D3:D8) -> 4450000 | E9: =SUM(E3:E8) -> 4450000 | F9: =SUM(F3:F8) -> 4450000 | G9: =SUM(G3:G8) -> 4450000 | H9: =SUM(H3:H8) -> 4450000 | I9: =SUM(I3:I8) -> 4450000 | J9: =SUM(J3:J8) -> 4450000 | ... BJ9: =SUM(BJ3:BJ8) -> 4450000
B12: Assets Purchase Schedule | C12: Mon 1 | D12: Mon 2 | E12: Mon 3 | F12: Mon 4 | G12: Mon 5 | H12: Mon 6 | I12: Mon 7 | J12: Mon 8 | K12: Mon 9 | L12: Mon 10 | M12: Mon 11 | N12: Mon 12 | O12: Mon 13 | P12: Mon 14 | Q12: Mon 15 | R12: Mon 16 | S12: Mon 17 | T12: Mon 18 | U12: Mon 19 | V12: Mon 20 | W12: Mon 21 | X12: Mon 22 | Y12: Mon 23 | Z12: Mon 24 | AA12: Mon 25 | AB12: Mon 26 | AC12: Mon 27 | AD12: Mon 28 | AE12: Mon 29 | AF12: Mon 30 | AG12: Mon 31 | AH12: Mon 32 | AI12: Mon 33 | AJ12: Mon 34 | AK12: Mon 35 | AL12: Mon 36 | AM12: Mon 37 | AN12: Mon 38 | AO12: Mon 39 | AP12: Mon 40 | AQ12: Mon 41 | AR12: Mon 42 | AS12: Mon 43 | AT12: Mon 44 | AU12: Mon 45 | AV12: Mon 46 | AW12: Mon 47 | AX12: Mon 48 | AY12: Mon 49 | AZ12: Mon 50 | BA12: Mon 51 | BB12: Mon 52 | BC12: Mon 53 | BD12: Mon 54 | BE12: Mon 55 | BF12: Mon 56 | BG12: Mon 57 | BH12: Mon 58 | BI12: Mon 59 | BJ12: Mon 60
B13: =B3 -> Metal Fabrication Shop Acquisition | C13: =IFERROR(VLOOKUP(C$12,Assumptions!$B$28:$C$28,2,FALSE),0) -> 0 | D13: =IFERROR(VLOOKUP(D$12,Assumptions!$B$28:$C$28,2,FALSE),0) -> 0 | E13: =IFERROR(VLOOKUP(E$12,Assumptions!$B$28:$C$28,2,FALSE),0) -> 0 | F13: =IFERROR(VLOOKUP(F$12,Assumptions!$B$28:$C$28,2,FALSE),0) -> 0 | G13: =IFERROR(VLOOKUP(G$12,Assumptions!$B$28:$C$28,2,FALSE),0) -> 0 | H13: =IFERROR(VLOOKUP(H$12,Assumptions!$B$28:$C$28,2,FALSE),0) -> 0 | I13: =IFERROR(VLOOKUP(I$12,Assumptions!$B$28:$C$28,2,FALSE),0) -> 0 | J13: =IFERROR(VLOOKUP(J$12,Assumptions!$B$28:$C$28,2,FALSE),0) -> 0 | ... BJ13: =IFERROR(VLOOKUP(BJ$12,Assumptions!$B$28:$C$28,2,FALSE),0) -> 0
B14: =B4 -> R&D Surveillance System | C14: =IFERROR(VLOOKUP(C$12,Assumptions!$B$29:$C$29,2,FALSE),0) -> 0 | D14: =IFERROR(VLOOKUP(D$12,Assumptions!$B$29:$C$29,2,FALSE),0) -> 0 | E14: =IFERROR(VLOOKUP(E$12,Assumptions!$B$29:$C$29,2,FALSE),0) -> 0 | F14: =IFERROR(VLOOKUP(F$12,Assumptions!$B$29:$C$29,2,FALSE),0) -> 0 | G14: =IFERROR(VLOOKUP(G$12,Assumptions!$B$29:$C$29,2,FALSE),0) -> 0 | H14: =IFERROR(VLOOKUP(H$12,Assumptions!$B$29:$C$29,2,FALSE),0) -> 0 | I14: =IFERROR(VLOOKUP(I$12,Assumptions!$B$29:$C$29,2,FALSE),0) -> 0 | J14: =IFERROR(VLOOKUP(J$12,Assumptions!$B$29:$C$29,2,FALSE),0) -> 0 | ... BJ14: =IFERROR(VLOOKUP(BJ$12,Assumptions!$B$29:$C$29,2,FALSE),0) -> 0
B15: =B5 -> Shop Upgrades | C15: =IFERROR(VLOOKUP(C$12,Assumptions!$B$30:$C$30,2,FALSE),0) -> 0 | D15: =IFERROR(VLOOKUP(D$12,Assumptions!$B$30:$C$30,2,FALSE),0) -> 0 | E15: =IFERROR(VLOOKUP(E$12,Assumptions!$B$30:$C$30,2,FALSE),0) -> 0 | F15: =IFERROR(VLOOKUP(F$12,Assumptions!$B$30:$C$30,2,FALSE),0) -> 0 | G15: =IFERROR(VLOOKUP(G$12,Assumptions!$B$30:$C$30,2,FALSE),0) -> 0 | H15: =IFERROR(VLOOKUP(H$12,Assumptions!$B$30:$C$30,2,FALSE),0) -> 0 | I15: =IFERROR(VLOOKUP(I$12,Assumptions!$B$30:$C$30,2,FALSE),0) -> 0 | J15: =IFERROR(VLOOKUP(J$12,Assumptions!$B$30:$C$30,2,FALSE),0) -> 0 | ... BJ15: =IFERROR(VLOOKUP(BJ$12,Assumptions!$B$30:$C$30,2,FALSE),0) -> 0
B16: =B6 | C16: =IFERROR(VLOOKUP(C$12,Assumptions!$B$31:$C$31,2,FALSE),0) -> 0 | D16: =IFERROR(VLOOKUP(D$12,Assumptions!$B$31:$C$31,2,FALSE),0) -> 0 | E16: =IFERROR(VLOOKUP(E$12,Assumptions!$B$31:$C$31,2,FALSE),0) -> 0 | F16: =IFERROR(VLOOKUP(F$12,Assumptions!$B$31:$C$31,2,FALSE),0) -> 0 | G16: =IFERROR(VLOOKUP(G$12,Assumptions!$B$31:$C$31,2,FALSE),0) -> 0 | H16: =IFERROR(VLOOKUP(H$12,Assumptions!$B$31:$C$31,2,FALSE),0) -> 0 | I16: =IFERROR(VLOOKUP(I$12,Assumptions!$B$31:$C$31,2,FALSE),0) -> 0 | J16: =IFERROR(VLOOKUP(J$12,Assumptions!$B$31:$C$31,2,FALSE),0) -> 0 | ... BJ16: =IFERROR(VLOOKUP(BJ$12,Assumptions!$B$31:$C$31,2,FALSE),0) -> 0
B17: =B7 | C17: =IFERROR(VLOOKUP(C$12,Assumptions!$B$32:$C$32,2,FALSE),0) -> 0 | D17: =IFERROR(VLOOKUP(D$12,Assumptions!$B$32:$C$32,2,FALSE),0) -> 0 | E17: =IFERROR(VLOOKUP(E$12,Assumptions!$B$32:$C$32,2,FALSE),0) -> 0 | F17: =IFERROR(VLOOKUP(F$12,Assumptions!$B$32:$C$32,2,FALSE),0) -> 0 | G17: =IFERROR(VLOOKUP(G$12,Assumptions!$B$32:$C$32,2,FALSE),0) -> 0 | H17: =IFERROR(VLOOKUP(H$12,Assumptions!$B$32:$C$32,2,FALSE),0) -> 0 | I17: =IFERROR(VLOOKUP(I$12,Assumptions!$B$32:$C$32,2,FALSE),0) -> 0 | J17: =IFERROR(VLOOKUP(J$12,Assumptions!$B$32:$C$32,2,FALSE),0) -> 0 | ... BJ17: =IFERROR(VLOOKUP(BJ$12,Assumptions!$B$32:$C$32,2,FALSE),0) -> 0
B19: Total | C19: =SUM(C13:C18) -> 0 | D19: =SUM(D13:D18) -> 0 | E19: =SUM(E13:E18) -> 0 | F19: =SUM(F13:F18) -> 0 | G19: =SUM(G13:G18) -> 0 | H19: =SUM(H13:H18) -> 0 | I19: =SUM(I13:I18) -> 0 | J19: =SUM(J13:J18) -> 0 | ... BJ19: =SUM(BJ13:BJ18) -> 0
B22: Net Cost Schedule | C22: Mon 1 | D22: Mon 2 | E22: Mon 3 | F22: Mon 4 | G22: Mon 5 | H22: Mon 6 | I22: Mon 7 | J22: Mon 8 | K22: Mon 9 | L22: Mon 10 | M22: Mon 11 | N22: Mon 12 | O22: Mon 13 | P22: Mon 14 | Q22: Mon 15 | R22: Mon 16 | S22: Mon 17 | T22: Mon 18 | U22: Mon 19 | V22: Mon 20 | W22: Mon 21 | X22: Mon 22 | Y22: Mon 23 | Z22: Mon 24 | AA22: Mon 25 | AB22: Mon 26 | AC22: Mon 27 | AD22: Mon 28 | AE22: Mon 29 | AF22: Mon 30 | AG22: Mon 31 | AH22: Mon 32 | AI22: Mon 33 | AJ22: Mon 34 | AK22: Mon 35 | AL22: Mon 36 | AM22: Mon 37 | AN22: Mon 38 | AO22: Mon 39 | AP22: Mon 40 | AQ22: Mon 41 | AR22: Mon 42 | AS22: Mon 43 | AT22: Mon 44 | AU22: Mon 45 | AV22: Mon 46 | AW22: Mon 47 | AX22: Mon 48 | AY22: Mon 49 | AZ22: Mon 50 | BA22: Mon 51 | BB22: Mon 52 | BC22: Mon 53 | BD22: Mon 54 | BE22: Mon 55 | BF22: Mon 56 | BG22: Mon 57 | BH22: Mon 58 | BI22: Mon 59 | BJ22: Mon 60
B23: =B13 -> Metal Fabrication Shop Acquisition | C23: =C3+C13 -> 2000000 | D23: =C23+D13 -> 2000000 | E23: =D23+E13 -> 2000000 | F23: =E23+F13 -> 2000000 | G23: =F23+G13 -> 2000000 | H23: =G23+H13 -> 2000000 | I23: =H23+I13 -> 2000000 | J23: =I23+J13 -> 2000000 | K23: =J23+K13 -> 2000000 | ... BJ23: =BI23+BJ13 -> 2000000
B24: =B14 -> R&D Surveillance System | C24: =C4+C14 -> 1500000 | D24: =C24+D14 -> 1500000 | E24: =D24+E14 -> 1500000 | F24: =E24+F14 -> 1500000 | G24: =F24+G14 -> 1500000 | H24: =G24+H14 -> 1500000 | I24: =H24+I14 -> 1500000 | J24: =I24+J14 -> 1500000 | K24: =J24+K14 -> 1500000 | ... BJ24: =BI24+BJ14 -> 1500000
B25: =B15 -> Shop Upgrades | C25: =C5+C15 -> 950000 | D25: =C25+D15 -> 950000 | E25: =D25+E15 -> 950000 | F25: =E25+F15 -> 950000 | G25: =F25+G15 -> 950000 | H25: =G25+H15 -> 950000 | I25: =H25+I15 -> 950000 | J25: =I25+J15 -> 950000 | K25: =J25+K15 -> 950000 | ... BJ25: =BI25+BJ15 -> 950000
B26: =B16 | C26: =C6+C16 -> 0 | D26: =C26+D16 -> 0 | E26: =D26+E16 -> 0 | F26: =E26+F16 -> 0 | G26: =F26+G16 -> 0 | H26: =G26+H16 -> 0 | I26: =H26+I16 -> 0 | J26: =I26+J16 -> 0 | K26: =J26+K16 -> 0 | ... BJ26: =BI26+BJ16 -> 0
B27: =B17 | C27: =C7+C17 -> 0 | D27: =C27+D17 -> 0 | E27: =D27+E17 -> 0 | F27: =E27+F17 -> 0 | G27: =F27+G17 -> 0 | H27: =G27+H17 -> 0 | I27: =H27+I17 -> 0 | J27: =I27+J17 -> 0 | K27: =J27+K17 -> 0 | ... BJ27: =BI27+BJ17 -> 0
B29: Total | C29: =SUM(C23:C28) -> 4450000 | D29: =SUM(D23:D28) -> 4450000 | E29: =SUM(E23:E28) -> 4450000 | F29: =SUM(F23:F28) -> 4450000 | G29: =SUM(G23:G28) -> 4450000 | H29: =SUM(H23:H28) -> 4450000 | I29: =SUM(I23:I28) -> 4450000 | J29: =SUM(J23:J28) -> 4450000 | ... BJ29: =SUM(BJ23:BJ28) -> 4450000
B32: Depreciation Schedule | C32: Mon 1 | D32: Mon 2 | E32: Mon 3 | F32: Mon 4 | G32: Mon 5 | H32: Mon 6 | I32: Mon 7 | J32: Mon 8 | K32: Mon 9 | L32: Mon 10 | M32: Mon 11 | N32: Mon 12 | O32: Mon 13 | P32: Mon 14 | Q32: Mon 15 | R32: Mon 16 | S32: Mon 17 | T32: Mon 18 | U32: Mon 19 | V32: Mon 20 | W32: Mon 21 | X32: Mon 22 | Y32: Mon 23 | Z32: Mon 24 | AA32: Mon 25 | AB32: Mon 26 | AC32: Mon 27 | AD32: Mon 28 | AE32: Mon 29 | AF32: Mon 30 | AG32: Mon 31 | AH32: Mon 32 | AI32: Mon 33 | AJ32: Mon 34 | AK32: Mon 35 | AL32: Mon 36 | AM32: Mon 37 | AN32: Mon 38 | AO32: Mon 39 | AP32: Mon 40 | AQ32: Mon 41 | AR32: Mon 42 | AS32: Mon 43 | AT32: Mon 44 | AU32: Mon 45 | AV32: Mon 46 | AW32: Mon 47 | AX32: Mon 48 | AY32: Mon 49 | AZ32: Mon 50 | BA32: Mon 51 | BB32: Mon 52 | BC32: Mon 53 | BD32: Mon 54 | BE32: Mon 55 | BF32: Mon 56 | BG32: Mon 57 | BH32: Mon 58 | BI32: Mon 59 | BJ32: Mon 60
B33: =B23 -> Metal Fabrication Shop Acquisition | C33: =C23*Assumptions!$C20/12 -> 5000 | D33: =D23*Assumptions!$C20/12 -> 5000 | E33: =E23*Assumptions!$C20/12 -> 5000 | F33: =F23*Assumptions!$C20/12 -> 5000 | G33: =G23*Assumptions!$C20/12 -> 5000 | H33: =H23*Assumptions!$C20/12 -> 5000 | I33: =I23*Assumptions!$C20/12 -> 5000 | J33: =J23*Assumptions!$C20/12 -> 5000 | ... BJ33: =BJ23*Assumptions!$C20/12 -> 5000
B34: =B24 -> R&D Surveillance System | C34: =C24*Assumptions!$C21/12 -> 3750 | D34: =D24*Assumptions!$C21/12 -> 3750 | E34: =E24*Assumptions!$C21/12 -> 3750 | F34: =F24*Assumptions!$C21/12 -> 3750 | G34: =G24*Assumptions!$C21/12 -> 3750 | H34: =H24*Assumptions!$C21/12 -> 3750 | I34: =I24*Assumptions!$C21/12 -> 3750 | J34: =J24*Assumptions!$C21/12 -> 3750 | ... BJ34: =BJ24*Assumptions!$C21/12 -> 3750
B35: =B25 -> Shop Upgrades | C35: =C25*Assumptions!$C22/12 -> 2375 | D35: =D25*Assumptions!$C22/12 -> 2375 | E35: =E25*Assumptions!$C22/12 -> 2375 | F35: =F25*Assumptions!$C22/12 -> 2375 | G35: =G25*Assumptions!$C22/12 -> 2375 | H35: =H25*Assumptions!$C22/12 -> 2375 | I35: =I25*Assumptions!$C22/12 -> 2375 | J35: =J25*Assumptions!$C22/12 -> 2375 | ... BJ35: =BJ25*Assumptions!$C22/12 -> 2375
B36: =B26 | C36: =C26*Assumptions!$C23/12 -> 0 | D36: =D26*Assumptions!$C23/12 -> 0 | E36: =E26*Assumptions!$C23/12 -> 0 | F36: =F26*Assumptions!$C23/12 -> 0 | G36: =G26*Assumptions!$C23/12 -> 0 | H36: =H26*Assumptions!$C23/12 -> 0 | I36: =I26*Assumptions!$C23/12 -> 0 | J36: =J26*Assumptions!$C23/12 -> 0 | ... BJ36: =BJ26*Assumptions!$C23/12 -> 0
B37: =B27 | C37: =C27*Assumptions!$C24/12 -> 0 | D37: =D27*Assumptions!$C24/12 -> 0 | E37: =E27*Assumptions!$C24/12 -> 0 | F37: =F27*Assumptions!$C24/12 -> 0 | G37: =G27*Assumptions!$C24/12 -> 0 | H37: =H27*Assumptions!$C24/12 -> 0 | I37: =I27*Assumptions!$C24/12 -> 0 | J37: =J27*Assumptions!$C24/12 -> 0 | ... BJ37: =BJ27*Assumptions!$C24/12 -> 0
B39: Total | C39: =SUM(C33:C38) -> 11125 | D39: =SUM(D33:D38) -> 11125 | E39: =SUM(E33:E38) -> 11125 | F39: =SUM(F33:F38) -> 11125 | G39: =SUM(G33:G38) -> 11125 | H39: =SUM(H33:H38) -> 11125 | I39: =SUM(I33:I38) -> 11125 | J39: =SUM(J33:J38) -> 11125 | ... BJ39: =SUM(BJ33:BJ38) -> 11125
B42: Accumulated Depreciation Schedule | C42: Mon 1 | D42: Mon 2 | E42: Mon 3 | F42: Mon 4 | G42: Mon 5 | H42: Mon 6 | I42: Mon 7 | J42: Mon 8 | K42: Mon 9 | L42: Mon 10 | M42: Mon 11 | N42: Mon 12 | O42: Mon 13 | P42: Mon 14 | Q42: Mon 15 | R42: Mon 16 | S42: Mon 17 | T42: Mon 18 | U42: Mon 19 | V42: Mon 20 | W42: Mon 21 | X42: Mon 22 | Y42: Mon 23 | Z42: Mon 24 | AA42: Mon 25 | AB42: Mon 26 | AC42: Mon 27 | AD42: Mon 28 | AE42: Mon 29 | AF42: Mon 30 | AG42: Mon 31 | AH42: Mon 32 | AI42: Mon 33 | AJ42: Mon 34 | AK42: Mon 35 | AL42: Mon 36 | AM42: Mon 37 | AN42: Mon 38 | AO42: Mon 39 | AP42: Mon 40 | AQ42: Mon 41 | AR42: Mon 42 | AS42: Mon 43 | AT42: Mon 44 | AU42: Mon 45 | AV42: Mon 46 | AW42: Mon 47 | AX42: Mon 48 | AY42: Mon 49 | AZ42: Mon 50 | BA42: Mon 51 | BB42: Mon 52 | BC42: Mon 53 | BD42: Mon 54 | BE42: Mon 55 | BF42: Mon 56 | BG42: Mon 57 | BH42: Mon 58 | BI42: Mon 59 | BJ42: Mon 60
B43: =B33 -> Metal Fabrication Shop Acquisition | C43: =C33 -> 5000 | D43: =C43+D33 -> 10000 | E43: =D43+E33 -> 15000 | F43: =E43+F33 -> 20000 | G43: =F43+G33 -> 25000 | H43: =G43+H33 -> 30000 | I43: =H43+I33 -> 35000 | J43: =I43+J33 -> 40000 | K43: =J43+K33 -> 45000 | ... BJ43: =BI43+BJ33 -> 300000
B44: =B34 -> R&D Surveillance System | C44: =C34 -> 3750 | D44: =C44+D34 -> 7500 | E44: =D44+E34 -> 11250 | F44: =E44+F34 -> 15000 | G44: =F44+G34 -> 18750 | H44: =G44+H34 -> 22500 | I44: =H44+I34 -> 26250 | J44: =I44+J34 -> 30000 | K44: =J44+K34 -> 33750 | ... BJ44: =BI44+BJ34 -> 225000
B45: =B35 -> Shop Upgrades | C45: =C35 -> 2375 | D45: =C45+D35 -> 4750 | E45: =D45+E35 -> 7125 | F45: =E45+F35 -> 9500 | G45: =F45+G35 -> 11875 | H45: =G45+H35 -> 14250 | I45: =H45+I35 -> 16625 | J45: =I45+J35 -> 19000 | K45: =J45+K35 -> 21375 | ... BJ45: =BI45+BJ35 -> 142500
B46: =B36 | C46: =C36 -> 0 | D46: =C46+D36 -> 0 | E46: =D46+E36 -> 0 | F46: =E46+F36 -> 0 | G46: =F46+G36 -> 0 | H46: =G46+H36 -> 0 | I46: =H46+I36 -> 0 | J46: =I46+J36 -> 0 | K46: =J46+K36 -> 0 | ... BJ46: =BI46+BJ36 -> 0
B47: =B37 | C47: =C37 -> 0 | D47: =C47+D37 -> 0 | E47: =D47+E37 -> 0 | F47: =E47+F37 -> 0 | G47: =F47+G37 -> 0 | H47: =G47+H37 -> 0 | I47: =H47+I37 -> 0 | J47: =I47+J37 -> 0 | K47: =J47+K37 -> 0 | ... BJ47: =BI47+BJ37 -> 0
B49: Total | C49: =SUM(C43:C48) -> 11125 | D49: =SUM(D43:D48) -> 22250 | E49: =SUM(E43:E48) -> 33375 | F49: =SUM(F43:F48) -> 44500 | G49: =SUM(G43:G48) -> 55625 | H49: =SUM(H43:H48) -> 66750 | I49: =SUM(I43:I48) -> 77875 | J49: =SUM(J43:J48) -> 89000 | ... BJ49: =SUM(BJ43:BJ48) -> 667500
B52: Written Down Value Schedule | C52: Mon 1 | D52: Mon 2 | E52: Mon 3 | F52: Mon 4 | G52: Mon 5 | H52: Mon 6 | I52: Mon 7 | J52: Mon 8 | K52: Mon 9 | L52: Mon 10 | M52: Mon 11 | N52: Mon 12 | O52: Mon 13 | P52: Mon 14 | Q52: Mon 15 | R52: Mon 16 | S52: Mon 17 | T52: Mon 18 | U52: Mon 19 | V52: Mon 20 | W52: Mon 21 | X52: Mon 22 | Y52: Mon 23 | Z52: Mon 24 | AA52: Mon 25 | AB52: Mon 26 | AC52: Mon 27 | AD52: Mon 28 | AE52: Mon 29 | AF52: Mon 30 | AG52: Mon 31 | AH52: Mon 32 | AI52: Mon 33 | AJ52: Mon 34 | AK52: Mon 35 | AL52: Mon 36 | AM52: Mon 37 | AN52: Mon 38 | AO52: Mon 39 | AP52: Mon 40 | AQ52: Mon 41 | AR52: Mon 42 | AS52: Mon 43 | AT52: Mon 44 | AU52: Mon 45 | AV52: Mon 46 | AW52: Mon 47 | AX52: Mon 48 | AY52: Mon 49 | AZ52: Mon 50 | BA52: Mon 51 | BB52: Mon 52 | BC52: Mon 53 | BD52: Mon 54 | BE52: Mon 55 | BF52: Mon 56 | BG52: Mon 57 | BH52: Mon 58 | BI52: Mon 59 | BJ52: Mon 60
B53: =B43 -> Metal Fabrication Shop Acquisition | C53: =C23-C43 -> 1995000 | D53: =D23-D43 -> 1990000 | E53: =E23-E43 -> 1985000 | F53: =F23-F43 -> 1980000 | G53: =G23-G43 -> 1975000 | H53: =H23-H43 -> 1970000 | I53: =I23-I43 -> 1965000 | J53: =J23-J43 -> 1960000 | ... BJ53: =BJ23-BJ43 -> 1700000
B54: =B44 -> R&D Surveillance System | C54: =C24-C44 -> 1496250 | D54: =D24-D44 -> 1492500 | E54: =E24-E44 -> 1488750 | F54: =F24-F44 -> 1485000 | G54: =G24-G44 -> 1481250 | H54: =H24-H44 -> 1477500 | I54: =I24-I44 -> 1473750 | J54: =J24-J44 -> 1470000 | ... BJ54: =BJ24-BJ44 -> 1275000
B55: =B45 -> Shop Upgrades | C55: =C25-C45 -> 947625 | D55: =D25-D45 -> 945250 | E55: =E25-E45 -> 942875 | F55: =F25-F45 -> 940500 | G55: =G25-G45 -> 938125 | H55: =H25-H45 -> 935750 | I55: =I25-I45 -> 933375 | J55: =J25-J45 -> 931000 | ... BJ55: =BJ25-BJ45 -> 807500
B56: =B46 | C56: =C26-C46 -> 0 | D56: =D26-D46 -> 0 | E56: =E26-E46 -> 0 | F56: =F26-F46 -> 0 | G56: =G26-G46 -> 0 | H56: =H26-H46 -> 0 | I56: =I26-I46 -> 0 | J56: =J26-J46 -> 0 | ... BJ56: =BJ26-BJ46 -> 0
B57: =B47 | C57: =C27-C47 -> 0 | D57: =D27-D47 -> 0 | E57: =E27-E47 -> 0 | F57: =F27-F47 -> 0 | G57: =G27-G47 -> 0 | H57: =H27-H47 -> 0 | I57: =I27-I47 -> 0 | J57: =J27-J47 -> 0 | ... BJ57: =BJ27-BJ47 -> 0
B59: Total | C59: =SUM(C53:C58) -> 4438875 | D59: =SUM(D53:D58) -> 4427750 | E59: =SUM(E53:E58) -> 4416625 | F59: =SUM(F53:F58) -> 4405500 | G59: =SUM(G53:G58) -> 4394375 | H59: =SUM(H53:H58) -> 4383250 | I59: =SUM(I53:I58) -> 4372125 | J59: =SUM(J53:J58) -> 4361000 | ... BJ59: =SUM(BJ53:BJ58) -> 3782500

Sheet Payroll
A2: Staff Payroll Plan (Monthly) | B2: Monthly Pay Year 1 | C2: Monthly Pay Year 2 | D2: Monthly Pay Year 3 | E2: Monthly Pay Year 4 | F2: Monthly Pay Year 5
A3: =Assumptions!A47 -> Owner / Manager | B3: =Assumptions!B47 -> 0 | C3: =B3*(1+Assumptions!C$4) -> 0 | D3: =C3*(1+Assumptions!D$4) -> 0 | E3: =D3*(1+Assumptions!E$4) -> 0 | F3: =E3*(1+Assumptions!F$4) -> 0
A4: =Assumptions!A48 -> CTO | B4: =Assumptions!B48 -> 28874.417 | C4: =B4*(1+Assumptions!C$4) -> 31761.858 | D4: =C4*(1+Assumptions!D$4) -> 34938.044 | E4: =D4*(1+Assumptions!E$4) -> 38431.849 | F4: =E4*(1+Assumptions!F$4) -> 42275.033
A5: =Assumptions!A49 -> AI & Software Engineers | B5: =Assumptions!B49 -> 13483.667 | C5: =B5*(1+Assumptions!C$4) -> 14832.033 | D5: =C5*(1+Assumptions!D$4) -> 16315.237 | E5: =D5*(1+Assumptions!E$4) -> 17946.76 | F5: =E5*(1+Assumptions!F$4) -> 19741.436
A6: =Assumptions!A50 -> Compliance & Security Lead | B6: =Assumptions!B50 -> 9215.5 | C6: =B6*(1+Assumptions!C$4) -> 10137.05 | D6: =C6*(1+Assumptions!D$4) -> 11150.755 | E6: =D6*(1+Assumptions!E$4) -> 12265.831 | F6: =E6*(1+Assumptions!F$4) -> 13492.414
A7: =Assumptions!A51 -> Marketing Specialist | B7: =Assumptions!B51 -> 7536.3333 | C7: =B7*(1+Assumptions!C$4) -> 8289.9667 | D7: =C7*(1+Assumptions!D$4) -> 9118.9633 | E7: =D7*(1+Assumptions!E$4) -> 10030.86 | F7: =E7*(1+Assumptions!F$4) -> 11033.946
A8: =Assumptions!A52 -> Admin Staff | B8: =Assumptions!B52 -> 3834.1667 | C8: =B8*(1+Assumptions!C$4) -> 4217.5833 | D8: =C8*(1+Assumptions!D$4) -> 4639.3417 | E8: =D8*(1+Assumptions!E$4) -> 5103.2758 | F8: =E8*(1+Assumptions!F$4) -> 5613.6034
A9: =Assumptions!A53 -> Manufacturing Technicians | B9: =Assumptions!B53 -> 4158.1667 | C9: =B9*(1+Assumptions!C$4) -> 4573.9833 | D9: =C9*(1+Assumptions!D$4) -> 5031.3817 | E9: =D9*(1+Assumptions!E$4) -> 5534.5198 | F9: =E9*(1+Assumptions!F$4) -> 6087.9718
A10: Total | B10: =SUM(B3:B9) -> 67102.25 | C10: =SUM(C3:C9) -> 73812.475 | D10: =SUM(D3:D9) -> 81193.723 | E10: =SUM(E3:E9) -> 89313.095 | F10: =SUM(F3:F9) -> 98244.404
A14: Headcount | B14: Mon 1 | C14: Mon 2 | D14: Mon 3 | E14: Mon 4 | F14: Mon 5 | G14: Mon 6 | H14: Mon 7 | I14: Mon 8 | J14: Mon 9 | K14: Mon 10 | L14: Mon 11 | M14: Mon 12 | N14: Mon 13 | O14: Mon 14 | P14: Mon 15 | Q14: Mon 16 | R14: Mon 17 | S14: Mon 18 | T14: Mon 19 | U14: Mon 20 | V14: Mon 21 | W14: Mon 22 | X14: Mon 23 | Y14: Mon 24 | Z14: Mon 25 | AA14: Mon 26 | AB14: Mon 27 | AC14: Mon 28 | AD14: Mon 29 | AE14: Mon 30 | AF14: Mon 31 | AG14: Mon 32 | AH14: Mon 33 | AI14: Mon 34 | AJ14: Mon 35 | AK14: Mon 36 | AL14: Mon 37 | AM14: Mon 38 | AN14: Mon 39 | AO14: Mon 40 | AP14: Mon 41 | AQ14: Mon 42 | AR14: Mon 43 | AS14: Mon 44 | AT14: Mon 45 | AU14: Mon 46 | AV14: Mon 47 | AW14: Mon 48 | AX14: Mon 49 | AY14: Mon 50 | AZ14: Mon 51 | BA14: Mon 52 | BB14: Mon 53 | BC14: Mon 54 | BD14: Mon 55 | BE14: Mon 56 | BF14: Mon 57 | BG14: Mon 58 | BH14: Mon 59 | BI14: Mon 60
A15: =Assumptions!A47 -> Owner / Manager | B15: =Assumptions!$C47 -> 1 | C15: =Assumptions!$C47 -> 1 | D15: =Assumptions!$C47 -> 1 | E15: =Assumptions!$C47 -> 1 | F15: =Assumptions!$C47 -> 1 | G15: =Assumptions!$C47 -> 1 | H15: =Assumptions!$C47 -> 1 | I15: =Assumptions!$C47 -> 1 | ... M15: =Assumptions!$C47 -> 1 | N15: =Assumptions!$D47 -> 1 | O15: =Assumptions!$D47 -> 1 | P15: =Assumptions!$D47 -> 1 | Q15: =Assumptions!$D47 -> 1 | R15: =Assumptions!$D47 -> 1 | S15: =Assumptions!$D47 -> 1 | T15: =Assumptions!$D47 -> 1 | U15: =Assumptions!$D47 -> 1 | ... Y15: =Assumptions!$D47 -> 1 | Z15: =Assumptions!$E47 -> 1 | AA15: =Assumptions!$E47 -> 1 | AB15: =Assumptions!$E47 -> 1 | AC15: =Assumptions!$E47 -> 1 | AD15: =Assumptions!$E47 -> 1 | AE15: =Assumptions!$E47 -> 1 | AF15: =Assumptions!$E47 -> 1 | AG15: =Assumptions!$E47 -> 1 | ... AK15: =Assumptions!$E47 -> 1 | AL15: =Assumptions!$F47 -> 1 | AM15: =Assumptions!$F47 -> 1 | AN15: =Assumptions!$F47 -> 1 | AO15: =Assumptions!$F47 -> 1 | AP15: =Assumptions!$F47 -> 1 | AQ15: =Assumptions!$F47 -> 1 | AR15: =Assumptions!$F47 -> 1 | AS15: =Assumptions!$F47 -> 1 | ... AW15: =Assumptions!$F47 -> 1 | AX15: =Assumptions!$G47 -> 1 | AY15: =Assumptions!$G47 -> 1 | AZ15: =Assumptions!$G47 -> 1 | BA15: =Assumptions!$G47 -> 1 | BB15: =Assumptions!$G47 -> 1 | BC15: =Assumptions!$G47 -> 1 | BD15: =Assumptions!$G47 -> 1 | BE15: =Assumptions!$G47 -> 1 | ... BI15: =Assumptions!$G47 -> 1
A16: =Assumptions!A48 -> CTO | B16: =Assumptions!$C48 -> 1 | C16: =Assumptions!$C48 -> 1 | D16: =Assumptions!$C48 -> 1 | E16: =Assumptions!$C48 -> 1 | F16: =Assumptions!$C48 -> 1 | G16: =Assumptions!$C48 -> 1 | H16: =Assumptions!$C48 -> 1 | I16: =Assumptions!$C48 -> 1 | ... M16: =Assumptions!$C48 -> 1 | N16: =Assumptions!$D48 -> 1 | O16: =Assumptions!$D48 -> 1 | P16: =Assumptions!$D48 -> 1 | Q16: =Assumptions!$D48 -> 1 | R16: =Assumptions!$D48 -> 1 | S16: =Assumptions!$D48 -> 1 | T16: =Assumptions!$D48 -> 1 | U16: =Assumptions!$D48 -> 1 | ... Y16: =Assumptions!$D48 -> 1 | Z16: =Assumptions!$E48 -> 1 | AA16: =Assumptions!$E48 -> 1 | AB16: =Assumptions!$E48 -> 1 | AC16: =Assumptions!$E48 -> 1 | AD16: =Assumptions!$E48 -> 1 | AE16: =Assumptions!$E48 -> 1 | AF16: =Assumptions!$E48 -> 1 | AG16: =Assumptions!$E48 -> 1 | ... AK16: =Assumptions!$E48 -> 1 | AL16: =Assumptions!$F48 -> 1 | AM16: =Assumptions!$F48 -> 1 | AN16: =Assumptions!$F48 -> 1 | AO16: =Assumptions!$F48 -> 1 | AP16: =Assumptions!$F48 -> 1 | AQ16: =Assumptions!$F48 -> 1 | AR16: =Assumptions!$F48 -> 1 | AS16: =Assumptions!$F48 -> 1 | ... AW16: =Assumptions!$F48 -> 1 | AX16: =Assumptions!$G48 -> 1 | AY16: =Assumptions!$G48 -> 1 | AZ16: =Assumptions!$G48 -> 1 | BA16: =Assumptions!$G48 -> 1 | BB16: =Assumptions!$G48 -> 1 | BC16: =Assumptions!$G48 -> 1 | BD16: =Assumptions!$G48 -> 1 | BE16: =Assumptions!$G48 -> 1 | ... BI16: =Assumptions!$G48 -> 1
A17: =Assumptions!A49 -> AI & Software Engineers | B17: =Assumptions!$C49 -> 1 | C17: =Assumptions!$C49 -> 1 | D17: =Assumptions!$C49 -> 1 | E17: =Assumptions!$C49 -> 1 | F17: =Assumptions!$C49 -> 1 | G17: =Assumptions!$C49 -> 1 | H17: =Assumptions!$C49 -> 1 | I17: =Assumptions!$C49 -> 1 | ... M17: =Assumptions!$C49 -> 1 | N17: =Assumptions!$D49 -> 1 | O17: =Assumptions!$D49 -> 1 | P17: =Assumptions!$D49 -> 1 | Q17: =Assumptions!$D49 -> 1 | R17: =Assumptions!$D49 -> 1 | S17: =Assumptions!$D49 -> 1 | T17: =Assumptions!$D49 -> 1 | U17: =Assumptions!$D49 -> 1 | ... Y17: =Assumptions!$D49 -> 1 | Z17: =Assumptions!$E49 -> 2 | AA17: =Assumptions!$E49 -> 2 | AB17: =Assumptions!$E49 -> 2 | AC17: =Assumptions!$E49 -> 2 | AD17: =Assumptions!$E49 -> 2 | AE17: =Assumptions!$E49 -> 2 | AF17: =Assumptions!$E49 -> 2 | AG17: =Assumptions!$E49 -> 2 | ... AK17: =Assumptions!$E49 -> 2 | AL17: =Assumptions!$F49 -> 2 | AM17: =Assumptions!$F49 -> 2 | AN17: =Assumptions!$F49 -> 2 | AO17: =Assumptions!$F49 -> 2 | AP17: =Assumptions!$F49 -> 2 | AQ17: =Assumptions!$F49 -> 2 | AR17: =Assumptions!$F49 -> 2 | AS17: =Assumptions!$F49 -> 2 | ... AW17: =Assumptions!$F49 -> 2 | AX17: =Assumptions!$G49 -> 2 | AY17: =Assumptions!$G49 -> 2 | AZ17: =Assumptions!$G49 -> 2 | BA17: =Assumptions!$G49 -> 2 | BB17: =Assumptions!$G49 -> 2 | BC17: =Assumptions!$G49 -> 2 | BD17: =Assumptions!$G49 -> 2 | BE17: =Assumptions!$G49 -> 2 | ... BI17: =Assumptions!$G49 -> 2
A18: =Assumptions!A50 -> Compliance & Security Lead | B18: =Assumptions!$C50 -> 1 | C18: =Assumptions!$C50 -> 1 | D18: =Assumptions!$C50 -> 1 | E18: =Assumptions!$C50 -> 1 | F18: =Assumptions!$C50 -> 1 | G18: =Assumptions!$C50 -> 1 | H18: =Assumptions!$C50 -> 1 | I18: =Assumptions!$C50 -> 1 | ... M18: =Assumptions!$C50 -> 1 | N18: =Assumptions!$D50 -> 1 | O18: =Assumptions!$D50 -> 1 | P18: =Assumptions!$D50 -> 1 | Q18: =Assumptions!$D50 -> 1 | R18: =Assumptions!$D50 -> 1 | S18: =Assumptions!$D50 -> 1 | T18: =Assumptions!$D50 -> 1 | U18: =Assumptions!$D50 -> 1 | ... Y18: =Assumptions!$D50 -> 1 | Z18: =Assumptions!$E50 -> 1 | AA18: =Assumptions!$E50 -> 1 | AB18: =Assumptions!$E50 -> 1 | AC18: =Assumptions!$E50 -> 1 | AD18: =Assumptions!$E50 -> 1 | AE18: =Assumptions!$E50 -> 1 | AF18: =Assumptions!$E50 -> 1 | AG18: =Assumptions!$E50 -> 1 | ... AK18: =Assumptions!$E50 -> 1 | AL18: =Assumptions!$F50 -> 1 | AM18: =Assumptions!$F50 -> 1 | AN18: =Assumptions!$F50 -> 1 | AO18: =Assumptions!$F50 -> 1 | AP18: =Assumptions!$F50 -> 1 | AQ18: =Assumptions!$F50 -> 1 | AR18: =Assumptions!$F50 -> 1 | AS18: =Assumptions!$F50 -> 1 | ... AW18: =Assumptions!$F50 -> 1 | AX18: =Assumptions!$G50 -> 1 | AY18: =Assumptions!$G50 -> 1 | AZ18: =Assumptions!$G50 -> 1 | BA18: =Assumptions!$G50 -> 1 | BB18: =Assumptions!$G50 -> 1 | BC18: =Assumptions!$G50 -> 1 | BD18: =Assumptions!$G50 -> 1 | BE18: =Assumptions!$G50 -> 1 | ... BI18: =Assumptions!$G50 -> 1
A19: =Assumptions!A51 -> Marketing Specialist | B19: =Assumptions!$C51 -> 1 | C19: =Assumptions!$C51 -> 1 | D19: =Assumptions!$C51 -> 1 | E19: =Assumptions!$C51 -> 1 | F19: =Assumptions!$C51 -> 1 | G19: =Assumptions!$C51 -> 1 | H19: =Assumptions!$C51 -> 1 | I19: =Assumptions!$C51 -> 1 | ... M19: =Assumptions!$C51 -> 1 | N19: =Assumptions!$D51 -> 1 | O19: =Assumptions!$D51 -> 1 | P19: =Assumptions!$D51 -> 1 | Q19: =Assumptions!$D51 -> 1 | R19: =Assumptions!$D51 -> 1 | S19: =Assumptions!$D51 -> 1 | T19: =Assumptions!$D51 -> 1 | U19: =Assumptions!$D51 -> 1 | ... Y19: =Assumptions!$D51 -> 1 | Z19: =Assumptions!$E51 -> 1 | AA19: =Assumptions!$E51 -> 1 | AB19: =Assumptions!$E51 -> 1 | AC19: =Assumptions!$E51 -> 1 | AD19: =Assumptions!$E51 -> 1 | AE19: =Assumptions!$E51 -> 1 | AF19: =Assumptions!$E51 -> 1 | AG19: =Assumptions!$E51 -> 1 | ... AK19: =Assumptions!$E51 -> 1 | AL19: =Assumptions!$F51 -> 1 | AM19: =Assumptions!$F51 -> 1 | AN19: =Assumptions!$F51 -> 1 | AO19: =Assumptions!$F51 -> 1 | AP19: =Assumptions!$F51 -> 1 | AQ19: =Assumptions!$F51 -> 1 | AR19: =Assumptions!$F51 -> 1 | AS19: =Assumptions!$F51 -> 1 | ... AW19: =Assumptions!$F51 -> 1 | AX19: =Assumptions!$G51 -> 1 | AY19: =Assumptions!$G51 -> 1 | AZ19: =Assumptions!$G51 -> 1 | BA19: =Assumptions!$G51 -> 1 | BB19: =Assumptions!$G51 -> 1 | BC19: =Assumptions!$G51 -> 1 | BD19: =Assumptions!$G51 -> 1 | BE19: =Assumptions!$G51 -> 1 | ... BI19: =Assumptions!$G51 -> 1
A20: =Assumptions!A52 -> Admin Staff | B20: =Assumptions!$C52 -> 2 | C20: =Assumptions!$C52 -> 2 | D20: =Assumptions!$C52 -> 2 | E20: =Assumptions!$C52 -> 2 | F20: =Assumptions!$C52 -> 2 | G20: =Assumptions!$C52 -> 2 | H20: =Assumptions!$C52 -> 2 | I20: =Assumptions!$C52 -> 2 | ... M20: =Assumptions!$C52 -> 2 | N20: =Assumptions!$D52 -> 2 | O20: =Assumptions!$D52 -> 2 | P20: =Assumptions!$D52 -> 2 | Q20: =Assumptions!$D52 -> 2 | R20: =Assumptions!$D52 -> 2 | S20: =Assumptions!$D52 -> 2 | T20: =Assumptions!$D52 -> 2 | U20: =Assumptions!$D52 -> 2 | ... Y20: =Assumptions!$D52 -> 2 | Z20: =Assumptions!$E52 -> 2 | AA20: =Assumptions!$E52 -> 2 | AB20: =Assumptions!$E52 -> 2 | AC20: =Assumptions!$E52 -> 2 | AD20: =Assumptions!$E52 -> 2 | AE20: =Assumptions!$E52 -> 2 | AF20: =Assumptions!$E52 -> 2 | AG20: =Assumptions!$E52 -> 2 | ... AK20: =Assumptions!$E52 -> 2 | AL20: =Assumptions!$F52 -> 2 | AM20: =Assumptions!$F52 -> 2 | AN20: =Assumptions!$F52 -> 2 | AO20: =Assumptions!$F52 -> 2 | AP20: =Assumptions!$F52 -> 2 | AQ20: =Assumptions!$F52 -> 2 | AR20: =Assumptions!$F52 -> 2 | AS20: =Assumptions!$F52 -> 2 | ... AW20: =Assumptions!$F52 -> 2 | AX20: =Assumptions!$G52 -> 2 | AY20: =Assumptions!$G52 -> 2 | AZ20: =Assumptions!$G52 -> 2 | BA20: =Assumptions!$G52 -> 2 | BB20: =Assumptions!$G52 -> 2 | BC20: =Assumptions!$G52 -> 2 | BD20: =Assumptions!$G52 -> 2 | BE20: =Assumptions!$G52 -> 2 | ... BI20: =Assumptions!$G52 -> 2
A21: =Assumptions!A53 -> Manufacturing Technicians | B21: =Assumptions!$C53 -> 3 | C21: =Assumptions!$C53 -> 3 | D21: =Assumptions!$C53 -> 3 | E21: =Assumptions!$C53 -> 3 | F21: =Assumptions!$C53 -> 3 | G21: =Assumptions!$C53 -> 3 | H21: =Assumptions!$C53 -> 3 | I21: =Assumptions!$C53 -> 3 | ... M21: =Assumptions!$C53 -> 3 | N21: =Assumptions!$D53 -> 5 | O21: =Assumptions!$D53 -> 5 | P21: =Assumptions!$D53 -> 5 | Q21: =Assumptions!$D53 -> 5 | R21: =Assumptions!$D53 -> 5 | S21: =Assumptions!$D53 -> 5 | T21: =Assumptions!$D53 -> 5 | U21: =Assumptions!$D53 -> 5 | ... Y21: =Assumptions!$D53 -> 5 | Z21: =Assumptions!$E53 -> 5 | AA21: =Assumptions!$E53 -> 5 | AB21: =Assumptions!$E53 -> 5 | AC21: =Assumptions!$E53 -> 5 | AD21: =Assumptions!$E53 -> 5 | AE21: =Assumptions!$E53 -> 5 | AF21: =Assumptions!$E53 -> 5 | AG21: =Assumptions!$E53 -> 5 | ... AK21: =Assumptions!$E53 -> 5 | AL21: =Assumptions!$F53 -> 6 | AM21: =Assumptions!$F53 -> 6 | AN21: =Assumptions!$F53 -> 6 | AO21: =Assumptions!$F53 -> 6 | AP21: =Assumptions!$F53 -> 6 | AQ21: =Assumptions!$F53 -> 6 | AR21: =Assumptions!$F53 -> 6 | AS21: =Assumptions!$F53 -> 6 | ... AW21: =Assumptions!$F53 -> 6 | AX21: =Assumptions!$G53 -> 7 | AY21: =Assumptions!$G53 -> 7 | AZ21: =Assumptions!$G53 -> 7 | BA21: =Assumptions!$G53 -> 7 | BB21: =Assumptions!$G53 -> 7 | BC21: =Assumptions!$G53 -> 7 | BD21: =Assumptions!$G53 -> 7 | BE21: =Assumptions!$G53 -> 7 | ... BI21: =Assumptions!$G53 -> 7
A22: Total | B22: =SUM(B15:B21) -> 10 | C22: =SUM(C15:C21) -> 10 | D22: =SUM(D15:D21) -> 10 | E22: =SUM(E15:E21) -> 10 | F22: =SUM(F15:F21) -> 10 | G22: =SUM(G15:G21) -> 10 | H22: =SUM(H15:H21) -> 10 | I22: =SUM(I15:I21) -> 10 | ... BI22: =SUM(BI15:BI21) -> 15
A26: Payroll Plan Monthly | B26: Mon 1 | C26: Mon 2 | D26: Mon 3 | E26: Mon 4 | F26: Mon 5 | G26: Mon 6 | H26: Mon 7 | I26: Mon 8 | J26: Mon 9 | K26: Mon 10 | L26: Mon 11 | M26: Mon 12 | N26: Mon 13 | O26: Mon 14 | P26: Mon 15 | Q26: Mon 16 | R26: Mon 17 | S26: Mon 18 | T26: Mon 19 | U26: Mon 20 | V26: Mon 21 | W26: Mon 22 | X26: Mon 23 | Y26: Mon 24 | Z26: Mon 25 | AA26: Mon 26 | AB26: Mon 27 | AC26: Mon 28 | AD26: Mon 29 | AE26: Mon 30 | AF26: Mon 31 | AG26: Mon 32 | AH26: Mon 33 | AI26: Mon 34 | AJ26: Mon 35 | AK26: Mon 36 | AL26: Mon 37 | AM26: Mon 38 | AN26: Mon 39 | AO26: Mon 40 | AP26: Mon 41 | AQ26: Mon 42 | AR26: Mon 43 | AS26: Mon 44 | AT26: Mon 45 | AU26: Mon 46 | AV26: Mon 47 | AW26: Mon 48 | AX26: Mon 49 | AY26: Mon 50 | AZ26: Mon 51 | BA26: Mon 52 | BB26: Mon 53 | BC26: Mon 54 | BD26: Mon 55 | BE26: Mon 56 | BF26: Mon 57 | BG26: Mon 58 | BH26: Mon 59 | BI26: Mon 60
A27: =A15 -> Owner / Manager | B27: =$B3*B15 -> 0 | C27: =$B3*C15 -> 0 | D27: =$B3*D15 -> 0 | E27: =$B3*E15 -> 0 | F27: =$B3*F15 -> 0 | G27: =$B3*G15 -> 0 | H27: =$B3*H15 -> 0 | I27: =$B3*I15 -> 0 | ... M27: =$B3*M15 -> 0 | N27: =$C3*N15 -> 0 | O27: =$C3*O15 -> 0 | P27: =$C3*P15 -> 0 | Q27: =$C3*Q15 -> 0 | R27: =$C3*R15 -> 0 | S27: =$C3*S15 -> 0 | T27: =$C3*T15 -> 0 | U27: =$C3*U15 -> 0 | ... Y27: =$C3*Y15 -> 0 | Z27: =$D3*Z15 -> 0 | AA27: =$D3*AA15 -> 0 | AB27: =$D3*AB15 -> 0 | AC27: =$D3*AC15 -> 0 | AD27: =$D3*AD15 -> 0 | AE27: =$D3*AE15 -> 0 | AF27: =$D3*AF15 -> 0 | AG27: =$D3*AG15 -> 0 | ... AK27: =$D3*AK15 -> 0 | AL27: =$E3*AL15 -> 0 | AM27: =$E3*AM15 -> 0 | AN27: =$E3*AN15 -> 0 | AO27: =$E3*AO15 -> 0 | AP27: =$E3*AP15 -> 0 | AQ27: =$E3*AQ15 -> 0 | AR27: =$E3*AR15 -> 0 | AS27: =$E3*AS15 -> 0 | ... AW27: =$E3*AW15 -> 0 | AX27: =$F3*AX15 -> 0 | AY27: =$F3*AY15 -> 0 | AZ27: =$F3*AZ15 -> 0 | BA27: =$F3*BA15 -> 0 | BB27: =$F3*BB15 -> 0 | BC27: =$F3*BC15 -> 0 | BD27: =$F3*BD15 -> 0 | BE27: =$F3*BE15 -> 0 | ... BI27: =$F3*BI15 -> 0
A28: =A16 -> CTO | B28: =$B4*B16 -> 28874.417 | C28: =$B4*C16 -> 28874.417 | D28: =$B4*D16 -> 28874.417 | E28: =$B4*E16 -> 28874.417 | F28: =$B4*F16 -> 28874.417 | G28: =$B4*G16 -> 28874.417 | H28: =$B4*H16 -> 28874.417 | I28: =$B4*I16 -> 28874.417 | ... M28: =$B4*M16 -> 28874.417 | N28: =$C4*N16 -> 31761.858 | O28: =$B4*O16 -> 28874.417 | P28: =$B4*P16 -> 28874.417 | Q28: =$B4*Q16 -> 28874.417 | R28: =$B4*R16 -> 28874.417 | S28: =$B4*S16 -> 28874.417 | T28: =$B4*T16 -> 28874.417 | U28: =$B4*U16 -> 28874.417 | V28: =$B4*V16 -> 28874.417 | ... Y28: =$B4*Y16 -> 28874.417 | Z28: =$D4*Z16 -> 34938.044 | AA28: =$B4*AA16 -> 28874.417 | AB28: =$B4*AB16 -> 28874.417 | AC28: =$B4*AC16 -> 28874.417 | AD28: =$B4*AD16 -> 28874.417 | AE28: =$B4*AE16 -> 28874.417 | AF28: =$B4*AF16 -> 28874.417 | AG28: =$B4*AG16 -> 28874.417 | AH28: =$B4*AH16 -> 28874.417 | ... AK28: =$B4*AK16 -> 28874.417 | AL28: =$E4*AL16 -> 38431.849 | AM28: =$B4*AM16 -> 28874.417 | AN28: =$B4*AN16 -> 28874.417 | AO28: =$B4*AO16 -> 28874.417 | AP28: =$B4*AP16 -> 28874.417 | AQ28: =$B4*AQ16 -> 28874.417 | AR28: =$B4*AR16 -> 28874.417 | AS28: =$B4*AS16 -> 28874.417 | AT28: =$B4*AT16 -> 28874.417 | ... AW28: =$B4*AW16 -> 28874.417 | AX28: =$F4*AX16 -> 42275.033 | AY28: =$B4*AY16 -> 28874.417 | AZ28: =$B4*AZ16 -> 28874.417 | BA28: =$B4*BA16 -> 28874.417 | BB28: =$B4*BB16 -> 28874.417 | BC28: =$B4*BC16 -> 28874.417 | BD28: =$B4*BD16 -> 28874.417 | BE28: =$B4*BE16 -> 28874.417 | BF28: =$B4*BF16 -> 28874.417 | ... BI28: =$B4*BI16 -> 28874.417
A29: =A17 -> AI & Software Engineers | B29: =$B5*B17 -> 13483.667 | C29: =$B5*C17 -> 13483.667 | D29: =$B5*D17 -> 13483.667 | E29: =$B5*E17 -> 13483.667 | F29: =$B5*F17 -> 13483.667 | G29: =$B5*G17 -> 13483.667 | H29: =$B5*H17 -> 13483.667 | I29: =$B5*I17 -> 13483.667 | ... M29: =$B5*M17 -> 13483.667 | N29: =$C5*N17 -> 14832.033 | O29: =$B5*O17 -> 13483.667 | P29: =$B5*P17 -> 13483.667 | Q29: =$B5*Q17 -> 13483.667 | R29: =$B5*R17 -> 13483.667 | S29: =$B5*S17 -> 13483.667 | T29: =$B5*T17 -> 13483.667 | U29: =$B5*U17 -> 13483.667 | V29: =$B5*V17 -> 13483.667 | ... Y29: =$B5*Y17 -> 13483.667 | Z29: =$D5*Z17 -> 32630.473 | AA29: =$B5*AA17 -> 26967.333 | AB29: =$B5*AB17 -> 26967.333 | AC29: =$B5*AC17 -> 26967.333 | AD29: =$B5*AD17 -> 26967.333 | AE29: =$B5*AE17 -> 26967.333 | AF29: =$B5*AF17 -> 26967.333 | AG29: =$B5*AG17 -> 26967.333 | AH29: =$B5*AH17 -> 26967.333 | ... AK29: =$B5*AK17 -> 26967.333 | AL29: =$E5*AL17 -> 35893.521 | AM29: =$B5*AM17 -> 26967.333 | AN29: =$B5*AN17 -> 26967.333 | AO29: =$B5*AO17 -> 26967.333 | AP29: =$B5*AP17 -> 26967.333 | AQ29: =$B5*AQ17 -> 26967.333 | AR29: =$B5*AR17 -> 26967.333 | AS29: =$B5*AS17 -> 26967.333 | AT29: =$B5*AT17 -> 26967.333 | ... AW29: =$B5*AW17 -> 26967.333 | AX29: =$F5*AX17 -> 39482.873 | AY29: =$B5*AY17 -> 26967.333 | AZ29: =$B5*AZ17 -> 26967.333 | BA29: =$B5*BA17 -> 26967.333 | BB29: =$B5*BB17 -> 26967.333 | BC29: =$B5*BC17 -> 26967.333 | BD29: =$B5*BD17 -> 26967.333 | BE29: =$B5*BE17 -> 26967.333 | BF29: =$B5*BF17 -> 26967.333 | ... BI29: =$B5*BI17 -> 26967.333
A30: =A18 -> Compliance & Security Lead | B30: =$B6*B18 -> 9215.5 | C30: =$B6*C18 -> 9215.5 | D30: =$B6*D18 -> 9215.5 | E30: =$B6*E18 -> 9215.5 | F30: =$B6*F18 -> 9215.5 | G30: =$B6*G18 -> 9215.5 | H30: =$B6*H18 -> 9215.5 | I30: =$B6*I18 -> 9215.5 | ... M30: =$B6*M18 -> 9215.5 | N30: =$C6*N18 -> 10137.05 | O30: =$B6*O18 -> 9215.5 | P30: =$B6*P18 -> 9215.5 | Q30: =$B6*Q18 -> 9215.5 | R30: =$B6*R18 -> 9215.5 | S30: =$B6*S18 -> 9215.5 | T30: =$B6*T18 -> 9215.5 | U30: =$B6*U18 -> 9215.5 | V30: =$B6*V18 -> 9215.5 | ... Y30: =$B6*Y18 -> 9215.5 | Z30: =$D6*Z18 -> 11150.755 | AA30: =$B6*AA18 -> 9215.5 | AB30: =$B6*AB18 -> 9215.5 | AC30: =$B6*AC18 -> 9215.5 | AD30: =$B6*AD18 -> 9215.5 | AE30: =$B6*AE18 -> 9215.5 | AF30: =$B6*AF18 -> 9215.5 | AG30: =$B6*AG18 -> 9215.5 | AH30: =$B6*AH18 -> 9215.5 | ... AK30: =$B6*AK18 -> 9215.5 | AL30: =$E6*AL18 -> 12265.831 | AM30: =$B6*AM18 -> 9215.5 | AN30: =$B6*AN18 -> 9215.5 | AO30: =$B6*AO18 -> 9215.5 | AP30: =$B6*AP18 -> 9215.5 | AQ30: =$B6*AQ18 -> 9215.5 | AR30: =$B6*AR18 -> 9215.5 | AS30: =$B6*AS18 -> 9215.5 | AT30: =$B6*AT18 -> 9215.5 | ... AW30: =$B6*AW18 -> 9215.5 | AX30: =$F6*AX18 -> 13492.414 | AY30: =$B6*AY18 -> 9215.5 | AZ30: =$B6*AZ18 -> 9215.5 | BA30: =$B6*BA18 -> 9215.5 | BB30: =$B6*BB18 -> 9215.5 | BC30: =$B6*BC18 -> 9215.5 | BD30: =$B6*BD18 -> 9215.5 | BE30: =$B6*BE18 -> 9215.5 | BF30: =$B6*BF18 -> 9215.5 | ... BI30: =$B6*BI18 -> 9215.5
A31: =A19 -> Marketing Specialist | B31: =$B7*B19 -> 7536.3333 | C31: =$B7*C19 -> 7536.3333 | D31: =$B7*D19 -> 7536.3333 | E31: =$B7*E19 -> 7536.3333 | F31: =$B7*F19 -> 7536.3333 | G31: =$B7*G19 -> 7536.3333 | H31: =$B7*H19 -> 7536.3333 | I31: =$B7*I19 -> 7536.3333 | ... M31: =$B7*M19 -> 7536.3333 | N31: =$C7*N19 -> 8289.9667 | O31: =$B7*O19 -> 7536.3333 | P31: =$B7*P19 -> 7536.3333 | Q31: =$B7*Q19 -> 7536.3333 | R31: =$B7*R19 -> 7536.3333 | S31: =$B7*S19 -> 7536.3333 | T31: =$B7*T19 -> 7536.3333 | U31: =$B7*U19 -> 7536.3333 | V31: =$B7*V19 -> 7536.3333 | ... Y31: =$B7*Y19 -> 7536.3333 | Z31: =$D7*Z19 -> 9118.9633 | AA31: =$B7*AA19 -> 7536.3333 | AB31: =$B7*AB19 -> 7536.3333 | AC31: =$B7*AC19 -> 7536.3333 | AD31: =$B7*AD19 -> 7536.3333 | AE31: =$B7*AE19 -> 7536.3333 | AF31: =$B7*AF19 -> 7536.3333 | AG31: =$B7*AG19 -> 7536.3333 | AH31: =$B7*AH19 -> 7536.3333 | ... AK31: =$B7*AK19 -> 7536.3333 | AL31: =$E7*AL19 -> 10030.86 | AM31: =$B7*AM19 -> 7536.3333 | AN31: =$B7*AN19 -> 7536.3333 | AO31: =$B7*AO19 -> 7536.3333 | AP31: =$B7*AP19 -> 7536.3333 | AQ31: =$B7*AQ19 -> 7536.3333 | AR31: =$B7*AR19 -> 7536.3333 | AS31: =$B7*AS19 -> 7536.3333 | AT31: =$B7*AT19 -> 7536.3333 | ... AW31: =$B7*AW19 -> 7536.3333 | AX31: =$F7*AX19 -> 11033.946 | AY31: =$B7*AY19 -> 7536.3333 | AZ31: =$B7*AZ19 -> 7536.3333 | BA31: =$B7*BA19 -> 7536.3333 | BB31: =$B7*BB19 -> 7536.3333 | BC31: =$B7*BC19 -> 7536.3333 | BD31: =$B7*BD19 -> 7536.3333 | BE31: =$B7*BE19 -> 7536.3333 | BF31: =$B7*BF19 -> 7536.3333 | ... BI31: =$B7*BI19 -> 7536.3333
A32: =A20 -> Admin Staff | B32: =$B8*B20 -> 7668.3333 | C32: =$B8*C20 -> 7668.3333 | D32: =$B8*D20 -> 7668.3333 | E32: =$B8*E20 -> 7668.3333 | F32: =$B8*F20 -> 7668.3333 | G32: =$B8*G20 -> 7668.3333 | H32: =$B8*H20 -> 7668.3333 | I32: =$B8*I20 -> 7668.3333 | ... M32: =$B8*M20 -> 7668.3333 | N32: =$C8*N20 -> 8435.1667 | O32: =$B8*O20 -> 7668.3333 | P32: =$B8*P20 -> 7668.3333 | Q32: =$B8*Q20 -> 7668.3333 | R32: =$B8*R20 -> 7668.3333 | S32: =$B8*S20 -> 7668.3333 | T32: =$B8*T20 -> 7668.3333 | U32: =$B8*U20 -> 7668.3333 | V32: =$B8*V20 -> 7668.3333 | ... Y32: =$B8*Y20 -> 7668.3333 | Z32: =$D8*Z20 -> 9278.6833 | AA32: =$B8*AA20 -> 7668.3333 | AB32: =$B8*AB20 -> 7668.3333 | AC32: =$B8*AC20 -> 7668.3333 | AD32: =$B8*AD20 -> 7668.3333 | AE32: =$B8*AE20 -> 7668.3333 | AF32: =$B8*AF20 -> 7668.3333 | AG32: =$B8*AG20 -> 7668.3333 | AH32: =$B8*AH20 -> 7668.3333 | ... AK32: =$B8*AK20 -> 7668.3333 | AL32: =$E8*AL20 -> 10206.552 | AM32: =$B8*AM20 -> 7668.3333 | AN32: =$B8*AN20 -> 7668.3333 | AO32: =$B8*AO20 -> 7668.3333 | AP32: =$B8*AP20 -> 7668.3333 | AQ32: =$B8*AQ20 -> 7668.3333 | AR32: =$B8*AR20 -> 7668.3333 | AS32: =$B8*AS20 -> 7668.3333 | AT32: =$B8*AT20 -> 7668.3333 | ... AW32: =$B8*AW20 -> 7668.3333 | AX32: =$F8*AX20 -> 11227.207 | AY32: =$B8*AY20 -> 7668.3333 | AZ32: =$B8*AZ20 -> 7668.3333 | BA32: =$B8*BA20 -> 7668.3333 | BB32: =$B8*BB20 -> 7668.3333 | BC32: =$B8*BC20 -> 7668.3333 | BD32: =$B8*BD20 -> 7668.3333 | BE32: =$B8*BE20 -> 7668.3333 | BF32: =$B8*BF20 -> 7668.3333 | ... BI32: =$B8*BI20 -> 7668.3333
A33: =A21 -> Manufacturing Technicians | B33: =$B9*B21 -> 12474.5 | C33: =$B9*C21 -> 12474.5 | D33: =$B9*D21 -> 12474.5 | E33: =$B9*E21 -> 12474.5 | F33: =$B9*F21 -> 12474.5 | G33: =$B9*G21 -> 12474.5 | H33: =$B9*H21 -> 12474.5 | I33: =$B9*I21 -> 12474.5 | ... M33: =$B9*M21 -> 12474.5 | N33: =$C9*N21 -> 22869.917 | O33: =$B9*O21 -> 20790.833 | P33: =$B9*P21 -> 20790.833 | Q33: =$B9*Q21 -> 20790.833 | R33: =$B9*R21 -> 20790.833 | S33: =$B9*S21 -> 20790.833 | T33: =$B9*T21 -> 20790.833 | U33: =$B9*U21 -> 20790.833 | V33: =$B9*V21 -> 20790.833 | ... Y33: =$B9*Y21 -> 20790.833 | Z33: =$D9*Z21 -> 25156.908 | AA33: =$B9*AA21 -> 20790.833 | AB33: =$B9*AB21 -> 20790.833 | AC33: =$B9*AC21 -> 20790.833 | AD33: =$B9*AD21 -> 20790.833 | AE33: =$B9*AE21 -> 20790.833 | AF33: =$B9*AF21 -> 20790.833 | AG33: =$B9*AG21 -> 20790.833 | AH33: =$B9*AH21 -> 20790.833 | ... AK33: =$B9*AK21 -> 20790.833 | AL33: =$E9*AL21 -> 33207.119 | AM33: =$B9*AM21 -> 24949 | AN33: =$B9*AN21 -> 24949 | AO33: =$B9*AO21 -> 24949 | AP33: =$B9*AP21 -> 24949 | AQ33: =$B9*AQ21 -> 24949 | AR33: =$B9*AR21 -> 24949 | AS33: =$B9*AS21 -> 24949 | AT33: =$B9*AT21 -> 24949 | ... AW33: =$B9*AW21 -> 24949 | AX33: =$F9*AX21 -> 42615.803 | AY33: =$B9*AY21 -> 29107.167 | AZ33: =$B9*AZ21 -> 29107.167 | BA33: =$B9*BA21 -> 29107.167 | BB33: =$B9*BB21 -> 29107.167 | BC33: =$B9*BC21 -> 29107.167 | BD33: =$B9*BD21 -> 29107.167 | BE33: =$B9*BE21 -> 29107.167 | BF33: =$B9*BF21 -> 29107.167 | ... BI33: =$B9*BI21 -> 29107.167
A34: Total | B34: =SUM(B27:B33) -> 79252.75 | C34: =SUM(C27:C33) -> 79252.75 | D34: =SUM(D27:D33) -> 79252.75 | E34: =SUM(E27:E33) -> 79252.75 | F34: =SUM(F27:F33) -> 79252.75 | G34: =SUM(G27:G33) -> 79252.75 | H34: =SUM(H27:H33) -> 79252.75 | I34: =SUM(I27:I33) -> 79252.75 | ... BI34: =SUM(BI27:BI33) -> 109369.08
A36: Payroll Plan Yearly | B36: Year 1 | C36: Year 2 | D36: Year 3 | E36: Year 4 | F36: Year 5
A37: =A27 -> Owner / Manager | B37: =SUM(B27:M27) -> 0 | C37: =SUM(N27:Y27) -> 0 | D37: =SUM(Z27:AK27) -> 0 | E37: =SUM(AL27:AW27) -> 0 | F37: =SUM(AX27:BI27) -> 0
A38: =A28 -> CTO | B38: =SUM(B28:M28) -> 346493 | C38: =SUM(N28:Y28) -> 349380.44 | D38: =SUM(Z28:AK28) -> 352556.63 | E38: =SUM(AL28:AW28) -> 356050.43 | F38: =SUM(AX28:BI28) -> 359893.62
A39: =A29 -> AI & Software Engineers | B39: =SUM(B29:M29) -> 161804 | C39: =SUM(N29:Y29) -> 163152.37 | D39: =SUM(Z29:AK29) -> 329271.14 | E39: =SUM(AL29:AW29) -> 332534.19 | F39: =SUM(AX29:BI29) -> 336123.54
A40: =A30 -> Compliance & Security Lead | B40: =SUM(B30:M30) -> 110586 | C40: =SUM(N30:Y30) -> 111507.55 | D40: =SUM(Z30:AK30) -> 112521.26 | E40: =SUM(AL30:AW30) -> 113636.33 | F40: =SUM(AX30:BI30) -> 114862.91
A41: =A31 -> Marketing Specialist | B41: =SUM(B31:M31) -> 90436 | C41: =SUM(N31:Y31) -> 91189.633 | D41: =SUM(Z31:AK31) -> 92018.63 | E41: =SUM(AL31:AW31) -> 92930.526 | F41: =SUM(AX31:BI31) -> 93933.612
A42: =A32 -> Admin Staff | B42: =SUM(B32:M32) -> 92020 | C42: =SUM(N32:Y32) -> 92786.833 | D42: =SUM(Z32:AK32) -> 93630.35 | E42: =SUM(AL32:AW32) -> 94558.218 | F42: =SUM(AX32:BI32) -> 95578.874
A43: =A33 -> Manufacturing Technicians | B43: =SUM(B33:M33) -> 149694 | C43: =SUM(N33:Y33) -> 251569.08 | D43: =SUM(Z33:AK33) -> 253856.08 | E43: =SUM(AL33:AW33) -> 307646.12 | F43: =SUM(AX33:BI33) -> 362794.64
A44: Total | B44: =SUM(B37:B43) -> 951033 | C44: =SUM(C37:C43) -> 1059585.9 | D44: =SUM(D37:D43) -> 1233854.1 | E44: =SUM(E37:E43) -> 1297355.8 | F44: =SUM(F37:F43) -> 1363187.2

Sheet Loan Schedule
A2: Loan | B2: =Assumptions!B60 -> 0
A3: Interest Rate | B3: =Assumptions!B61 -> 0.115
A4: nper | B4: =Assumptions!B62 -> 10 | C4: years
A5: PMT | B5: =PMT(B3/12,B4*12,-(B2)) -> 0
A8: Monthly Loan Schedule | B8: Mon 1 | C8: Mon 2 | D8: Mon 3 | E8: Mon 4 | F8: Mon 5 | G8: Mon 6 | H8: Mon 7 | I8: Mon 8 | J8: Mon 9 | K8: Mon 10 | L8: Mon 11 | M8: Mon 12 | N8: Mon 13 | O8: Mon 14 | P8: Mon 15 | Q8: Mon 16 | R8: Mon 17 | S8: Mon 18 | T8: Mon 19 | U8: Mon 20 | V8: Mon 21 | W8: Mon 22 | X8: Mon 23 | Y8: Mon 24 | Z8: Mon 25 | AA8: Mon 26 | AB8: Mon 27 | AC8: Mon 28 | AD8: Mon 29 | AE8: Mon 30 | AF8: Mon 31 | AG8: Mon 32 | AH8: Mon 33 | AI8: Mon 34 | AJ8: Mon 35 | AK8: Mon 36 | AL8: Mon 37 | AM8: Mon 38 | AN8: Mon 39 | AO8: Mon 40 | AP8: Mon 41 | AQ8: Mon 42 | AR8: Mon 43 | AS8: Mon 44 | AT8: Mon 45 | AU8: Mon 46 | AV8: Mon 47 | AW8: Mon 48 | AX8: Mon 49 | AY8: Mon 50 | AZ8: Mon 51 | BA8: Mon 52 | BB8: Mon 53 | BC8: Mon 54 | BD8: Mon 55 | BE8: Mon 56 | BF8: Mon 57 | BG8: Mon 58 | BH8: Mon 59 | BI8: Mon 60 | BJ8: Mon 61 | BK8: Mon 62 | BL8: Mon 63 | BM8: Mon 64 | BN8: Mon 65 | BO8: Mon 66 | BP8: Mon 67 | BQ8: Mon 68 | BR8: Mon 69 | BS8: Mon 70 | BT8: Mon 71 | BU8: Mon 72 | BV8: Mon 73 | BW8: Mon 74 | BX8: Mon 75 | BY8: Mon 76 | BZ8: Mon 77 | CA8: Mon 78 | CB8: Mon 79 | CC8: Mon 80 | CD8: Mon 81 | CE8: Mon 82 | CF8: Mon 83 | CG8: Mon 84
A9: Beginning Balance | B9: =B2 -> 0 | C9: =B13 -> 0 | D9: =C13 -> 0 | E9: =D13 -> 0 | F9: =E13 -> 0 | G9: =F13 -> 0 | H9: =G13 -> 0 | I9: =H13 -> 0 | J9: =I13 -> 0 | ... CG9: =CF13 -> 0
A10: Installment | B10: =B5 -> 0 | C10: =B10 -> 0 | D10: =C10 -> 0 | E10: =D10 -> 0 | F10: =E10 -> 0 | G10: =F10 -> 0 | H10: =G10 -> 0 | I10: =H10 -> 0 | J10: =I10 -> 0 | ... CG10: =CF10 -> 0
A11: Interest Payment | B11: =B9*$B$3/12 -> 0 | C11: =C9*$B$3/12 -> 0 | D11: =D9*$B$3/12 -> 0 | E11: =E9*$B$3/12 -> 0 | F11: =F9*$B$3/12 -> 0 | G11: =G9*$B$3/12 -> 0 | H11: =H9*$B$3/12 -> 0 | I11: =I9*$B$3/12 -> 0 | ... CG11: =CG9*$B$3/12 -> 0
A12: Principal Payment | B12: =B10-B11 -> 0 | C12: =C10-C11 -> 0 | D12: =D10-D11 -> 0 | E12: =E10-E11 -> 0 | F12: =F10-F11 -> 0 | G12: =G10-G11 -> 0 | H12: =H10-H11 -> 0 | I12: =I10-I11 -> 0 | ... CG12: =CG10-CG11 -> 0
A13: Ending Balance | B13: =B9-B12 -> 0 | C13: =C9-C12 -> 0 | D13: =D9-D12 -> 0 | E13: =E9-E12 -> 0 | F13: =F9-F12 -> 0 | G13: =G9-G12 -> 0 | H13: =H9-H12 -> 0 | I13: =I9-I12 -> 0 | ... CG13: =CG9-CG12 -> 0
A16: Yearly Loan Schedule | B16: Year 1 | C16: Year 2 | D16: Year 3 | E16: Year 4 | F16: Year 5 | G16: Year 6 | H16: Year 7
A17: Beginning Balance | B17: =B9 -> 0 | C17: =B21 -> 0 | D17: =C21 -> 0 | E17: =D21 -> 0 | F17: =E21 -> 0 | G17: =F21 -> 0 | H17: =G21 -> 0
A18: Installment | B18: =SUM(B10:M10) -> 0 | C18: =SUM(N10:Y10) -> 0 | D18: =SUM(Z10:AK10) -> 0 | E18: =SUM(AL10:AW10) -> 0 | F18: =SUM(AX10:BI10) -> 0 | G18: =SUM(BJ10:BU10) -> 0 | H18: =SUM(BV10:CG10) -> 0
A19: Interest Payment | B19: =SUM(B11:M11) -> 0 | C19: =SUM(N11:Y11) -> 0 | D19: =SUM(Z11:AK11) -> 0 | E19: =SUM(AL11:AW11) -> 0 | F19: =SUM(AX11:BI11) -> 0 | G19: =SUM(BJ11:BU11) -> 0 | H19: =SUM(BV11:CG11) -> 0
A20: Principal Payment | B20: =SUM(B12:M12) -> 0 | C20: =SUM(N12:Y12) -> 0 | D20: =SUM(Z12:AK12) -> 0 | E20: =SUM(AL12:AW12) -> 0 | F20: =SUM(AX12:BI12) -> 0 | G20: =SUM(BJ12:BU12) -> 0 | H20: =SUM(BV12:CG12) -> 0
A21: Ending Balance | B21: =B17-B20 -> 0 | C21: =C17-C20 -> 0 | D21: =D17-D20 -> 0 | E21: =E17-E20 -> 0 | F21: =F17-F20 -> 0 | G21: =G17-G20 -> 0 | H21: =H17-H20 -> 0

Sheet Use of Proceeds
A2: Costs | B2: Amount
A3: Fixed Assets:
A4: =Assumptions!A20 -> Metal Fabrication Shop Acquisition | B4: =Assumptions!B20 -> 2000000
A5: =Assumptions!A21 -> R&D Surveillance System | B5: =Assumptions!B21 -> 1500000
A6: =Assumptions!A22 -> Shop Upgrades | B6: =Assumptions!B22 -> 950000
A8: Current Assets:
A9: Cash (Working Capital & Reserves) | B9: =Assumptions!C12-SUM(Assumptions!B20:B25,Assumptions!B36:B41) -> 4150000
A11: Expenses:
A12: =Assumptions!A36 -> Regulatory Compliance & Certifications | B12: =Assumptions!B36 -> 250000
A13: =Assumptions!A37 -> Marketing & Advertising Campaigns | B13: =Assumptions!B37 -> 300000
A14: =Assumptions!A38 -> R&D & Testing | B14: =Assumptions!B38 -> 500000
A15: =Assumptions!A39 -> Payroll Reserves | B15: =Assumptions!B39 -> 300000
A16: =Assumptions!A40 -> Miscellaneous Expenses | B16: =Assumptions!B40 -> 50000
A18: Assets to Fund | B18: =SUM(B4:B9) -> 8600000
A19: Expenses to Fund | B19: =SUM(B12:B16) -> 1400000
A20: Total Investment | B20: =SUM(B18:B19) -> 10000000
A22: Investment Breakup
A23: Total Investment | B23: =B20 -> 10000000
A25: Loan | B25: =Assumptions!C14 -> 0
A26: Capital Investment | B26: =Assumptions!C15 -> 10000000
A28: Loan % | B28: =B25/B23 -> 0
A29: Capital Investment % | B29: =B26/B23 -> 1

Sheet Expense Sheet
A2: Expenses | B2: Mon 1 | C2: Mon 2 | D2: Mon 3 | E2: Mon 4 | F2: Mon 5 | G2: Mon 6 | H2: Mon 7 | I2: Mon 8 | J2: Mon 9 | K2: Mon 10 | L2: Mon 11 | M2: Mon 12 | N2: Mon 13 | O2: Mon 14 | P2: Mon 15 | Q2: Mon 16 | R2: Mon 17 | S2: Mon 18 | T2: Mon 19 | U2: Mon 20 | V2: Mon 21 | W2: Mon 22 | X2: Mon 23 | Y2: Mon 24 | Z2: Mon 25 | AA2: Mon 26 | AB2: Mon 27 | AC2: Mon 28 | AD2: Mon 29 | AE2: Mon 30 | AF2: Mon 31 | AG2: Mon 32 | AH2: Mon 33 | AI2: Mon 34 | AJ2: Mon 35 | AK2: Mon 36 | AL2: Mon 37 | AM2: Mon 38 | AN2: Mon 39 | AO2: Mon 40 | AP2: Mon 41 | AQ2: Mon 42 | AR2: Mon 43 | AS2: Mon 44 | AT2: Mon 45 | AU2: Mon 46 | AV2: Mon 47 | AW2: Mon 48 | AX2: Mon 49 | AY2: Mon 50 | AZ2: Mon 51 | BA2: Mon 52 | BB2: Mon 53 | BC2: Mon 54 | BD2: Mon 55 | BE2: Mon 56 | BF2: Mon 57 | BG2: Mon 58 | BH2: Mon 59 | BI2: Mon 60
A3: Payroll | B3: =Payroll!B34 -> 79252.75 | C3: =Payroll!C34 -> 79252.75 | D3: =Payroll!D34 -> 79252.75 | E3: =Payroll!E34 -> 79252.75 | F3: =Payroll!F34 -> 79252.75 | G3: =Payroll!G34 -> 79252.75 | H3: =Payroll!H34 -> 79252.75 | I3: =Payroll!I34 -> 79252.75 | ... BI3: =Payroll!BI34 -> 109369.08
A4: =Assumptions!A68 -> Rent & Utilities | B4: =Assumptions!B68 -> 16000 | C4: =B4 -> 16000 | D4: =C4 -> 16000 | E4: =D4 -> 16000 | F4: =E4 -> 16000 | G4: =F4 -> 16000 | H4: =G4 -> 16000 | I4: =H4 -> 16000 | J4: =I4 -> 16000 | ... M4: =L4 -> 16000 | N4: =M4*(1+Assumptions!$C$5) -> 16480 | O4: =N4 -> 16480 | P4: =O4 -> 16480 | Q4: =P4 -> 16480 | R4: =Q4 -> 16480 | S4: =R4 -> 16480 | T4: =S4 -> 16480 | U4: =T4 -> 16480 | V4: =U4 -> 16480 | ... Y4: =X4 -> 16480 | Z4: =Y4*(1+Assumptions!$D$5) -> 16974.4 | AA4: =Z4 -> 16974.4 | AB4: =AA4 -> 16974.4 | AC4: =AB4 -> 16974.4 | AD4: =AC4 -> 16974.4 | AE4: =AD4 -> 16974.4 | AF4: =AE4 -> 16974.4 | AG4: =AF4 -> 16974.4 | AH4: =AG4 -> 16974.4 | ... AK4: =AJ4 -> 16974.4 | AL4: =AK4*(1+Assumptions!$E$5) -> 17483.632 | AM4: =AL4 -> 17483.632 | AN4: =AM4 -> 17483.632 | AO4: =AN4 -> 17483.632 | AP4: =AO4 -> 17483.632 | AQ4: =AP4 -> 17483.632 | AR4: =AQ4 -> 17483.632 | AS4: =AR4 -> 17483.632 | AT4: =AS4 -> 17483.632 | ... AW4: =AV4 -> 17483.632 | AX4: =AW4*(1+Assumptions!$F$5) -> 18008.141 | AY4: =AX4 -> 18008.141 | AZ4: =AY4 -> 18008.141 | BA4: =AZ4 -> 18008.141 | BB4: =BA4 -> 18008.141 | BC4: =BB4 -> 18008.141 | BD4: =BC4 -> 18008.141 | BE4: =BD4 -> 18008.141 | BF4: =BE4 -> 18008.141 | ... BI4: =BH4 -> 18008.141
A5: =Assumptions!A69 -> Regulatory & Compliance | B5: =Assumptions!B69 -> 9100 | C5: =B5 -> 9100 | D5: =C5 -> 9100 | E5: =D5 -> 9100 | F5: =E5 -> 9100 | G5: =F5 -> 9100 | H5: =G5 -> 9100 | I5: =H5 -> 9100 | J5: =I5 -> 9100 | ... M5: =L5 -> 9100 | N5: =M5*(1+Assumptions!$C$7) -> 18200 | O5: =N5 -> 18200 | P5: =O5 -> 18200 | Q5: =P5 -> 18200 | R5: =Q5 -> 18200 | S5: =R5 -> 18200 | T5: =S5 -> 18200 | U5: =T5 -> 18200 | V5: =U5 -> 18200 | ... Y5: =X5 -> 18200 | Z5: =Y5*(1+Assumptions!$D$7) -> 36400 | AA5: =Z5 -> 36400 | AB5: =AA5 -> 36400 | AC5: =AB5 -> 36400 | AD5: =AC5 -> 36400 | AE5: =AD5 -> 36400 | AF5: =AE5 -> 36400 | AG5: =AF5 -> 36400 | AH5: =AG5 -> 36400 | ... AK5: =AJ5 -> 36400 | AL5: =AK5*(1+Assumptions!$E$7) -> 72800 | AM5: =AL5 -> 72800 | AN5: =AM5 -> 72800 | AO5: =AN5 -> 72800 | AP5: =AO5 -> 72800 | AQ5: =AP5 -> 72800 | AR5: =AQ5 -> 72800 | AS5: =AR5 -> 72800 | AT5: =AS5 -> 72800 | ... AW5: =AV5 -> 72800 | AX5: =AW5*(1+Assumptions!$F$7) -> 145600 | AY5: =AX5 -> 145600 | AZ5: =AY5 -> 145600 | BA5: =AZ5 -> 145600 | BB5: =BA5 -> 145600 | BC5: =BB5 -> 145600 | BD5: =BC5 -> 145600 | BE5: =BD5 -> 145600 | BF5: =BE5 -> 145600 | ... BI5: =BH5 -> 145600
A6: =Assumptions!A70 -> Maintenance & Equipment Upkeep | B6: =Assumptions!B70 -> 11500 | C6: =B6 -> 11500 | D6: =C6 -> 11500 | E6: =D6 -> 11500 | F6: =E6 -> 11500 | G6: =F6 -> 11500 | H6: =G6 -> 11500 | I6: =H6 -> 11500 | J6: =I6 -> 11500 | ... M6: =L6 -> 11500 | N6: =M6*(1+Assumptions!$C$7) -> 23000 | O6: =N6 -> 23000 | P6: =O6 -> 23000 | Q6: =P6 -> 23000 | R6: =Q6 -> 23000 | S6: =R6 -> 23000 | T6: =S6 -> 23000 | U6: =T6 -> 23000 | V6: =U6 -> 23000 | ... Y6: =X6 -> 23000 | Z6: =Y6*(1+Assumptions!$D$7) -> 46000 | AA6: =Z6 -> 46000 | AB6: =AA6 -> 46000 | AC6: =AB6 -> 46000 | AD6: =AC6 -> 46000 | AE6: =AD6 -> 46000 | AF6: =AE6 -> 46000 | AG6: =AF6 -> 46000 | AH6: =AG6 -> 46000 | ... AK6: =AJ6 -> 46000 | AL6: =AK6*(1+Assumptions!$E$7) -> 92000 | AM6: =AL6 -> 92000 | AN6: =AM6 -> 92000 | AO6: =AN6 -> 92000 | AP6: =AO6 -> 92000 | AQ6: =AP6 -> 92000 | AR6: =AQ6 -> 92000 | AS6: =AR6 -> 92000 | AT6: =AS6 -> 92000 | ... AW6: =AV6 -> 92000 | AX6: =AW6*(1+Assumptions!$F$7) -> 184000 | AY6: =AX6 -> 184000 | AZ6: =AY6 -> 184000 | BA6: =AZ6 -> 184000 | BB6: =BA6 -> 184000 | BC6: =BB6 -> 184000 | BD6: =BC6 -> 184000 | BE6: =BD6 -> 184000 | BF6: =BE6 -> 184000 | ... BI6: =BH6 -> 184000
A7: =Assumptions!A71 -> Insurance & Security | B7: =Assumptions!B71 -> 8000 | C7: =B7 -> 8000 | D7: =C7 -> 8000 | E7: =D7 -> 8000 | F7: =E7 -> 8000 | G7: =F7 -> 8000 | H7: =G7 -> 8000 | I7: =H7 -> 8000 | J7: =I7 -> 8000 | ... M7: =L7 -> 8000 | N7: =M7*(1+Assumptions!$C$7) -> 16000 | O7: =N7 -> 16000 | P7: =O7 -> 16000 | Q7: =P7 -> 16000 | R7: =Q7 -> 16000 | S7: =R7 -> 16000 | T7: =S7 -> 16000 | U7: =T7 -> 16000 | V7: =U7 -> 16000 | ... Y7: =X7 -> 16000 | Z7: =Y7*(1+Assumptions!$D$7) -> 32000 | AA7: =Z7 -> 32000 | AB7: =AA7 -> 32000 | AC7: =AB7 -> 32000 | AD7: =AC7 -> 32000 | AE7: =AD7 -> 32000 | AF7: =AE7 -> 32000 | AG7: =AF7 -> 32000 | AH7: =AG7 -> 32000 | ... AK7: =AJ7 -> 32000 | AL7: =AK7*(1+Assumptions!$E$7) -> 64000 | AM7: =AL7 -> 64000 | AN7: =AM7 -> 64000 | AO7: =AN7 -> 64000 | AP7: =AO7 -> 64000 | AQ7: =AP7 -> 64000 | AR7: =AQ7 -> 64000 | AS7: =AR7 -> 64000 | AT7: =AS7 -> 64000 | ... AW7: =AV7 -> 64000 | AX7: =AW7*(1+Assumptions!$F$7) -> 128000 | AY7: =AX7 -> 128000 | AZ7: =AY7 -> 128000 | BA7: =AZ7 -> 128000 | BB7: =BA7 -> 128000 | BC7: =BB7 -> 128000 | BD7: =BC7 -> 128000 | BE7: =BD7 -> 128000 | BF7: =BE7 -> 128000 | ... BI7: =BH7 -> 128000
A8: =Assumptions!A72 -> Marketing & Advertising | B8: ='Revenue Forecasts'!B6*Assumptions!$B72 -> 18375 | C8: ='Revenue Forecasts'!C6*Assumptions!$B72 -> 18926.25 | D8: ='Revenue Forecasts'!D6*Assumptions!$B72 -> 19494.038 | E8: ='Revenue Forecasts'!E6*Assumptions!$B72 -> 20078.859 | F8: ='Revenue Forecasts'!F6*Assumptions!$B72 -> 20681.224 | G8: ='Revenue Forecasts'!G6*Assumptions!$B72 -> 21301.661 | H8: ='Revenue Forecasts'!H6*Assumptions!$B72 -> 21940.711 | I8: ='Revenue Forecasts'!I6*Assumptions!$B72 -> 22598.932 | ... BI8: ='Revenue Forecasts'!BI6*Assumptions!$B72 -> 606933.85
A9: =Assumptions!A73 -> R&D & Prototyping | B9: =Assumptions!B73 -> 5500 | C9: =B9 -> 5500 | D9: =C9 -> 5500 | E9: =D9 -> 5500 | F9: =E9 -> 5500 | G9: =F9 -> 5500 | H9: =G9 -> 5500 | I9: =H9 -> 5500 | J9: =I9 -> 5500 | ... M9: =L9 -> 5500 | N9: =M9*(1+Assumptions!$C$7) -> 11000 | O9: =N9 -> 11000 | P9: =O9 -> 11000 | Q9: =P9 -> 11000 | R9: =Q9 -> 11000 | S9: =R9 -> 11000 | T9: =S9 -> 11000 | U9: =T9 -> 11000 | V9: =U9 -> 11000 | ... Y9: =X9 -> 11000 | Z9: =Y9*(1+Assumptions!$D$7) -> 22000 | AA9: =Z9 -> 22000 | AB9: =AA9 -> 22000 | AC9: =AB9 -> 22000 | AD9: =AC9 -> 22000 | AE9: =AD9 -> 22000 | AF9: =AE9 -> 22000 | AG9: =AF9 -> 22000 | AH9: =AG9 -> 22000 | ... AK9: =AJ9 -> 22000 | AL9: =AK9*(1+Assumptions!$E$7) -> 44000 | AM9: =AL9 -> 44000 | AN9: =AM9 -> 44000 | AO9: =AN9 -> 44000 | AP9: =AO9 -> 44000 | AQ9: =AP9 -> 44000 | AR9: =AQ9 -> 44000 | AS9: =AR9 -> 44000 | AT9: =AS9 -> 44000 | ... AW9: =AV9 -> 44000 | AX9: =AW9*(1+Assumptions!$F$7) -> 88000 | AY9: =AX9 -> 88000 | AZ9: =AY9 -> 88000 | BA9: =AZ9 -> 88000 | BB9: =BA9 -> 88000 | BC9: =BB9 -> 88000 | BD9: =BC9 -> 88000 | BE9: =BD9 -> 88000 | BF9: =BE9 -> 88000 | ... BI9: =BH9 -> 88000
A10: =Assumptions!A74 -> Miscellaneous Expenses | B10: =Assumptions!B74 -> 1500 | C10: =B10 -> 1500 | D10: =C10 -> 1500 | E10: =D10 -> 1500 | F10: =E10 -> 1500 | G10: =F10 -> 1500 | H10: =G10 -> 1500 | I10: =H10 -> 1500 | J10: =I10 -> 1500 | ... M10: =L10 -> 1500 | N10: =M10*(1+Assumptions!$C$7) -> 3000 | O10: =N10 -> 3000 | P10: =O10 -> 3000 | Q10: =P10 -> 3000 | R10: =Q10 -> 3000 | S10: =R10 -> 3000 | T10: =S10 -> 3000 | U10: =T10 -> 3000 | V10: =U10 -> 3000 | ... Y10: =X10 -> 3000 | Z10: =Y10*(1+Assumptions!$D$7) -> 6000 | AA10: =Z10 -> 6000 | AB10: =AA10 -> 6000 | AC10: =AB10 -> 6000 | AD10: =AC10 -> 6000 | AE10: =AD10 -> 6000 | AF10: =AE10 -> 6000 | AG10: =AF10 -> 6000 | AH10: =AG10 -> 6000 | ... AK10: =AJ10 -> 6000 | AL10: =AK10*(1+Assumptions!$E$7) -> 12000 | AM10: =AL10 -> 12000 | AN10: =AM10 -> 12000 | AO10: =AN10 -> 12000 | AP10: =AO10 -> 12000 | AQ10: =AP10 -> 12000 | AR10: =AQ10 -> 12000 | AS10: =AR10 -> 12000 | AT10: =AS10 -> 12000 | ... AW10: =AV10 -> 12000 | AX10: =AW10*(1+Assumptions!$F$7) -> 24000 | AY10: =AX10 -> 24000 | AZ10: =AY10 -> 24000 | BA10: =AZ10 -> 24000 | BB10: =BA10 -> 24000 | BC10: =BB10 -> 24000 | BD10: =BC10 -> 24000 | BE10: =BD10 -> 24000 | BF10: =BE10 -> 24000 | ... BI10: =BH10 -> 24000
A11: Interest Expense | B11: ='Loan Schedule'!B11 -> 0 | C11: ='Loan Schedule'!C11 -> 0 | D11: ='Loan Schedule'!D11 -> 0 | E11: ='Loan Schedule'!E11 -> 0 | F11: ='Loan Schedule'!F11 -> 0 | G11: ='Loan Schedule'!G11 -> 0 | H11: ='Loan Schedule'!H11 -> 0 | I11: ='Loan Schedule'!I11 -> 0 | ... BI11: ='Loan Schedule'!BI11 -> 0
A12: Depreciation | B12: =Depreciation!C39 -> 11125 | C12: =Depreciation!D39 -> 11125 | D12: =Depreciation!E39 -> 11125 | E12: =Depreciation!F39 -> 11125 | F12: =Depreciation!G39 -> 11125 | G12: =Depreciation!H39 -> 11125 | H12: =Depreciation!I39 -> 11125 | I12: =Depreciation!J39 -> 11125 | ... BI12: =Depreciation!BJ39 -> 11125
A14: Total Expenses | B14: =SUM(B3:B12) -> 160352.75 | C14: =SUM(C3:C12) -> 160904 | D14: =SUM(D3:D12) -> 161471.79 | E14: =SUM(E3:E12) -> 162056.61 | F14: =SUM(F3:F12) -> 162658.97 | G14: =SUM(G3:G12) -> 163279.41 | H14: =SUM(H3:H12) -> 163918.46 | I14: =SUM(I3:I12) -> 164576.68 | ... BI14: =SUM(BI3:BI12) -> 1315036.1
A16: Expenses | B16: Year 1 | C16: Year 2 | D16: Year 3 | E16: Year 4 | F16: Year 5
A17: =A3 -> Payroll | B17: =SUM(B3:M3) -> 951033 | C17: =SUM(N3:Y3) -> 1059585.9 | D17: =SUM(Z3:AK3) -> 1233854.1 | E17: =SUM(AL3:AW3) -> 1297355.8 | F17: =SUM(AX3:BI3) -> 1363187.2
A18: =A4 -> Rent & Utilities | B18: =SUM(B4:M4) -> 192000 | C18: =SUM(N4:Y4) -> 197760 | D18: =SUM(Z4:AK4) -> 203692.8 | E18: =SUM(AL4:AW4) -> 209803.58 | F18: =SUM(AX4:BI4) -> 216097.69
A19: =A5 -> Regulatory & Compliance | B19: =SUM(B5:M5) -> 109200 | C19: =SUM(N5:Y5) -> 218400 | D19: =SUM(Z5:AK5) -> 436800 | E19: =SUM(AL5:AW5) -> 873600 | F19: =SUM(AX5:BI5) -> 1747200
A20: =A6 -> Maintenance & Equipment Upkeep | B20: =SUM(B6:M6) -> 138000 | C20: =SUM(N6:Y6) -> 276000 | D20: =SUM(Z6:AK6) -> 552000 | E20: =SUM(AL6:AW6) -> 1104000 | F20: =SUM(AX6:BI6) -> 2208000
A21: =A7 -> Insurance & Security | B21: =SUM(B7:M7) -> 96000 | C21: =SUM(N7:Y7) -> 192000 | D21: =SUM(Z7:AK7) -> 384000 | E21: =SUM(AL7:AW7) -> 768000 | F21: =SUM(AX7:BI7) -> 1536000
A22: =A8 -> Marketing & Advertising | B22: =SUM(B8:M8) -> 260778.54 | C22: =SUM(N8:Y8) -> 785419.66 | D22: =SUM(Z8:AK8) -> 1751380.7 | E22: =SUM(AL8:AW8) -> 3145228.1 | F22: =SUM(AX8:BI8) -> 5648377.9
A23: =A9 -> R&D & Prototyping | B23: =SUM(B9:M9) -> 66000 | C23: =SUM(N9:Y9) -> 132000 | D23: =SUM(Z9:AK9) -> 264000 | E23: =SUM(AL9:AW9) -> 528000 | F23: =SUM(AX9:BI9) -> 1056000
A24: =A10 -> Miscellaneous Expenses | B24: =SUM(B10:M10) -> 18000 | C24: =SUM(N10:Y10) -> 36000 | D24: =SUM(Z10:AK10) -> 72000 | E24: =SUM(AL10:AW10) -> 144000 | F24: =SUM(AX10:BI10) -> 288000
A25: =A11 -> Interest Expense | B25: =SUM(B11:M11) -> 0 | C25: =SUM(N11:Y11) -> 0 | D25: =SUM(Z11:AK11) -> 0 | E25: =SUM(AL11:AW11) -> 0 | F25: =SUM(AX11:BI11) -> 0
A26: =A12 -> Depreciation | B26: =SUM(B12:M12) -> 133500 | C26: =SUM(N12:Y12) -> 133500 | D26: =SUM(Z12:AK12) -> 133500 | E26: =SUM(AL12:AW12) -> 133500 | F26: =SUM(AX12:BI12) -> 133500
A28: Total Expenses | B28: =SUM(B17:B26) -> 1964511.5 | C28: =SUM(C17:C26) -> 3030665.6 | D28: =SUM(D17:D26) -> 5031227.6 | E28: =SUM(E17:E26) -> 8203487.5 | F28: =SUM(F17:F26) -> 14196363

Sheet Revenue Forecasts
A2: Total Revenue | B2: Mon 1 | C2: Mon 2 | D2: Mon 3 | E2: Mon 4 | F2: Mon 5 | G2: Mon 6 | H2: Mon 7 | I2: Mon 8 | J2: Mon 9 | K2: Mon 10 | L2: Mon 11 | M2: Mon 12 | N2: Mon 13 | O2: Mon 14 | P2: Mon 15 | Q2: Mon 16 | R2: Mon 17 | S2: Mon 18 | T2: Mon 19 | U2: Mon 20 | V2: Mon 21 | W2: Mon 22 | X2: Mon 23 | Y2: Mon 24 | Z2: Mon 25 | AA2: Mon 26 | AB2: Mon 27 | AC2: Mon 28 | AD2: Mon 29 | AE2: Mon 30 | AF2: Mon 31 | AG2: Mon 32 | AH2: Mon 33 | AI2: Mon 34 | AJ2: Mon 35 | AK2: Mon 36 | AL2: Mon 37 | AM2: Mon 38 | AN2: Mon 39 | AO2: Mon 40 | AP2: Mon 41 | AQ2: Mon 42 | AR2: Mon 43 | AS2: Mon 44 | AT2: Mon 45 | AU2: Mon 46 | AV2: Mon 47 | AW2: Mon 48 | AX2: Mon 49 | AY2: Mon 50 | AZ2: Mon 51 | BA2: Mon 52 | BB2: Mon 53 | BC2: Mon 54 | BD2: Mon 55 | BE2: Mon 56 | BF2: Mon 57 | BG2: Mon 58 | BH2: Mon 59 | BI2: Mon 60
A3: =A11 -> Standard Units Sales Revenue | B3: =B20 -> 262500 | C3: =C20 -> 270375 | D3: =D20 -> 278486.25 | E3: =E20 -> 286840.84 | F3: =F20 -> 295446.06 | G3: =G20 -> 304309.44 | H3: =H20 -> 313438.73 | I3: =I20 -> 322841.89 | ... BI3: =BI20 -> 6604892.7
A4: =A34 -> Upgraded Units Sales Revenue | B4: =B34 -> 0 | C4: =C34 -> 0 | D4: =D34 -> 0 | E4: =E34 -> 0 | F4: =F34 -> 0 | G4: =G34 -> 0 | H4: =H34 -> 0 | ... BI4: =BI34 -> 2065590.9
A6: Total Cumulative Revenue | B6: =SUM(B3:B4) -> 262500 | C6: =SUM(C3:C4) -> 270375 | D6: =SUM(D3:D4) -> 278486.25 | E6: =SUM(E3:E4) -> 286840.84 | F6: =SUM(F3:F4) -> 295446.06 | G6: =SUM(G3:G4) -> 304309.44 | H6: =SUM(H3:H4) -> 313438.73 | I6: =SUM(I3:I4) -> 322841.89 | ... BK6: =SUM(BK3:BK4) -> 0
A11: Standard Units Sales Revenue
A12: Revenue Inputs | B12: Year1 | C12: Year2 | D12: Year3 | E12: Year4 | F12: Year5
A13: Price Per Unit | B13: 15000
A14: No.Of Miles Installed | B14: =42/12 -> 3.5 | C14: Per Month
A15: Units Required For Each Mile Of Southern Border | B15: 5
A16: Growth | B16: =Assumptions!B3 -> 0.03 | C16: =Assumptions!C3 -> 0.1 | D16: =Assumptions!D3 -> 0.05 | E16: =Assumptions!E3 -> 0.05 | F16: =Assumptions!F3 -> 0.05
A18: Revenue Details | B18: Mon 1 | C18: Mon 2 | D18: Mon 3 | E18: Mon 4 | F18: Mon 5 | G18: Mon 6 | H18: Mon 7 | I18: Mon 8 | J18: Mon 9 | K18: Mon 10 | L18: Mon 11 | M18: Mon 12 | N18: Mon 13 | O18: Mon 14 | P18: Mon 15 | Q18: Mon 16 | R18: Mon 17 | S18: Mon 18 | T18: Mon 19 | U18: Mon 20 | V18: Mon 21 | W18: Mon 22 | X18: Mon 23 | Y18: Mon 24 | Z18: Mon 25 | AA18: Mon 26 | AB18: Mon 27 | AC18: Mon 28 | AD18: Mon 29 | AE18: Mon 30 | AF18: Mon 31 | AG18: Mon 32 | AH18: Mon 33 | AI18: Mon 34 | AJ18: Mon 35 | AK18: Mon 36 | AL18: Mon 37 | AM18: Mon 38 | AN18: Mon 39 | AO18: Mon 40 | AP18: Mon 41 | AQ18: Mon 42 | AR18: Mon 43 | AS18: Mon 44 | AT18: Mon 45 | AU18: Mon 46 | AV18: Mon 47 | AW18: Mon 48 | AX18: Mon 49 | AY18: Mon 50 | AZ18: Mon 51 | BA18: Mon 52 | BB18: Mon 53 | BC18: Mon 54 | BD18: Mon 55 | BE18: Mon 56 | BF18: Mon 57 | BG18: Mon 58 | BH18: Mon 59 | BI18: Mon 60
A19: No.Of Units | B19: =B14*B15 -> 17.5 | C19: =B19*(1+$B$16) -> 18.025 | D19: =C19*(1+$B$16) -> 18.56575 | E19: =D19*(1+$B$16) -> 19.122723 | F19: =E19*(1+$B$16) -> 19.696404 | G19: =F19*(1+$B$16) -> 20.287296 | H19: =G19*(1+$B$16) -> 20.895915 | I19: =H19*(1+$B$16) -> 21.522793 | J19: =I19*(1+$B$16) -> 22.168476 | ... M19: =L19*(1+$B$16) -> 24.224093 | N19: =M19*(1+$C$16) -> 26.646502 | O19: =N19*(1+$C$16) -> 29.311152 | P19: =O19*(1+$C$16) -> 32.242267 | Q19: =P19*(1+$C$16) -> 35.466494 | R19: =Q19*(1+$C$16) -> 39.013144 | S19: =R19*(1+$C$16) -> 42.914458 | T19: =S19*(1+$C$16) -> 47.205904 | U19: =T19*(1+$C$16) -> 51.926494 | ... Y19: =X19*(1+$C$16) -> 76.02558 | Z19: =Y19*(1+$D$16) -> 79.826859 | AA19: =Z19*(1+$D$16) -> 83.818202 | AB19: =AA19*(1+$D$16) -> 88.009112 | AC19: =AB19*(1+$D$16) -> 92.409568 | AD19: =AC19*(1+$D$16) -> 97.030046 | AE19: =AD19*(1+$D$16) -> 101.88155 | AF19: =AE19*(1+$D$16) -> 106.97563 | AG19: =AF19*(1+$D$16) -> 112.32441 | ... AK19: =AJ19*(1+$D$16) -> 136.53102 | AL19: =AK19*(1+$E$16) -> 143.35757 | AM19: =AL19*(1+$E$16) -> 150.52545 | AN19: =AM19*(1+$E$16) -> 158.05172 | AO19: =AN19*(1+$E$16) -> 165.95431 | AP19: =AO19*(1+$E$16) -> 174.25202 | AQ19: =AP19*(1+$E$16) -> 182.96462 | AR19: =AQ19*(1+$E$16) -> 192.11285 | AS19: =AR19*(1+$E$16) -> 201.7185 | ... AW19: =AV19*(1+$E$16) -> 245.19009 | AX19: =AW19*(1+$F$16) -> 257.4496 | AY19: =AX19*(1+$F$16) -> 270.32208 | AZ19: =AY19*(1+$F$16) -> 283.83818 | BA19: =AZ19*(1+$F$16) -> 298.03009 | BB19: =BA19*(1+$F$16) -> 312.9316 | BC19: =BB19*(1+$F$16) -> 328.57818 | BD19: =BC19*(1+$F$16) -> 345.00708 | BE19: =BD19*(1+$F$16) -> 362.25744 | ... BI19: =BH19*(1+$F$16) -> 440.32618
A20: =A11 -> Standard Units Sales Revenue | B20: =$B$13*B19 -> 262500 | C20: =$B$13*C19 -> 270375 | D20: =$B$13*D19 -> 278486.25 | E20: =$B$13*E19 -> 286840.84 | F20: =$B$13*F19 -> 295446.06 | G20: =$B$13*G19 -> 304309.44 | H20: =$B$13*H19 -> 313438.73 | I20: =$B$13*I19 -> 322841.89 | ... BI20: =$B$13*BI19 -> 6604892.7
A25: Upgraded Units Sales Revenue
A26: Revenue Inputs | B26: Year1 | C26: Year2 | D26: Year3 | E26: Year4 | F26: Year5
A27: Price Per Unit | B27: 100000
A28: No.Of Miles Installed | B28: 3 | C28: Per Year
A29: Units Required For Each Mile Of Southern Border | B29: 5
A30: Growth | B30: =Assumptions!B3 -> 0.03 | C30: =Assumptions!C3 -> 0.1 | D30: =Assumptions!D3 -> 0.05 | E30: =Assumptions!E3 -> 0.05 | F30: =Assumptions!F3 -> 0.05
A32: Revenue Details | B32: Mon 1 | C32: Mon 2 | D32: Mon 3 | E32: Mon 4 | F32: Mon 5 | G32: Mon 6 | H32: Mon 7 | I32: Mon 8 | J32: Mon 9 | K32: Mon 10 | L32: Mon 11 | M32: Mon 12 | N32: Mon 13 | O32: Mon 14 | P32: Mon 15 | Q32: Mon 16 | R32: Mon 17 | S32: Mon 18 | T32: Mon 19 | U32: Mon 20 | V32: Mon 21 | W32: Mon 22 | X32: Mon 23 | Y32: Mon 24 | Z32: Mon 25 | AA32: Mon 26 | AB32: Mon 27 | AC32: Mon 28 | AD32: Mon 29 | AE32: Mon 30 | AF32: Mon 31 | AG32: Mon 32 | AH32: Mon 33 | AI32: Mon 34 | AJ32: Mon 35 | AK32: Mon 36 | AL32: Mon 37 | AM32: Mon 38 | AN32: Mon 39 | AO32: Mon 40 | AP32: Mon 41 | AQ32: Mon 42 | AR32: Mon 43 | AS32: Mon 44 | AT32: Mon 45 | AU32: Mon 46 | AV32: Mon 47 | AW32: Mon 48 | AX32: Mon 49 | AY32: Mon 50 | AZ32: Mon 51 | BA32: Mon 52 | BB32: Mon 53 | BC32: Mon 54 | BD32: Mon 55 | BE32: Mon 56 | BF32: Mon 57 | BG32: Mon 58 | BH32: Mon 59 | BI32: Mon 60
A33: No.Of Units | B33: 0 | C33: =B33*(1+$B$16) -> 0 | D33: =C33*(1+$B$16) -> 0 | E33: =D33*(1+$B$16) -> 0 | F33: =E33*(1+$B$16) -> 0 | G33: =F33*(1+$B$16) -> 0 | H33: =G33*(1+$B$16) -> 0 | I33: =H33*(1+$B$16) -> 0 | J33: =I33*(1+$B$16) -> 0 | ... M33: =L33*(1+$B$16) -> 0 | N33: =B28*B29 -> 15 | O33: =N33*(1+$C$16) -> 16.5 | P33: =O33*(1+$C$16) -> 18.15 | Q33: =P33*(1+$C$16) -> 19.965 | R33: =Q33*(1+$C$16) -> 21.9615 | S33: =R33*(1+$C$16) -> 24.15765 | T33: =S33*(1+$C$16) -> 26.573415 | U33: =T33*(1+$C$16) -> 29.230757 | V33: =U33*(1+$C$16) -> 32.153832 | ... Y33: =X33*(1+$C$16) -> 42.796751 | Z33: =Y33*(1+$D$16) -> 44.936588 | AA33: =Z33*(1+$D$16) -> 47.183418 | AB33: =AA33*(1+$D$16) -> 49.542588 | AC33: =AB33*(1+$D$16) -> 52.019718 | AD33: =AC33*(1+$D$16) -> 54.620704 | AE33: =AD33*(1+$D$16) -> 57.351739 | AF33: =AE33*(1+$D$16) -> 60.219326 | AG33: =AF33*(1+$D$16) -> 63.230292 | ... AK33: =AJ33*(1+$D$16) -> 76.856815 | AL33: =AK33*(1+$E$16) -> 80.699656 | AM33: =AL33*(1+$E$16) -> 84.734639 | AN33: =AM33*(1+$E$16) -> 88.971371 | AO33: =AN33*(1+$E$16) -> 93.419939 | AP33: =AO33*(1+$E$16) -> 98.090936 | AQ33: =AP33*(1+$E$16) -> 102.99548 | AR33: =AQ33*(1+$E$16) -> 108.14526 | AS33: =AR33*(1+$E$16) -> 113.55252 | ... AW33: =AV33*(1+$E$16) -> 138.0238 | AX33: =AW33*(1+$F$16) -> 144.92499 | AY33: =AX33*(1+$F$16) -> 152.17124 | AZ33: =AY33*(1+$F$16) -> 159.7798 | BA33: =AZ33*(1+$F$16) -> 167.76879 | BB33: =BA33*(1+$F$16) -> 176.15723 | BC33: =BB33*(1+$F$16) -> 184.96509 | BD33: =BC33*(1+$F$16) -> 194.21334 | BE33: =BD33*(1+$F$16) -> 203.92401 | ... BI33: =BH33*(1+$F$16) -> 247.87091
A34: =A25 -> Upgraded Units Sales Revenue | B34: =$B$27*B33 -> 0 | C34: =$B$27*C33 -> 0 | D34: =$B$27*D33 -> 0 | E34: =$B$27*E33 -> 0 | F34: =$B$27*F33 -> 0 | G34: =$B$27*G33 -> 0 | H34: =$B$27*H33 -> 0 | I34: =$B$27*I33 -> 0 | ... M34: =$B$27*M33 -> 0 | N34: =$B$27*N33/12 -> 125000 | O34: =$B$27*O33/12 -> 137500 | P34: =$B$27*P33/12 -> 151250 | Q34: =$B$27*Q33/12 -> 166375 | R34: =$B$27*R33/12 -> 183012.5 | S34: =$B$27*S33/12 -> 201313.75 | T34: =$B$27*T33/12 -> 221445.13 | U34: =$B$27*U33/12 -> 243589.64 | ... BI34: =$B$27*BI33/12 -> 2065590.9
A39: =Assumptions!A78 -> Cost Of Goods Sold Components | B39: Mon 1 | C39: Mon 2 | D39: Mon 3 | E39: Mon 4 | F39: Mon 5 | G39: Mon 6 | H39: Mon 7 | I39: Mon 8 | J39: Mon 9 | K39: Mon 10 | L39: Mon 11 | M39: Mon 12 | N39: Mon 13 | O39: Mon 14 | P39: Mon 15 | Q39: Mon 16 | R39: Mon 17 | S39: Mon 18 | T39: Mon 19 | U39: Mon 20 | V39: Mon 21 | W39: Mon 22 | X39: Mon 23 | Y39: Mon 24 | Z39: Mon 25 | AA39: Mon 26 | AB39: Mon 27 | AC39: Mon 28 | AD39: Mon 29 | AE39: Mon 30 | AF39: Mon 31 | AG39: Mon 32 | AH39: Mon 33 | AI39: Mon 34 | AJ39: Mon 35 | AK39: Mon 36 | AL39: Mon 37 | AM39: Mon 38 | AN39: Mon 39 | AO39: Mon 40 | AP39: Mon 41 | AQ39: Mon 42 | AR39: Mon 43 | AS39: Mon 44 | AT39: Mon 45 | AU39: Mon 46 | AV39: Mon 47 | AW39: Mon 48 | AX39: Mon 49 | AY39: Mon 50 | AZ39: Mon 51 | BA39: Mon 52 | BB39: Mon 53 | BC39: Mon 54 | BD39: Mon 55 | BE39: Mon 56 | BF39: Mon 57 | BG39: Mon 58 | BH39: Mon 59 | BI39: Mon 60
A40: =Assumptions!A79 -> Raw Materials | B40: =Assumptions!$B79*B$3 -> 49875 | C40: =Assumptions!$B79*C$3 -> 51371.25 | D40: =Assumptions!$B79*D$3 -> 52912.387 | E40: =Assumptions!$B79*E$3 -> 54499.759 | F40: =Assumptions!$B79*F$3 -> 56134.752 | G40: =Assumptions!$B79*G$3 -> 57818.794 | H40: =Assumptions!$B79*H$3 -> 59553.358 | I40: =Assumptions!$B79*I$3 -> 61339.959 | ... BI40: =Assumptions!$B79*BI$3 -> 1254929.6
A41: =Assumptions!A80 -> Electronics Components Cost Pcb Amplifiers Sensors | B41: =Assumptions!$B80*B$3 -> 18375 | C41: =Assumptions!$B80*C$3 -> 18926.25 | D41: =Assumptions!$B80*D$3 -> 19494.038 | E41: =Assumptions!$B80*E$3 -> 20078.859 | F41: =Assumptions!$B80*F$3 -> 20681.224 | G41: =Assumptions!$B80*G$3 -> 21301.661 | H41: =Assumptions!$B80*H$3 -> 21940.711 | I41: =Assumptions!$B80*I$3 -> 22598.932 | ... BI41: =Assumptions!$B80*BI$3 -> 462342.49
A42: =Assumptions!A81 -> Production Overheads | B42: =Assumptions!$B81*B$3 -> 7875 | C42: =Assumptions!$B81*C$3 -> 8111.25 | D42: =Assumptions!$B81*D$3 -> 8354.5875 | E42: =Assumptions!$B81*E$3 -> 8605.2251 | F42: =Assumptions!$B81*F$3 -> 8863.3819 | G42: =Assumptions!$B81*G$3 -> 9129.2833 | H42: =Assumptions!$B81*H$3 -> 9403.1618 | I42: =Assumptions!$B81*I$3 -> 9685.2567 | ... BI42: =Assumptions!$B81*BI$3 -> 198146.78
A43: =Assumptions!A82 -> Packaging & Quality Control | B43: =Assumptions!$B82*B$3 -> 5250 | C43: =Assumptions!$B82*C$3 -> 5407.5 | D43: =Assumptions!$B82*D$3 -> 5569.725 | E43: =Assumptions!$B82*E$3 -> 5736.8168 | F43: =Assumptions!$B82*F$3 -> 5908.9213 | G43: =Assumptions!$B82*G$3 -> 6086.1889 | H43: =Assumptions!$B82*H$3 -> 6268.7746 | I43: =Assumptions!$B82*I$3 -> 6456.8378 | ... BI43: =Assumptions!$B82*BI$3 -> 132097.85
A44: =Assumptions!A83 -> Logistics & Shipping | B44: =Assumptions!$B83*B$3 -> 5250 | C44: =Assumptions!$B83*C$3 -> 5407.5 | D44: =Assumptions!$B83*D$3 -> 5569.725 | E44: =Assumptions!$B83*E$3 -> 5736.8168 | F44: =Assumptions!$B83*F$3 -> 5908.9213 | G44: =Assumptions!$B83*G$3 -> 6086.1889 | H44: =Assumptions!$B83*H$3 -> 6268.7746 | I44: =Assumptions!$B83*I$3 -> 6456.8378 | ... BI44: =Assumptions!$B83*BI$3 -> 132097.85
A45: =Assumptions!A86 -> Cost For Upgraded Units | B45: =Assumptions!$B86*B$4 -> 0 | C45: =Assumptions!$B86*C$4 -> 0 | D45: =Assumptions!$B86*D$4 -> 0 | E45: =Assumptions!$B86*E$4 -> 0 | F45: =Assumptions!$B86*F$4 -> 0 | G45: =Assumptions!$B86*G$4 -> 0 | H45: =Assumptions!$B86*H$4 -> 0 | I45: =Assumptions!$B86*I$4 -> 0 | ... BI45: =Assumptions!$B86*BI$4 -> 1094763.2
A47: Total Cumulative Cost Of Goods Sold | B47: =SUM(B40:B45) -> 86625 | C47: =SUM(C40:C45) -> 89223.75 | D47: =SUM(D40:D45) -> 91900.463 | E47: =SUM(E40:E45) -> 94657.476 | F47: =SUM(F40:F45) -> 97497.201 | G47: =SUM(G40:G45) -> 100422.12 | H47: =SUM(H40:H45) -> 103434.78 | I47: =SUM(I40:I45) -> 106537.82 | ... BK47: =SUM(BK40:BK45) -> 0

Sheet Income Statement
A2: Pro Forma Profit and Loss | B2: Year 1 | C2: Year 2 | D2: Year 3 | E2: Year 4 | F2: Year 5
A3: Revenue | B3: =SUM('Monthly Income Statement '!B3:M3) -> 3725407.8 | C3: =SUM('Monthly Income Statement '!N3:Y3) -> 11220281 | D3: =SUM('Monthly Income Statement '!Z3:AK3) -> 25019725 | E3: =SUM('Monthly Income Statement '!AL3:AW3) -> 44931831 | F3: =SUM('Monthly Income Statement '!AX3:BI3) -> 80691112
A4: ='Monthly Income Statement '!A4 -> Cost Of Goods Sold | B4: =SUM('Monthly Income Statement '!B4:M4) -> 1229384.6 | C4: =SUM('Monthly Income Statement '!N4:Y4) -> 4237299.8 | D4: =SUM('Monthly Income Statement '!Z4:AK4) -> 9448611.4 | E4: =SUM('Monthly Income Statement '!AL4:AW4) -> 16968348 | F4: =SUM('Monthly Income Statement '!AX4:BI4) -> 30472716
A5: ='Monthly Income Statement '!A5 -> Gross Profit | B5: =SUM('Monthly Income Statement '!B5:M5) -> 2496023.2 | C5: =SUM('Monthly Income Statement '!N5:Y5) -> 6982981.1 | D5: =SUM('Monthly Income Statement '!Z5:AK5) -> 15571113 | E5: =SUM('Monthly Income Statement '!AL5:AW5) -> 27963482 | F5: =SUM('Monthly Income Statement '!AX5:BI5) -> 50218396
A7: Operating Expenses:
A8: ='Expense Sheet'!A3 -> Payroll | B8: =SUM('Monthly Income Statement '!B8:M8) -> 951033 | C8: =SUM('Monthly Income Statement '!N8:Y8) -> 1059585.9 | D8: =SUM('Monthly Income Statement '!Z8:AK8) -> 1233854.1 | E8: =SUM('Monthly Income Statement '!AL8:AW8) -> 1297355.8 | F8: =SUM('Monthly Income Statement '!AX8:BI8) -> 1363187.2 | H8: ** EBITDA = Earnings before Interest, Tax and Depreciation Allowance
A9: ='Expense Sheet'!A4 -> Rent & Utilities | B9: =SUM('Monthly Income Statement '!B9:M9) -> 192000 | C9: =SUM('Monthly Income Statement '!N9:Y9) -> 197760 | D9: =SUM('Monthly Income Statement '!Z9:AK9) -> 203692.8 | E9: =SUM('Monthly Income Statement '!AL9:AW9) -> 209803.58 | F9: =SUM('Monthly Income Statement '!AX9:BI9) -> 216097.69 | H9: ** EBIT = Earnings before Interest and Tax
A10: ='Expense Sheet'!A5 -> Regulatory & Compliance | B10: =SUM('Monthly Income Statement '!B10:M10) -> 109200 | C10: =SUM('Monthly Income Statement '!N10:Y10) -> 218400 | D10: =SUM('Monthly Income Statement '!Z10:AK10) -> 436800 | E10: =SUM('Monthly Income Statement '!AL10:AW10) -> 873600 | F10: =SUM('Monthly Income Statement '!AX10:BI10) -> 1747200 | H10: ** EBT = Earnings before Tax
A11: ='Expense Sheet'!A6 -> Maintenance & Equipment Upkeep | B11: =SUM('Monthly Income Statement '!B11:M11) -> 138000 | C11: =SUM('Monthly Income Statement '!N11:Y11) -> 276000 | D11: =SUM('Monthly Income Statement '!Z11:AK11) -> 552000 | E11: =SUM('Monthly Income Statement '!AL11:AW11) -> 1104000 | F11: =SUM('Monthly Income Statement '!AX11:BI11) -> 2208000
A12: ='Expense Sheet'!A7 -> Insurance & Security | B12: =SUM('Monthly Income Statement '!B12:M12) -> 96000 | C12: =SUM('Monthly Income Statement '!N12:Y12) -> 192000 | D12: =SUM('Monthly Income Statement '!Z12:AK12) -> 384000 | E12: =SUM('Monthly Income Statement '!AL12:AW12) -> 768000 | F12: =SUM('Monthly Income Statement '!AX12:BI12) -> 1536000
A13: ='Expense Sheet'!A8 -> Marketing & Advertising | B13: =SUM('Monthly Income Statement '!B13:M13) -> 260778.54 | C13: =SUM('Monthly Income Statement '!N13:Y13) -> 785419.66 | D13: =SUM('Monthly Income Statement '!Z13:AK13) -> 1751380.7 | E13: =SUM('Monthly Income Statement '!AL13:AW13) -> 3145228.1 | F13: =SUM('Monthly Income Statement '!AX13:BI13) -> 5648377.9
A14: ='Expense Sheet'!A9 -> R&D & Prototyping | B14: =SUM('Monthly Income Statement '!B14:M14) -> 66000 | C14: =SUM('Monthly Income Statement '!N14:Y14) -> 132000 | D14: =SUM('Monthly Income Statement '!Z14:AK14) -> 264000 | E14: =SUM('Monthly Income Statement '!AL14:AW14) -> 528000 | F14: =SUM('Monthly Income Statement '!AX14:BI14) -> 1056000
A15: ='Expense Sheet'!A10 -> Miscellaneous Expenses | B15: =SUM('Monthly Income Statement '!B15:M15) -> 18000 | C15: =SUM('Monthly Income Statement '!N15:Y15) -> 36000 | D15: =SUM('Monthly Income Statement '!Z15:AK15) -> 72000 | E15: =SUM('Monthly Income Statement '!AL15:AW15) -> 144000 | F15: =SUM('Monthly Income Statement '!AX15:BI15) -> 288000
A17: Total Expenses | B17: =IFERROR(SUM(B8:B16),"") -> 1831011.5 | C17: =IFERROR(SUM(C8:C16),"") -> 2897165.6 | D17: =IFERROR(SUM(D8:D16),"") -> 4897727.6 | E17: =IFERROR(SUM(E8:E16),"") -> 8069987.5 | F17: =IFERROR(SUM(F8:F16),"") -> 14062863
A19: ='Monthly Income Statement '!A19 -> EBITDA | B19: =B5-B17 -> 665011.66 | C19: =C5-C17 -> 4085815.5 | D19: =D5-D17 -> 10673386 | E19: =E5-E17 -> 19893495 | F19: =F5-F17 -> 36155534
A21: ='Monthly Income Statement '!A21 -> Interest Expense | B21: =SUM('Monthly Income Statement '!B21:M21) -> 0 | C21: =SUM('Monthly Income Statement '!N21:Y21) -> 0 | D21: =SUM('Monthly Income Statement '!Z21:AK21) -> 0 | E21: =SUM('Monthly Income Statement '!AL21:AW21) -> 0 | F21: =SUM('Monthly Income Statement '!AX21:BI21) -> 0
A23: ='Monthly Income Statement '!A23 -> EBTDA | B23: =B19-B21 -> 665011.66 | C23: =C19-C21 -> 4085815.5 | D23: =D19-D21 -> 10673386 | E23: =E19-E21 -> 19893495 | F23: =F19-F21 -> 36155534
A25: ='Monthly Income Statement '!A25 -> Depreciation | B25: =SUM('Monthly Income Statement '!B25:M25) -> 133500 | C25: =SUM('Monthly Income Statement '!N25:Y25) -> 133500 | D25: =SUM('Monthly Income Statement '!Z25:AK25) -> 133500 | E25: =SUM('Monthly Income Statement '!AL25:AW25) -> 133500 | F25: =SUM('Monthly Income Statement '!AX25:BI25) -> 133500
A27: ='Monthly Income Statement '!A27 -> Earnings before Tax (EBT) | B27: =B23-B25 -> 531511.66 | C27: =C23-C25 -> 3952315.5 | D27: =D23-D25 -> 10539886 | E27: =E23-E25 -> 19759995 | F27: =F23-F25 -> 36022034
A29: ='Monthly Income Statement '!A29 -> Tax | B29: =SUM('Monthly Income Statement '!B29:M29) -> 111617.45 | C29: =SUM('Monthly Income Statement '!N29:Y29) -> 829986.26 | D29: =SUM('Monthly Income Statement '!Z29:AK29) -> 2213376 | E29: =SUM('Monthly Income Statement '!AL29:AW29) -> 4149598.9 | F29: =SUM('Monthly Income Statement '!AX29:BI29) -> 7564627
A31: ='Monthly Income Statement '!A31 -> Net Income / (Loss) | B31: =B27-B29 -> 419894.21 | C31: =C27-C29 -> 3122329.3 | D31: =D27-D29 -> 8326509.6 | E31: =E27-E29 -> 15610396 | F31: =F27-F29 -> 28457406
A33: Net Income/Revenue | B33: =IFERROR(B31/B3,"") -> 0.11271094 | C33: =IFERROR(C31/C3,"") -> 0.2782755 | D33: =IFERROR(D31/D3,"") -> 0.33279781 | E33: =IFERROR(E31/E3,"") -> 0.34742399 | F33: =IFERROR(F31/F3,"") -> 0.35267089

Sheet Balance Sheet
A2: Assets and Liabilities | B2: Year 1 | C2: Year 2 | D2: Year 3 | E2: Year 4 | F2: Year 5
A3: Non-Current Assets
A4: ='Monthly Balance Sheet'!A4 -> Metal Fabrication Shop Acquisition | B4: ='Monthly Balance Sheet'!M4 -> 1940000 | C4: ='Monthly Balance Sheet'!Y4 -> 1880000 | D4: ='Monthly Balance Sheet'!AK4 -> 1820000 | E4: ='Monthly Balance Sheet'!AW4 -> 1760000 | F4: ='Monthly Balance Sheet'!BI4 -> 1700000
A5: ='Monthly Balance Sheet'!A5 -> R&D Surveillance System | B5: ='Monthly Balance Sheet'!M5 -> 1455000 | C5: ='Monthly Balance Sheet'!Y5 -> 1410000 | D5: ='Monthly Balance Sheet'!AK5 -> 1365000 | E5: ='Monthly Balance Sheet'!AW5 -> 1320000 | F5: ='Monthly Balance Sheet'!BI5 -> 1275000
A6: ='Monthly Balance Sheet'!A6 -> Shop Upgrades | B6: ='Monthly Balance Sheet'!M6 -> 921500 | C6: ='Monthly Balance Sheet'!Y6 -> 893000 | D6: ='Monthly Balance Sheet'!AK6 -> 864500 | E6: ='Monthly Balance Sheet'!AW6 -> 836000 | F6: ='Monthly Balance Sheet'!BI6 -> 807500
A8: Current Assets
A9: ='Monthly Balance Sheet'!A9 -> Cash | B9: ='Monthly Balance Sheet'!M9 -> 5960166.3 | C9: ='Monthly Balance Sheet'!Y9 -> 8787632.8 | D9: ='Monthly Balance Sheet'!AK9 -> 16769462 | E9: ='Monthly Balance Sheet'!AW9 -> 31677890 | F9: ='Monthly Balance Sheet'!BI9 -> 58768418
A10: ='Monthly Balance Sheet'!A10 -> Accounts Receivable | B10: ='Monthly Balance Sheet'!M10 -> 143227.89 | C10: ='Monthly Balance Sheet'!Y10 -> 571590.71 | D10: ='Monthly Balance Sheet'!AK10 -> 1049771.3 | E10: ='Monthly Balance Sheet'!AW10 -> 1885238.5 | F10: ='Monthly Balance Sheet'!BI10 -> 3385617.4
A11: ='Monthly Balance Sheet'!A11 -> Inventory | B11: ='Monthly Balance Sheet'!M11 -> #REF! | C11: ='Monthly Balance Sheet'!Y11 -> #REF! | D11: ='Monthly Balance Sheet'!AK11 -> #REF! | E11: ='Monthly Balance Sheet'!AW11 -> #REF! | F11: ='Monthly Balance Sheet'!BI11 -> #REF!
A13: Total Assets | B13: =SUBTOTAL(109,B4:B11) -> 10419894 | C13: =SUBTOTAL(109,C4:C11) -> 13542223 | D13: =SUBTOTAL(109,D4:D11) -> 21868733 | E13: =SUBTOTAL(109,E4:E11) -> 37479129 | F13: =SUBTOTAL(109,F4:F11) -> 65936535
A14: ='Monthly Balance Sheet'!A14 -> LIABILITIES AND EQUITY:
A15: ='Monthly Balance Sheet'!A15 -> LIABILITIES
A16: ='Monthly Balance Sheet'!A16 -> Accounts Payable | B16: ='Monthly Balance Sheet'!M16 -> 0 | C16: ='Monthly Balance Sheet'!Y16 -> 0 | D16: ='Monthly Balance Sheet'!AK16 -> 0 | E16: ='Monthly Balance Sheet'!AW16 -> 0 | F16: ='Monthly Balance Sheet'!BI16 -> 0
A17: ='Monthly Balance Sheet'!A17 -> Loan | B17: ='Monthly Balance Sheet'!M17 -> 0 | C17: ='Monthly Balance Sheet'!Y17 -> 0 | D17: ='Monthly Balance Sheet'!AK17 -> 0 | E17: ='Monthly Balance Sheet'!AW17 -> 0 | F17: ='Monthly Balance Sheet'!BI17 -> 0
A18: ='Monthly Balance Sheet'!A18 -> Total Liabilities | B18: =SUM(B16:B17) -> 0 | C18: =SUM(C16:C17) -> 0 | D18: =SUM(D16:D17) -> 0 | E18: =SUM(E16:E17) -> 0 | F18: =SUM(F16:F17) -> 0
A19: ='Monthly Balance Sheet'!A19 -> EQUITY
A20: ='Monthly Balance Sheet'!A20 -> Capital | B20: ='Monthly Balance Sheet'!M20 -> 10000000 | C20: ='Monthly Balance Sheet'!Y20 -> 10000000 | D20: ='Monthly Balance Sheet'!AK20 -> 10000000 | E20: ='Monthly Balance Sheet'!AW20 -> 10000000 | F20: ='Monthly Balance Sheet'!BI20 -> 10000000
A21: ='Monthly Balance Sheet'!A21 -> Retained Earnings | B21: 0 | C21: =+B21+B22 -> 419894.21 | D21: =+C21+C22 -> 3542223.5 | E21: =+D21+D22 -> 11868733 | F21: =+E21+E22 -> 27479129
A22: ='Monthly Balance Sheet'!A22 -> Profit or loss balance | B22: =+'Income Statement'!B31 -> 419894.21 | C22: =+'Income Statement'!C31 -> 3122329.3 | D22: =+'Income Statement'!D31 -> 8326509.6 | E22: =+'Income Statement'!E31 -> 15610396 | F22: =+'Income Statement'!F31 -> 28457406
A24: ='Monthly Balance Sheet'!A23 -> TOTAL EQUITY | B24: =SUM(B20:B22) -> 10419894 | C24: =SUM(C20:C22) -> 13542223 | D24: =SUM(D20:D22) -> 21868733 | E24: =SUM(E20:E22) -> 37479129 | F24: =SUM(F20:F22) -> 65936535
A25: ='Monthly Balance Sheet'!A25 -> TOTAL LIABILITIES AND EQUITY | B25: =B24+B18 -> 10419894 | C25: =C24+C18 -> 13542223 | D25: =D24+D18 -> 21868733 | E25: =E24+E18 -> 37479129 | F25: =F24+F18 -> 65936535
B27: =B13-B25 -> 0 | C27: =C13-C25 -> 0 | D27: =D13-D25 -> 0 | E27: =E13-E25 -> 0 | F27: =F13-F25 -> 0

Sheet Break Even Analysis
A2: Particulars | B2: Year 1 | C2: Year 2 | D2: Year 3 | E2: Year 4 | F2: Year 5
A3: Sales-Revenue | B3: ='Income Statement'!B3 -> 3725407.8 | C3: ='Income Statement'!C3 -> 11220281 | D3: ='Income Statement'!D3 -> 25019725 | E3: ='Income Statement'!E3 -> 44931831 | F3: ='Income Statement'!F3 -> 80691112
A4: Variable Cost | B4: =SUM('Income Statement'!B21,'Income Statement'!B29) -> 111617.45 | C4: =SUM('Income Statement'!C21,'Income Statement'!C29) -> 829986.26 | D4: =SUM('Income Statement'!D21,'Income Statement'!D29) -> 2213376 | E4: =SUM('Income Statement'!E21,'Income Statement'!E29) -> 4149598.9 | F4: =SUM('Income Statement'!F21,'Income Statement'!F29) -> 7564627
A6: Contribution | B6: =B3-B4 -> 3613790.3 | C6: =C3-C4 -> 10390295 | D6: =D3-D4 -> 22806349 | E6: =E3-E4 -> 40782232 | F6: =F3-F4 -> 73126485
A7: Contribution Margin | B7: =IFERROR(B6/B3,"") -> 0.97003886 | C7: =IFERROR(C6/C3,"") -> 0.92602803 | D7: =IFERROR(D6/D3,"") -> 0.91153476 | E7: =IFERROR(E6/E3,"") -> 0.90764679 | F7: =IFERROR(F6/F3,"") -> 0.90625204
A9: Fixed Cost:
A10: Total Selling General and Admin Expenses | B10: =SUM('Income Statement'!B5:B13,'Income Statement'!B25) -> 4376534.7 | C10: =SUM('Income Statement'!C5:C13,'Income Statement'!C25) -> 9845646.7 | D10: =SUM('Income Statement'!D5:D13,'Income Statement'!D25) -> 20266341 | E10: =SUM('Income Statement'!E5:E13,'Income Statement'!E25) -> 35494970 | F10: =SUM('Income Statement'!F5:F13,'Income Statement'!F25) -> 63070759
A12: Total Fixed Cost | B12: =SUM(B10:B11) -> 4376534.7 | C12: =SUM(C10:C11) -> 9845646.7 | D12: =SUM(D10:D11) -> 20266341 | E12: =SUM(E10:E11) -> 35494970 | F12: =SUM(F10:F11) -> 63070759
A14: Break Even Sales | B14: =B12/B7 -> 4511710.7 | C14: =C12/C7 -> 10632126 | D14: =D12/D7 -> 22233207 | E14: =E12/E7 -> 39106589 | F14: =F12/F7 -> 69595163

Sheet Cash Flows
A2: Particulars | B2: Year 1 | C2: Year 2 | D2: Year 3 | E2: Year 4 | F2: Year 5
A3: Cash Inflows:
A4: Sales Revenue | B4: =SUM('Monthly Cash Flows'!B4:M4) -> 3582179.9 | C4: =SUM('Monthly Cash Flows'!N4:Y4) -> 10791918 | D4: =SUM('Monthly Cash Flows'!Z4:AK4) -> 24541544 | E4: =SUM('Monthly Cash Flows'!AL4:AW4) -> 44096363 | F4: =SUM('Monthly Cash Flows'!AX4:BI4) -> 79190733
A5: ='Monthly Cash Flows'!A5 -> Loan Proceeds / Capital Injection | B5: =SUM('Monthly Cash Flows'!B5:M5) -> 10000000 | C5: =SUM('Monthly Cash Flows'!N5:Y5) -> 0 | D5: =SUM('Monthly Cash Flows'!Z5:AK5) -> 0 | E5: =SUM('Monthly Cash Flows'!AL5:AW5) -> 0 | F5: =SUM('Monthly Cash Flows'!AX5:BI5) -> 0
A6: Total Inflows | B6: =SUM(B4:B5) -> 13582180 | C6: =SUM(C4:C5) -> 10791918 | D6: =SUM(D4:D5) -> 24541544 | E6: =SUM(E4:E5) -> 44096363 | F6: =SUM(F4:F5) -> 79190733
A8: Cash Outflows:
A9: ='Monthly Cash Flows'!A9 -> Payroll | B9: =SUM('Monthly Cash Flows'!B9:M9) -> 951033 | C9: =SUM('Monthly Cash Flows'!N9:Y9) -> 1059585.9 | D9: =SUM('Monthly Cash Flows'!Z9:AK9) -> 1233854.1 | E9: =SUM('Monthly Cash Flows'!AL9:AW9) -> 1297355.8 | F9: =SUM('Monthly Cash Flows'!AX9:BI9) -> 1363187.2
A10: ='Monthly Cash Flows'!A10 -> Rent & Utilities | B10: =SUM('Monthly Cash Flows'!B10:M10) -> 192000 | C10: =SUM('Monthly Cash Flows'!N10:Y10) -> 197760 | D10: =SUM('Monthly Cash Flows'!Z10:AK10) -> 203692.8 | E10: =SUM('Monthly Cash Flows'!AL10:AW10) -> 209803.58 | F10: =SUM('Monthly Cash Flows'!AX10:BI10) -> 216097.69
A11: ='Monthly Cash Flows'!A11 -> Regulatory & Compliance | B11: =SUM('Monthly Cash Flows'!B11:M11) -> 109200 | C11: =SUM('Monthly Cash Flows'!N11:Y11) -> 218400 | D11: =SUM('Monthly Cash Flows'!Z11:AK11) -> 436800 | E11: =SUM('Monthly Cash Flows'!AL11:AW11) -> 873600 | F11: =SUM('Monthly Cash Flows'!AX11:BI11) -> 1747200
A12: ='Monthly Cash Flows'!A12 -> Maintenance & Equipment Upkeep | B12: =SUM('Monthly Cash Flows'!B12:M12) -> 138000 | C12: =SUM('Monthly Cash Flows'!N12:Y12) -> 276000 | D12: =SUM('Monthly Cash Flows'!Z12:AK12) -> 552000 | E12: =SUM('Monthly Cash Flows'!AL12:AW12) -> 1104000 | F12: =SUM('Monthly Cash Flows'!AX12:BI12) -> 2208000
A13: ='Monthly Cash Flows'!A13 -> Insurance & Security | B13: =SUM('Monthly Cash Flows'!B13:M13) -> 96000 | C13: =SUM('Monthly Cash Flows'!N13:Y13) -> 192000 | D13: =SUM('Monthly Cash Flows'!Z13:AK13) -> 384000 | E13: =SUM('Monthly Cash Flows'!AL13:AW13) -> 768000 | F13: =SUM('Monthly Cash Flows'!AX13:BI13) -> 1536000
A14: ='Monthly Cash Flows'!A14 -> Marketing & Advertising | B14: =SUM('Monthly Cash Flows'!B14:M14) -> 260778.54 | C14: =SUM('Monthly Cash Flows'!N14:Y14) -> 785419.66 | D14: =SUM('Monthly Cash Flows'!Z14:AK14) -> 1751380.7 | E14: =SUM('Monthly Cash Flows'!AL14:AW14) -> 3145228.1 | F14: =SUM('Monthly Cash Flows'!AX14:BI14) -> 5648377.9
A15: ='Monthly Cash Flows'!A15 -> R&D & Prototyping | B15: =SUM('Monthly Cash Flows'!B15:M15) -> 66000 | C15: =SUM('Monthly Cash Flows'!N15:Y15) -> 132000 | D15: =SUM('Monthly Cash Flows'!Z15:AK15) -> 264000 | E15: =SUM('Monthly Cash Flows'!AL15:AW15) -> 528000 | F15: =SUM('Monthly Cash Flows'!AX15:BI15) -> 1056000
A16: ='Monthly Cash Flows'!A16 -> Miscellaneous Expenses | B16: =SUM('Monthly Cash Flows'!B16:M16) -> 18000 | C16: =SUM('Monthly Cash Flows'!N16:Y16) -> 36000 | D16: =SUM('Monthly Cash Flows'!Z16:AK16) -> 72000 | E16: =SUM('Monthly Cash Flows'!AL16:AW16) -> 144000 | F16: =SUM('Monthly Cash Flows'!AX16:BI16) -> 288000
A17: ='Monthly Cash Flows'!A17 -> Tax | B17: =SUM('Monthly Cash Flows'!B17:M17) -> 111617.45 | C17: =SUM('Monthly Cash Flows'!N17:Y17) -> 829986.26 | D17: =SUM('Monthly Cash Flows'!Z17:AK17) -> 2213376 | E17: =SUM('Monthly Cash Flows'!AL17:AW17) -> 4149598.9 | F17: =SUM('Monthly Cash Flows'!AX17:BI17) -> 7564627
A18: ='Monthly Cash Flows'!A18 -> Purchase of Assets | B18: =SUM('Monthly Cash Flows'!B18:M18) -> 4450000 | C18: =SUM('Monthly Cash Flows'!N18:Y18) -> 0 | D18: =SUM('Monthly Cash Flows'!Z18:AK18) -> 0 | E18: =SUM('Monthly Cash Flows'!AL18:AW18) -> 0 | F18: =SUM('Monthly Cash Flows'!AX18:BI18) -> 0
A19: ='Monthly Cash Flows'!A19 -> Loan Repayment | B19: =SUM('Monthly Cash Flows'!B19:M19) -> 0 | C19: =SUM('Monthly Cash Flows'!N19:Y19) -> 0 | D19: =SUM('Monthly Cash Flows'!Z19:AK19) -> 0 | E19: =SUM('Monthly Cash Flows'!AL19:AW19) -> 0 | F19: =SUM('Monthly Cash Flows'!AX19:BI19) -> 0
A20: ='Monthly Cash Flows'!A20 -> Cash Paid For Cogs | B20: =SUM('Monthly Cash Flows'!B20:M20) -> 1229384.6 | C20: =SUM('Monthly Cash Flows'!N20:Y20) -> 4237299.8 | D20: =SUM('Monthly Cash Flows'!Z20:AK20) -> 9448611.4 | E20: =SUM('Monthly Cash Flows'!AL20:AW20) -> 16968348 | F20: =SUM('Monthly Cash Flows'!AX20:BI20) -> 30472716
A22: Total Outflows | B22: =SUM(B9:B20) -> 7622013.6 | C22: =SUM(C9:C20) -> 7964451.6 | D22: =SUM(D9:D20) -> 16559715 | E22: =SUM(E9:E20) -> 29187935 | F22: =SUM(F9:F20) -> 52100206
A24: Net Cash generated | B24: =B6-B22 -> 5960166.3 | C24: =C6-C22 -> 2827466.4 | D24: =D6-D22 -> 7981829 | E24: =E6-E22 -> 14908429 | F24: =F6-F22 -> 27090528
A26: Opening Cash Balance | B26: 0 | C26: =B27 -> 5960166.3 | D26: =C27 -> 8787632.8 | E26: =D27 -> 16769462 | F26: =E27 -> 31677890
A27: Ending Cash Balance | B27: =SUM(B24:B26) -> 5960166.3 | C27: =SUM(C24:C26) -> 8787632.8 | D27: =SUM(D24:D26) -> 16769462 | E27: =SUM(E24:E26) -> 31677890 | F27: =SUM(F24:F26) -> 58768418
B29: =B27-'Balance Sheet'!B9 -> 0 | C29: =C27-'Balance Sheet'!C9 -> 0 | D29: =D27-'Balance Sheet'!D9 -> 0 | E29: =E27-'Balance Sheet'!E9 -> 0 | F29: =F27-'Balance Sheet'!F9 -> 0

Sheet Monthly Income Statement 
A2: Pro Forma Profit and Loss | B2: Mon 1 | C2: Mon 2 | D2: Mon 3 | E2: Mon 4 | F2: Mon 5 | G2: Mon 6 | H2: Mon 7 | I2: Mon 8 | J2: Mon 9 | K2: Mon 10 | L2: Mon 11 | M2: Mon 12 | N2: Mon 13 | O2: Mon 14 | P2: Mon 15 | Q2: Mon 16 | R2: Mon 17 | S2: Mon 18 | T2: Mon 19 | U2: Mon 20 | V2: Mon 21 | W2: Mon 22 | X2: Mon 23 | Y2: Mon 24 | Z2: Mon 25 | AA2: Mon 26 | AB2: Mon 27 | AC2: Mon 28 | AD2: Mon 29 | AE2: Mon 30 | AF2: Mon 31 | AG2: Mon 32 | AH2: Mon 33 | AI2: Mon 34 | AJ2: Mon 35 | AK2: Mon 36 | AL2: Mon 37 | AM2: Mon 38 | AN2: Mon 39 | AO2: Mon 40 | AP2: Mon 41 | AQ2: Mon 42 | AR2: Mon 43 | AS2: Mon 44 | AT2: Mon 45 | AU2: Mon 46 | AV2: Mon 47 | AW2: Mon 48 | AX2: Mon 49 | AY2: Mon 50 | AZ2: Mon 51 | BA2: Mon 52 | BB2: Mon 53 | BC2: Mon 53 | BD2: Mon 55 | BE2: Mon 56 | BF2: Mon 57 | BG2: Mon 58 | BH2: Mon 59 | BI2: Mon 60
A3: ='Revenue Forecasts'!A2 -> Total Revenue | B3: ='Revenue Forecasts'!B6 -> 262500 | C3: ='Revenue Forecasts'!C6 -> 270375 | D3: ='Revenue Forecasts'!D6 -> 278486.25 | E3: ='Revenue Forecasts'!E6 -> 286840.84 | F3: ='Revenue Forecasts'!F6 -> 295446.06 | G3: ='Revenue Forecasts'!G6 -> 304309.44 | H3: ='Revenue Forecasts'!H6 -> 313438.73 | I3: ='Revenue Forecasts'!I6 -> 322841.89 | ... BI3: ='Revenue Forecasts'!BI6 -> 8670483.6
A4: Cost Of Goods Sold | B4: ='Revenue Forecasts'!B47 -> 86625 | C4: ='Revenue Forecasts'!C47 -> 89223.75 | D4: ='Revenue Forecasts'!D47 -> 91900.463 | E4: ='Revenue Forecasts'!E47 -> 94657.476 | F4: ='Revenue Forecasts'!F47 -> 97497.201 | G4: ='Revenue Forecasts'!G47 -> 100422.12 | H4: ='Revenue Forecasts'!H47 -> 103434.78 | I4: ='Revenue Forecasts'!I47 -> 106537.82 | ... BI4: ='Revenue Forecasts'!BI47 -> 3274377.8
A5: Gross Profit | B5: =B3-B4 -> 175875 | C5: =C3-C4 -> 181151.25 | D5: =D3-D4 -> 186585.79 | E5: =E3-E4 -> 192183.36 | F5: =F3-F4 -> 197948.86 | G5: =G3-G4 -> 203887.33 | H5: =H3-H4 -> 210003.95 | I5: =I3-I4 -> 216304.07 | ... BI5: =BI3-BI4 -> 5396105.9
A7: Operating Expenses:
A8: ='Expense Sheet'!A3 -> Payroll | B8: ='Expense Sheet'!B3 -> 79252.75 | C8: ='Expense Sheet'!C3 -> 79252.75 | D8: ='Expense Sheet'!D3 -> 79252.75 | E8: ='Expense Sheet'!E3 -> 79252.75 | F8: ='Expense Sheet'!F3 -> 79252.75 | G8: ='Expense Sheet'!G3 -> 79252.75 | H8: ='Expense Sheet'!H3 -> 79252.75 | ... BI8: ='Expense Sheet'!BI3 -> 109369.08
A9: ='Expense Sheet'!A4 -> Rent & Utilities | B9: ='Expense Sheet'!B4 -> 16000 | C9: ='Expense Sheet'!C4 -> 16000 | D9: ='Expense Sheet'!D4 -> 16000 | E9: ='Expense Sheet'!E4 -> 16000 | F9: ='Expense Sheet'!F4 -> 16000 | G9: ='Expense Sheet'!G4 -> 16000 | H9: ='Expense Sheet'!H4 -> 16000 | ... BI9: ='Expense Sheet'!BI4 -> 18008.141
A10: ='Expense Sheet'!A5 -> Regulatory & Compliance | B10: ='Expense Sheet'!B5 -> 9100 | C10: ='Expense Sheet'!C5 -> 9100 | D10: ='Expense Sheet'!D5 -> 9100 | E10: ='Expense Sheet'!E5 -> 9100 | F10: ='Expense Sheet'!F5 -> 9100 | G10: ='Expense Sheet'!G5 -> 9100 | H10: ='Expense Sheet'!H5 -> 9100 | ... BI10: ='Expense Sheet'!BI5 -> 145600
A11: ='Expense Sheet'!A6 -> Maintenance & Equipment Upkeep | B11: ='Expense Sheet'!B6 -> 11500 | C11: ='Expense Sheet'!C6 -> 11500 | D11: ='Expense Sheet'!D6 -> 11500 | E11: ='Expense Sheet'!E6 -> 11500 | F11: ='Expense Sheet'!F6 -> 11500 | G11: ='Expense Sheet'!G6 -> 11500 | H11: ='Expense Sheet'!H6 -> 11500 | ... BI11: ='Expense Sheet'!BI6 -> 184000
A12: ='Expense Sheet'!A7 -> Insurance & Security | B12: ='Expense Sheet'!B7 -> 8000 | C12: ='Expense Sheet'!C7 -> 8000 | D12: ='Expense Sheet'!D7 -> 8000 | E12: ='Expense Sheet'!E7 -> 8000 | F12: ='Expense Sheet'!F7 -> 8000 | G12: ='Expense Sheet'!G7 -> 8000 | H12: ='Expense Sheet'!H7 -> 8000 | ... BI12: ='Expense Sheet'!BI7 -> 128000
A13: ='Expense Sheet'!A8 -> Marketing & Advertising | B13: ='Expense Sheet'!B8 -> 18375 | C13: ='Expense Sheet'!C8 -> 18926.25 | D13: ='Expense Sheet'!D8 -> 19494.038 | E13: ='Expense Sheet'!E8 -> 20078.859 | F13: ='Expense Sheet'!F8 -> 20681.224 | G13: ='Expense Sheet'!G8 -> 21301.661 | H13: ='Expense Sheet'!H8 -> 21940.711 | ... BI13: ='Expense Sheet'!BI8 -> 606933.85
A14: ='Expense Sheet'!A9 -> R&D & Prototyping | B14: ='Expense Sheet'!B9 -> 5500 | C14: ='Expense Sheet'!C9 -> 5500 | D14: ='Expense Sheet'!D9 -> 5500 | E14: ='Expense Sheet'!E9 -> 5500 | F14: ='Expense Sheet'!F9 -> 5500 | G14: ='Expense Sheet'!G9 -> 5500 | H14: ='Expense Sheet'!H9 -> 5500 | ... BI14: ='Expense Sheet'!BI9 -> 88000
A15: ='Expense Sheet'!A10 -> Miscellaneous Expenses | B15: ='Expense Sheet'!B10 -> 1500 | C15: ='Expense Sheet'!C10 -> 1500 | D15: ='Expense Sheet'!D10 -> 1500 | E15: ='Expense Sheet'!E10 -> 1500 | F15: ='Expense Sheet'!F10 -> 1500 | G15: ='Expense Sheet'!G10 -> 1500 | H15: ='Expense Sheet'!H10 -> 1500 | ... BI15: ='Expense Sheet'!BI10 -> 24000
A17: Total Expenses | B17: =IFERROR(SUM(B7:B15),"") -> 149227.75 | C17: =IFERROR(SUM(C7:C15),"") -> 149779 | D17: =IFERROR(SUM(D7:D15),"") -> 150346.79 | E17: =IFERROR(SUM(E7:E15),"") -> 150931.61 | F17: =IFERROR(SUM(F7:F15),"") -> 151533.97 | G17: =IFERROR(SUM(G7:G15),"") -> 152154.41 | H17: =IFERROR(SUM(H7:H15),"") -> 152793.46 | I17: =IFERROR(SUM(I7:I15),"") -> 153451.68 | ... BI17: =IFERROR(SUM(BI7:BI15),"") -> 1303911.1
A19: EBITDA | B19: =B5-B17 -> 26647.25 | C19: =C5-C17 -> 31372.25 | D19: =D5-D17 -> 36239 | E19: =E5-E17 -> 41251.753 | F19: =F5-F17 -> 46414.888 | G19: =G5-G17 -> 51732.917 | H19: =H5-H17 -> 57210.487 | I19: =I5-I17 -> 62852.384 | ... BI19: =BI5-BI17 -> 4092194.8
A21: ='Expense Sheet'!A11 -> Interest Expense | B21: ='Expense Sheet'!B11 -> 0 | C21: ='Expense Sheet'!C11 -> 0 | D21: ='Expense Sheet'!D11 -> 0 | E21: ='Expense Sheet'!E11 -> 0 | F21: ='Expense Sheet'!F11 -> 0 | G21: ='Expense Sheet'!G11 -> 0 | H21: ='Expense Sheet'!H11 -> 0 | ... BI21: ='Expense Sheet'!BI11 -> 0
A23: EBTDA | B23: =B19-B21 -> 26647.25 | C23: =C19-C21 -> 31372.25 | D23: =D19-D21 -> 36239 | E23: =E19-E21 -> 41251.753 | F23: =F19-F21 -> 46414.888 | G23: =G19-G21 -> 51732.917 | H23: =H19-H21 -> 57210.487 | I23: =I19-I21 -> 62852.384 | ... BI23: =BI19-BI21 -> 4092194.8
A25: ='Expense Sheet'!A12 -> Depreciation | B25: ='Expense Sheet'!B12 -> 11125 | C25: ='Expense Sheet'!C12 -> 11125 | D25: ='Expense Sheet'!D12 -> 11125 | E25: ='Expense Sheet'!E12 -> 11125 | F25: ='Expense Sheet'!F12 -> 11125 | G25: ='Expense Sheet'!G12 -> 11125 | H25: ='Expense Sheet'!H12 -> 11125 | ... BI25: ='Expense Sheet'!BI12 -> 11125
A27: Earnings before Tax (EBT) | B27: =B23-B25 -> 15522.25 | C27: =C23-C25 -> 20247.25 | D27: =D23-D25 -> 25114 | E27: =E23-E25 -> 30126.753 | F27: =F23-F25 -> 35289.888 | G27: =G23-G25 -> 40607.917 | H27: =H23-H25 -> 46085.487 | I27: =I23-I25 -> 51727.384 | ... BI27: =BI23-BI25 -> 4081069.8
A29: Tax | B29: =IF(SUM(B27:M27)>0,SUM(B27:M27)*Assumptions!$B$8/12,0) -> 9301.454 | C29: =IF(SUM(B27:M27)>0,SUM(B27:M27)*Assumptions!$B$8/12,0) -> 9301.454 | D29: =IF(SUM(B27:M27)>0,SUM(B27:M27)*Assumptions!$B$8/12,0) -> 9301.454 | E29: =IF(SUM(B27:M27)>0,SUM(B27:M27)*Assumptions!$B$8/12,0) -> 9301.454 | F29: =IF(SUM(B27:M27)>0,SUM(B27:M27)*Assumptions!$B$8/12,0) -> 9301.454 | G29: =IF(SUM(B27:M27)>0,SUM(B27:M27)*Assumptions!$B$8/12,0) -> 9301.454 | H29: =IF(SUM(B27:M27)>0,SUM(B27:M27)*Assumptions!$B$8/12,0) -> 9301.454 | I29: =IF(SUM(B27:M27)>0,SUM(B27:M27)*Assumptions!$B$8/12,0) -> 9301.454 | J29: =IF(SUM(B27:M27)>0,SUM(B27:M27)*Assumptions!$B$8/12,0) -> 9301.454 | K29: =IF(SUM(B27:M27)>0,SUM(B27:M27)*Assumptions!$B$8/12,0) -> 9301.454 | L29: =IF(SUM(B27:M27)>0,SUM(B27:M27)*Assumptions!$B$8/12,0) -> 9301.454 | M29: =IF(SUM(B27:M27)>0,SUM(B27:M27)*Assumptions!$B$8/12,0) -> 9301.454 | N29: =IF(SUM(N27:Y27)>0,SUM(N27:Y27)*Assumptions!$B$8/12,0) -> 69165.522 | O29: =IF(SUM(N27:Y27)>0,SUM(N27:Y27)*Assumptions!$B$8/12,0) -> 69165.522 | P29: =IF(SUM(N27:Y27)>0,SUM(N27:Y27)*Assumptions!$B$8/12,0) -> 69165.522 | Q29: =IF(SUM(N27:Y27)>0,SUM(N27:Y27)*Assumptions!$B$8/12,0) -> 69165.522 | R29: =IF(SUM(N27:Y27)>0,SUM(N27:Y27)*Assumptions!$B$8/12,0) -> 69165.522 | S29: =IF(SUM(N27:Y27)>0,SUM(N27:Y27)*Assumptions!$B$8/12,0) -> 69165.522 | T29: =IF(SUM(N27:Y27)>0,SUM(N27:Y27)*Assumptions!$B$8/12,0) -> 69165.522 | U29: =IF(SUM(N27:Y27)>0,SUM(N27:Y27)*Assumptions!$B$8/12,0) -> 69165.522 | V29: =IF(SUM(N27:Y27)>0,SUM(N27:Y27)*Assumptions!$B$8/12,0) -> 69165.522 | W29: =IF(SUM(N27:Y27)>0,SUM(N27:Y27)*Assumptions!$B$8/12,0) -> 69165.522 | X29: =IF(SUM(N27:Y27)>0,SUM(N27:Y27)*Assumptions!$B$8/12,0) -> 69165.522 | Y29: =IF(SUM(N27:Y27)>0,SUM(N27:Y27)*Assumptions!$B$8/12,0) -> 69165.522 | Z29: =IF(SUM(Z27:AK27)>0,SUM(Z27:AK27)*Assumptions!$B$8/12,0) -> 184448 | AA29: =IF(SUM(Z27:AK27)>0,SUM(Z27:AK27)*Assumptions!$B$8/12,0) -> 184448 | AB29: =IF(SUM(Z27:AK27)>0,SUM(Z27:AK27)*Assumptions!$B$8/12,0) -> 184448 | AC29: =IF(SUM(Z27:AK27)>0,SUM(Z27:AK27)*Assumptions!$B$8/12,0) -> 184448 | AD29: =IF(SUM(Z27:AK27)>0,SUM(Z27:AK27)*Assumptions!$B$8/12,0) -> 184448 | AE29: =IF(SUM(Z27:AK27)>0,SUM(Z27:AK27)*Assumptions!$B$8/12,0) -> 184448 | AF29: =IF(SUM(Z27:AK27)>0,SUM(Z27:AK27)*Assumptions!$B$8/12,0) -> 184448 | AG29: =IF(SUM(Z27:AK27)>0,SUM(Z27:AK27)*Assumptions!$B$8/12,0) -> 184448 | AH29: =IF(SUM(Z27:AK27)>0,SUM(Z27:AK27)*Assumptions!$B$8/12,0) -> 184448 | AI29: =IF(SUM(Z27:AK27)>0,SUM(Z27:AK27)*Assumptions!$B$8/12,0) -> 184448 | AJ29: =IF(SUM(Z27:AK27)>0,SUM(Z27:AK27)*Assumptions!$B$8/12,0) -> 184448 | AK29: =IF(SUM(Z27:AK27)>0,SUM(Z27:AK27)*Assumptions!$B$8/12,0) -> 184448 | AL29: =IF(SUM(AL27:AW27)>0,SUM(AL27:AW27)*Assumptions!$B$8/12,0) -> 345799.91 | AM29: =IF(SUM(AL27:AW27)>0,SUM(AL27:AW27)*Assumptions!$B$8/12,0) -> 345799.91 | AN29: =IF(SUM(AL27:AW27)>0,SUM(AL27:AW27)*Assumptions!$B$8/12,0) -> 345799.91 | AO29: =IF(SUM(AL27:AW27)>0,SUM(AL27:AW27)*Assumptions!$B$8/12,0) -> 345799.91 | AP29: =IF(SUM(AL27:AW27)>0,SUM(AL27:AW27)*Assumptions!$B$8/12,0) -> 345799.91 | AQ29: =IF(SUM(AL27:AW27)>0,SUM(AL27:AW27)*Assumptions!$B$8/12,0) -> 345799.91 | AR29: =IF(SUM(AL27:AW27)>0,SUM(AL27:AW27)*Assumptions!$B$8/12,0) -> 345799.91 | AS29: =IF(SUM(AL27:AW27)>0,SUM(AL27:AW27)*Assumptions!$B$8/12,0) -> 345799.91 | AT29: =IF(SUM(AL27:AW27)>0,SUM(AL27:AW27)*Assumptions!$B$8/12,0) -> 345799.91 | AU29: =IF(SUM(AL27:AW27)>0,SUM(AL27:AW27)*Assumptions!$B$8/12,0) -> 345799.91 | AV29: =IF(SUM(AL27:AW27)>0,SUM(AL27:AW27)*Assumptions!$B$8/12,0) -> 345799.91 | AW29: =IF(SUM(AL27:AW27)>0,SUM(AL27:AW27)*Assumptions!$B$8/12,0) -> 345799.91 | AX29: =IF(SUM(AX27:BI27)>0,SUM(AX27:BI27)*Assumptions!$B$8/12,0) -> 630385.59 | AY29: =IF(SUM(AX27:BI27)>0,SUM(AX27:BI27)*Assumptions!$B$8/12,0) -> 630385.59 | AZ29: =IF(SUM(AX27:BI27)>0,SUM(AX27:BI27)*Assumptions!$B$8/12,0) -> 630385.59 | BA29: =IF(SUM(AX27:BI27)>0,SUM(AX27:BI27)*Assumptions!$B$8/12,0) -> 630385.59 | BB29: =IF(SUM(AX27:BI27)>0,SUM(AX27:BI27)*Assumptions!$B$8/12,0) -> 630385.59 | BC29: =IF(SUM(AX27:BI27)>0,SUM(AX27:BI27)*Assumptions!$B$8/12,0) -> 630385.59 | BD29: =IF(SUM(AX27:BI27)>0,SUM(AX27:BI27)*Assumptions!$B$8/12,0) -> 630385.59 | BE29: =IF(SUM(AX27:BI27)>0,SUM(AX27:BI27)*Assumptions!$B$8/12,0) -> 630385.59 | BF29: =IF(SUM(AX27:BI27)>0,SUM(AX27:BI27)*Assumptions!$B$8/12,0) -> 630385.59 | BG29: =IF(SUM(AX27:BI27)>0,SUM(AX27:BI27)*Assumptions!$B$8/12,0) -> 630385.59 | BH29: =IF(SUM(AX27:BI27)>0,SUM(AX27:BI27)*Assumptions!$B$8/12,0) -> 630385.59 | BI29: =IF(SUM(AX27:BI27)>0,SUM(AX27:BI27)*Assumptions!$B$8/12,0) -> 630385.59
A31: Net Income / (Loss) | B31: =B27-B29 -> 6220.796 | C31: =C27-C29 -> 10945.796 | D31: =D27-D29 -> 15812.546 | E31: =E27-E29 -> 20825.299 | F31: =F27-F29 -> 25988.434 | G31: =G27-G29 -> 31306.463 | H31: =H27-H29 -> 36784.033 | I31: =I27-I29 -> 42425.93 | ... BI31: =BI27-BI29 -> 3450684.2
A33: Net Income/Revenue | B33: =IFERROR(B31/B3,"") -> 0.023698271 | C33: =IFERROR(C31/C3,"") -> 0.040483758 | D33: =IFERROR(D31/D3,"") -> 0.056780347 | E33: =IFERROR(E31/E3,"") -> 0.072602279 | F33: =IFERROR(F31/F3,"") -> 0.087963378 | G33: =IFERROR(G31/G3,"") -> 0.10287707 | H33: =IFERROR(H31/H3,"") -> 0.11735637 | I33: =IFERROR(I31/I3,"") -> 0.13141396 | ... BI33: =IFERROR(BI31/BI3,"") -> 0.39798059

Sheet Monthly Balance Sheet
A2: Assets and Liabilities | B2: Mon 1 | C2: Mon 2 | D2: Mon 3 | E2: Mon 4 | F2: Mon 5 | G2: Mon 6 | H2: Mon 7 | I2: Mon 8 | J2: Mon 9 | K2: Mon 10 | L2: Mon 11 | M2: Mon 12 | N2: Mon 13 | O2: Mon 14 | P2: Mon 15 | Q2: Mon 16 | R2: Mon 17 | S2: Mon 18 | T2: Mon 19 | U2: Mon 20 | V2: Mon 21 | W2: Mon 22 | X2: Mon 23 | Y2: Mon 24 | Z2: Mon 25 | AA2: Mon 26 | AB2: Mon 27 | AC2: Mon 28 | AD2: Mon 29 | AE2: Mon 30 | AF2: Mon 31 | AG2: Mon 32 | AH2: Mon 33 | AI2: Mon 34 | AJ2: Mon 35 | AK2: Mon 36 | AL2: Mon 37 | AM2: Mon 38 | AN2: Mon 39 | AO2: Mon 40 | AP2: Mon 41 | AQ2: Mon 42 | AR2: Mon 43 | AS2: Mon 44 | AT2: Mon 45 | AU2: Mon 46 | AV2: Mon 47 | AW2: Mon 48 | AX2: Mon 49 | AY2: Mon 50 | AZ2: Mon 51 | BA2: Mon 52 | BB2: Mon 53 | BC2: Mon 54 | BD2: Mon 55 | BE2: Mon 56 | BF2: Mon 57 | BG2: Mon 58 | BH2: Mon 59 | BI2: Mon 60
A3: Non-Current Assets
A4: =Depreciation!B53 -> Metal Fabrication Shop Acquisition | B4: =Depreciation!C53 -> 1995000 | C4: =Depreciation!D53 -> 1990000 | D4: =Depreciation!E53 -> 1985000 | E4: =Depreciation!F53 -> 1980000 | F4: =Depreciation!G53 -> 1975000 | G4: =Depreciation!H53 -> 1970000 | H4: =Depreciation!I53 -> 1965000 | ... BI4: =Depreciation!BJ53 -> 1700000
A5: =Depreciation!B54 -> R&D Surveillance System | B5: =Depreciation!C54 -> 1496250 | C5: =Depreciation!D54 -> 1492500 | D5: =Depreciation!E54 -> 1488750 | E5: =Depreciation!F54 -> 1485000 | F5: =Depreciation!G54 -> 1481250 | G5: =Depreciation!H54 -> 1477500 | H5: =Depreciation!I54 -> 1473750 | ... BI5: =Depreciation!BJ54 -> 1275000
A6: =Depreciation!B55 -> Shop Upgrades | B6: =Depreciation!C55 -> 947625 | C6: =Depreciation!D55 -> 945250 | D6: =Depreciation!E55 -> 942875 | E6: =Depreciation!F55 -> 940500 | F6: =Depreciation!G55 -> 938125 | G6: =Depreciation!H55 -> 935750 | H6: =Depreciation!I55 -> 933375 | ... BI6: =Depreciation!BJ55 -> 807500
A8: Current Assets
A9: Cash | B9: ='Monthly Income Statement '!B31+'Monthly Income Statement '!B25+'Monthly Income Statement '!B21-'Monthly Income Statement '!B3+'Use of Proceeds'!B9-'Loan Schedule'!B10+'AR & AP'!B13+'Use of Proceeds'!B19 -> 5514845.8 | C9: =B9+'Monthly Income Statement '!C31+'Monthly Income Statement '!C25+'Monthly Income Statement '!C21-'Loan Schedule'!C10-'Monthly Income Statement '!C3+'AR & AP'!C13 -> 5482841.6 | D9: =C9+'Monthly Income Statement '!D31+'Monthly Income Statement '!D25+'Monthly Income Statement '!D21-'Loan Schedule'!D10-'Monthly Income Statement '!D3+'AR & AP'!D13 -> 5506581.9 | E9: =D9+'Monthly Income Statement '!E31+'Monthly Income Statement '!E25+'Monthly Income Statement '!E21-'Loan Schedule'!E10-'Monthly Income Statement '!E3+'AR & AP'!E13 -> 5535239 | F9: =E9+'Monthly Income Statement '!F31+'Monthly Income Statement '!F25+'Monthly Income Statement '!F21-'Loan Schedule'!F10-'Monthly Income Statement '!F3+'AR & AP'!F13 -> 5568960.5 | G9: =F9+'Monthly Income Statement '!G31+'Monthly Income Statement '!G25+'Monthly Income Statement '!G21-'Loan Schedule'!G10-'Monthly Income Statement '!G3+'AR & AP'!G13 -> 5607898.2 | H9: =G9+'Monthly Income Statement '!H31+'Monthly Income Statement '!H25+'Monthly Income Statement '!H21-'Loan Schedule'!H10-'Monthly Income Statement '!H3+'AR & AP'!H13 -> 5652208.7 | I9: =H9+'Monthly Income Statement '!I31+'Monthly Income Statement '!I25+'Monthly Income Statement '!I21-'Loan Schedule'!I10-'Monthly Income Statement '!I3+'AR & AP'!I13 -> 5702053.2 | J9: =I9+'Monthly Income Statement '!J31+'Monthly Income Statement '!J25+'Monthly Income Statement '!J21-'Loan Schedule'!J10-'Monthly Income Statement '!J3+'AR & AP'!J13 -> 5757597.6 | ... BI9: =BH9+'Monthly Income Statement '!BI31+'Monthly Income Statement '!BI25+'Monthly Income Statement '!BI21-'Loan Schedule'!BI10-'Monthly Income Statement '!BI3+'AR & AP'!BI13 -> 58768418
A10: Accounts Receivable | B10: ='AR & AP'!B15 -> 52500 | C10: ='AR & AP'!C15 -> 106575 | D10: ='AR & AP'!D15 -> 109772.25 | E10: ='AR & AP'!E15 -> 113065.42 | F10: ='AR & AP'!F15 -> 116457.38 | G10: ='AR & AP'!G15 -> 119951.1 | H10: ='AR & AP'!H15 -> 123549.63 | I10: ='AR & AP'!I15 -> 127256.12 | ... BI10: ='AR & AP'!BI15 -> 3385617.4
A11: Inventory | B11: =#REF! -> #REF! | C11: =#REF! -> #REF! | D11: =#REF! -> #REF! | E11: =#REF! -> #REF! | F11: =#REF! -> #REF! | G11: =#REF! -> #REF! | H11: =#REF! -> #REF! | I11: =#REF! -> #REF! | ... BI11: =#REF! -> #REF!
A13: Total Assets | B13: =SUBTOTAL(109,B4:B11) -> 10006221 | C13: =SUBTOTAL(109,C4:C11) -> 10017167 | D13: =SUBTOTAL(109,D4:D11) -> 10032979 | E13: =SUBTOTAL(109,E4:E11) -> 10053804 | F13: =SUBTOTAL(109,F4:F11) -> 10079793 | G13: =SUBTOTAL(109,G4:G11) -> 10111099 | H13: =SUBTOTAL(109,H4:H11) -> 10147883 | I13: =SUBTOTAL(109,I4:I11) -> 10190309 | ... BI13: =SUBTOTAL(109,BI4:BI11) -> 65936535
A14: LIABILITIES AND EQUITY:
A15: LIABILITIES
A16: Accounts Payable | B16: 0 | C16: 0 | D16: 0 | E16: 0 | F16: 0 | G16: 0 | H16: 0 | I16: 0 | J16: 0 | K16: 0 | L16: 0 | M16: 0 | N16: 0 | O16: 0 | P16: 0 | Q16: 0 | R16: 0 | S16: 0 | T16: 0 | U16: 0 | V16: 0 | W16: 0 | X16: 0 | Y16: 0 | Z16: 0 | AA16: 0 | AB16: 0 | AC16: 0 | AD16: 0 | AE16: 0 | AF16: 0 | AG16: 0 | AH16: 0 | AI16: 0 | AJ16: 0 | AK16: 0 | AL16: 0 | AM16: 0 | AN16: 0 | AO16: 0 | AP16: 0 | AQ16: 0 | AR16: 0 | AS16: 0 | AT16: 0 | AU16: 0 | AV16: 0 | AW16: 0 | AX16: 0 | AY16: 0 | AZ16: 0 | BA16: 0 | BB16: 0 | BC16: 0 | BD16: 0 | BE16: 0 | BF16: 0 | BG16: 0 | BH16: 0 | BI16: 0
A17: Loan | B17: ='Loan Schedule'!B13 -> 0 | C17: ='Loan Schedule'!C13 -> 0 | D17: ='Loan Schedule'!D13 -> 0 | E17: ='Loan Schedule'!E13 -> 0 | F17: ='Loan Schedule'!F13 -> 0 | G17: ='Loan Schedule'!G13 -> 0 | H17: ='Loan Schedule'!H13 -> 0 | I17: ='Loan Schedule'!I13 -> 0 | ... BI17: ='Loan Schedule'!BI13 -> 0
A18: Total Liabilities | B18: =SUM(B16:B17) -> 0 | C18: =SUM(C16:C17) -> 0 | D18: =SUM(D16:D17) -> 0 | E18: =SUM(E16:E17) -> 0 | F18: =SUM(F16:F17) -> 0 | G18: =SUM(G16:G17) -> 0 | H18: =SUM(H16:H17) -> 0 | I18: =SUM(I16:I17) -> 0 | ... BI18: =SUM(BI16:BI17) -> 0
A19: EQUITY
A20: Capital | B20: ='Use of Proceeds'!B26 -> 10000000 | C20: =B20 -> 10000000 | D20: =C20 -> 10000000 | E20: =D20 -> 10000000 | F20: =E20 -> 10000000 | G20: =F20 -> 10000000 | H20: =G20 -> 10000000 | I20: =H20 -> 10000000 | J20: =I20 -> 10000000 | ... BI20: =BH20 -> 10000000
A21: Retained Earnings | B21: 0 | C21: =SUM(B21:B22) -> 6220.796 | D21: =SUM(C21:C22) -> 17166.592 | E21: =SUM(D21:D22) -> 32979.138 | F21: =SUM(E21:E22) -> 53804.437 | G21: =SUM(F21:F22) -> 79792.87 | H21: =SUM(G21:G22) -> 111099.33 | I21: =SUM(H21:H22) -> 147883.37 | J21: =SUM(I21:I22) -> 190309.3 | ... BI21: =SUM(BH21:BH22) -> 52485851
A22: Profit or loss balance | B22: ='Monthly Income Statement '!B31 -> 6220.796 | C22: ='Monthly Income Statement '!C31 -> 10945.796 | D22: ='Monthly Income Statement '!D31 -> 15812.546 | E22: ='Monthly Income Statement '!E31 -> 20825.299 | F22: ='Monthly Income Statement '!F31 -> 25988.434 | G22: ='Monthly Income Statement '!G31 -> 31306.463 | H22: ='Monthly Income Statement '!H31 -> 36784.033 | I22: ='Monthly Income Statement '!I31 -> 42425.93 | ... BI22: ='Monthly Income Statement '!BI31 -> 3450684.2
A23: TOTAL EQUITY | B23: =SUM(B20:B22) -> 10006221 | C23: =SUM(C20:C22) -> 10017167 | D23: =SUM(D20:D22) -> 10032979 | E23: =SUM(E20:E22) -> 10053804 | F23: =SUM(F20:F22) -> 10079793 | G23: =SUM(G20:G22) -> 10111099 | H23: =SUM(H20:H22) -> 10147883 | I23: =SUM(I20:I22) -> 10190309 | ... BI23: =SUM(BI20:BI22) -> 65936535
A25: TOTAL LIABILITIES AND EQUITY | B25: =B23+B18 -> 10006221 | C25: =C23+C18 -> 10017167 | D25: =D23+D18 -> 10032979 | E25: =E23+E18 -> 10053804 | F25: =F23+F18 -> 10079793 | G25: =G23+G18 -> 10111099 | H25: =H23+H18 -> 10147883 | I25: =I23+I18 -> 10190309 | ... BI25: =BI23+BI18 -> 65936535
B27: =B13-B25 -> 0 | C27: =C13-C25 -> 0 | D27: =D13-D25 -> 0 | E27: =E13-E25 -> 0 | F27: =F13-F25 -> 0 | G27: =G13-G25 -> 0 | H27: =H13-H25 -> 0 | I27: =I13-I25 -> 0 | ... BI27: =BI13-BI25 -> 0

Sheet Monthly Cash Flows
A2: Particulars | B2: Mon 1 | C2: Mon 2 | D2: Mon 3 | E2: Mon 4 | F2: Mon 5 | G2: Mon 6 | H2: Mon 7 | I2: Mon 8 | J2: Mon 9 | K2: Mon 10 | L2: Mon 11 | M2: Mon 12 | N2: Mon 13 | O2: Mon 14 | P2: Mon 15 | Q2: Mon 16 | R2: Mon 17 | S2: Mon 18 | T2: Mon 19 | U2: Mon 20 | V2: Mon 21 | W2: Mon 22 | X2: Mon 23 | Y2: Mon 24 | Z2: Mon 25 | AA2: Mon 26 | AB2: Mon 27 | AC2: Mon 28 | AD2: Mon 29 | AE2: Mon 30 | AF2: Mon 31 | AG2: Mon 32 | AH2: Mon 33 | AI2: Mon 34 | AJ2: Mon 35 | AK2: Mon 36 | AL2: Mon 37 | AM2: Mon 38 | AN2: Mon 39 | AO2: Mon 40 | AP2: Mon 41 | AQ2: Mon 42 | AR2: Mon 43 | AS2: Mon 44 | AT2: Mon 45 | AU2: Mon 46 | AV2: Mon 47 | AW2: Mon 48 | AX2: Mon 49 | AY2: Mon 50 | AZ2: Mon 51 | BA2: Mon 52 | BB2: Mon 53 | BC2: Mon 54 | BD2: Mon 55 | BE2: Mon 56 | BF2: Mon 57 | BG2: Mon 58 | BH2: Mon 59 | BI2: Mon 60
A3: ='Cash Flows'!A3 -> Cash Inflows:
A4: Cash Received from Revenue | B4: ='AR & AP'!B13 -> 210000 | C4: ='AR & AP'!C13 -> 216300 | D4: ='AR & AP'!D13 -> 275289 | E4: ='AR & AP'!E13 -> 283547.67 | F4: ='AR & AP'!F13 -> 292054.1 | G4: ='AR & AP'!G13 -> 300815.72 | H4: ='AR & AP'!H13 -> 309840.19 | I4: ='AR & AP'!I13 -> 319135.4 | ... BI4: ='AR & AP'!BI13 -> 8509263.8
A5: Loan Proceeds / Capital Injection | B5: ='Loan Schedule'!B2+'Use of Proceeds'!B26 -> 10000000 | C5: 0 | D5: 0 | E5: 0 | F5: 0 | G5: 0 | H5: 0 | I5: 0 | J5: 0 | K5: 0 | L5: 0 | M5: 0 | N5: 0 | O5: 0 | P5: 0 | Q5: 0 | R5: 0 | S5: 0 | T5: 0 | U5: 0 | V5: 0 | W5: 0 | X5: 0 | Y5: 0 | Z5: 0 | AA5: 0 | AB5: 0 | AC5: 0 | AD5: 0 | AE5: 0 | AF5: 0 | AG5: 0 | AH5: 0 | AI5: 0 | AJ5: 0 | AK5: 0 | AL5: 0 | AM5: 0 | AN5: 0 | AO5: 0 | AP5: 0 | AQ5: 0 | AR5: 0 | AS5: 0 | AT5: 0 | AU5: 0 | AV5: 0 | AW5: 0 | AX5: 0 | AY5: 0 | AZ5: 0 | BA5: 0 | BB5: 0 | BC5: 0 | BD5: 0 | BE5: 0 | BF5: 0 | BG5: 0 | BH5: 0 | BI5: 0
A6: ='Cash Flows'!A6 -> Total Inflows | B6: =SUM(B4:B5) -> 10210000 | C6: =SUM(C4:C5) -> 216300 | D6: =SUM(D4:D5) -> 275289 | E6: =SUM(E4:E5) -> 283547.67 | F6: =SUM(F4:F5) -> 292054.1 | G6: =SUM(G4:G5) -> 300815.72 | H6: =SUM(H4:H5) -> 309840.19 | I6: =SUM(I4:I5) -> 319135.4 | ... BI6: =SUM(BI4:BI5) -> 8509263.8
A8: ='Cash Flows'!A8 -> Cash Outflows:
A9: ='Monthly Income Statement '!A8 -> Payroll | B9: ='Monthly Income Statement '!B8 -> 79252.75 | C9: ='Monthly Income Statement '!C8 -> 79252.75 | D9: ='Monthly Income Statement '!D8 -> 79252.75 | E9: ='Monthly Income Statement '!E8 -> 79252.75 | F9: ='Monthly Income Statement '!F8 -> 79252.75 | G9: ='Monthly Income Statement '!G8 -> 79252.75 | H9: ='Monthly Income Statement '!H8 -> 79252.75 | ... BI9: ='Monthly Income Statement '!BI8 -> 109369.08
A10: ='Monthly Income Statement '!A9 -> Rent & Utilities | B10: ='Monthly Income Statement '!B9 -> 16000 | C10: ='Monthly Income Statement '!C9 -> 16000 | D10: ='Monthly Income Statement '!D9 -> 16000 | E10: ='Monthly Income Statement '!E9 -> 16000 | F10: ='Monthly Income Statement '!F9 -> 16000 | G10: ='Monthly Income Statement '!G9 -> 16000 | H10: ='Monthly Income Statement '!H9 -> 16000 | ... BI10: ='Monthly Income Statement '!BI9 -> 18008.141
A11: ='Monthly Income Statement '!A10 -> Regulatory & Compliance | B11: ='Monthly Income Statement '!B10 -> 9100 | C11: ='Monthly Income Statement '!C10 -> 9100 | D11: ='Monthly Income Statement '!D10 -> 9100 | E11: ='Monthly Income Statement '!E10 -> 9100 | F11: ='Monthly Income Statement '!F10 -> 9100 | G11: ='Monthly Income Statement '!G10 -> 9100 | H11: ='Monthly Income Statement '!H10 -> 9100 | ... BI11: ='Monthly Income Statement '!BI10 -> 145600
A12: ='Monthly Income Statement '!A11 -> Maintenance & Equipment Upkeep | B12: ='Monthly Income Statement '!B11 -> 11500 | C12: ='Monthly Income Statement '!C11 -> 11500 | D12: ='Monthly Income Statement '!D11 -> 11500 | E12: ='Monthly Income Statement '!E11 -> 11500 | F12: ='Monthly Income Statement '!F11 -> 11500 | G12: ='Monthly Income Statement '!G11 -> 11500 | H12: ='Monthly Income Statement '!H11 -> 11500 | ... BI12: ='Monthly Income Statement '!BI11 -> 184000
A13: ='Monthly Income Statement '!A12 -> Insurance & Security | B13: ='Monthly Income Statement '!B12 -> 8000 | C13: ='Monthly Income Statement '!C12 -> 8000 | D13: ='Monthly Income Statement '!D12 -> 8000 | E13: ='Monthly Income Statement '!E12 -> 8000 | F13: ='Monthly Income Statement '!F12 -> 8000 | G13: ='Monthly Income Statement '!G12 -> 8000 | H13: ='Monthly Income Statement '!H12 -> 8000 | ... BI13: ='Monthly Income Statement '!BI12 -> 128000
A14: ='Monthly Income Statement '!A13 -> Marketing & Advertising | B14: ='Monthly Income Statement '!B13 -> 18375 | C14: ='Monthly Income Statement '!C13 -> 18926.25 | D14: ='Monthly Income Statement '!D13 -> 19494.038 | E14: ='Monthly Income Statement '!E13 -> 20078.859 | F14: ='Monthly Income Statement '!F13 -> 20681.224 | G14: ='Monthly Income Statement '!G13 -> 21301.661 | H14: ='Monthly Income Statement '!H13 -> 21940.711 | ... BI14: ='Monthly Income Statement '!BI13 -> 606933.85
A15: ='Monthly Income Statement '!A14 -> R&D & Prototyping | B15: ='Monthly Income Statement '!B14 -> 5500 | C15: ='Monthly Income Statement '!C14 -> 5500 | D15: ='Monthly Income Statement '!D14 -> 5500 | E15: ='Monthly Income Statement '!E14 -> 5500 | F15: ='Monthly Income Statement '!F14 -> 5500 | G15: ='Monthly Income Statement '!G14 -> 5500 | H15: ='Monthly Income Statement '!H14 -> 5500 | ... BI15: ='Monthly Income Statement '!BI14 -> 88000
A16: ='Monthly Income Statement '!A15 -> Miscellaneous Expenses | B16: ='Monthly Income Statement '!B15 -> 1500 | C16: ='Monthly Income Statement '!C15 -> 1500 | D16: ='Monthly Income Statement '!D15 -> 1500 | E16: ='Monthly Income Statement '!E15 -> 1500 | F16: ='Monthly Income Statement '!F15 -> 1500 | G16: ='Monthly Income Statement '!G15 -> 1500 | H16: ='Monthly Income Statement '!H15 -> 1500 | ... BI16: ='Monthly Income Statement '!BI15 -> 24000
A17: ='Monthly Income Statement '!A29 -> Tax | B17: ='Monthly Income Statement '!B29 -> 9301.454 | C17: ='Monthly Income Statement '!C29 -> 9301.454 | D17: ='Monthly Income Statement '!D29 -> 9301.454 | E17: ='Monthly Income Statement '!E29 -> 9301.454 | F17: ='Monthly Income Statement '!F29 -> 9301.454 | G17: ='Monthly Income Statement '!G29 -> 9301.454 | H17: ='Monthly Income Statement '!H29 -> 9301.454 | ... BI17: ='Monthly Income Statement '!BI29 -> 630385.59
A18: Purchase of Assets | B18: =SUM(Assumptions!B20:B25)+Depreciation!C19 -> 4450000 | C18: =Depreciation!D19 -> 0 | D18: =Depreciation!E19 -> 0 | E18: =Depreciation!F19 -> 0 | F18: =Depreciation!G19 -> 0 | G18: =Depreciation!H19 -> 0 | H18: =Depreciation!I19 -> 0 | I18: =Depreciation!J19 -> 0 | J18: =Depreciation!K19 -> 0 | ... BI18: =Depreciation!BJ19 -> 0
A19: Loan Repayment | B19: ='Loan Schedule'!B10 -> 0 | C19: ='Loan Schedule'!C10 -> 0 | D19: ='Loan Schedule'!D10 -> 0 | E19: ='Loan Schedule'!E10 -> 0 | F19: ='Loan Schedule'!F10 -> 0 | G19: ='Loan Schedule'!G10 -> 0 | H19: ='Loan Schedule'!H10 -> 0 | I19: ='Loan Schedule'!I10 -> 0 | ... BI19: ='Loan Schedule'!BI10 -> 0
A20: Cash Paid For Cogs | B20: ='Monthly Income Statement '!B4 -> 86625 | C20: ='Monthly Income Statement '!C4 -> 89223.75 | D20: ='Monthly Income Statement '!D4 -> 91900.463 | E20: ='Monthly Income Statement '!E4 -> 94657.476 | F20: ='Monthly Income Statement '!F4 -> 97497.201 | G20: ='Monthly Income Statement '!G4 -> 100422.12 | H20: ='Monthly Income Statement '!H4 -> 103434.78 | I20: ='Monthly Income Statement '!I4 -> 106537.82 | ... BI20: ='Monthly Income Statement '!BI4 -> 3274377.8
A22: ='Cash Flows'!A22 -> Total Outflows | B22: =SUM(B9:B20) -> 4695154.2 | C22: =SUM(C9:C20) -> 248304.2 | D22: =SUM(D9:D20) -> 251548.7 | E22: =SUM(E9:E20) -> 254890.54 | F22: =SUM(F9:F20) -> 258332.63 | G22: =SUM(G9:G20) -> 261877.98 | H22: =SUM(H9:H20) -> 265529.7 | I22: =SUM(I9:I20) -> 269290.96 | ... BI22: =SUM(BI9:BI20) -> 5208674.5
A24: ='Cash Flows'!A24 -> Net Cash generated | B24: =B6-B22 -> 5514845.8 | C24: =C6-C22 -> -32004.204 | D24: =D6-D22 -> 23740.296 | E24: =E6-E22 -> 28657.131 | F24: =F6-F22 -> 33721.471 | G24: =G6-G22 -> 38937.741 | H24: =H6-H22 -> 44310.5 | I24: =I6-I22 -> 49844.441 | ... BI24: =BI6-BI22 -> 3300589.3
A26: ='Cash Flows'!A26 -> Opening Cash Balance | B26: 0 | C26: =B27 -> 5514845.8 | D26: =C27 -> 5482841.6 | E26: =D27 -> 5506581.9 | F26: =E27 -> 5535239 | G26: =F27 -> 5568960.5 | H26: =G27 -> 5607898.2 | I26: =H27 -> 5652208.7 | J26: =I27 -> 5702053.2 | ... BI26: =BH27 -> 55467829
A27: ='Cash Flows'!A27 -> Ending Cash Balance | B27: =SUM(B24:B26) -> 5514845.8 | C27: =SUM(C24:C26) -> 5482841.6 | D27: =SUM(D24:D26) -> 5506581.9 | E27: =SUM(E24:E26) -> 5535239 | F27: =SUM(F24:F26) -> 5568960.5 | G27: =SUM(G24:G26) -> 5607898.2 | H27: =SUM(H24:H26) -> 5652208.7 | I27: =SUM(I24:I26) -> 5702053.2 | ... BI27: =SUM(BI24:BI26) -> 58768418
B29: =B27-'Monthly Balance Sheet'!B9 -> 0 | C29: =C27-'Monthly Balance Sheet'!C9 -> 0 | D29: =D27-'Monthly Balance Sheet'!D9 -> 0 | E29: =E27-'Monthly Balance Sheet'!E9 -> 0 | F29: =F27-'Monthly Balance Sheet'!F9 -> 0 | G29: =G27-'Monthly Balance Sheet'!G9 -> 0 | H29: =H27-'Monthly Balance Sheet'!H9 -> 0 | I29: =I27-'Monthly Balance Sheet'!I9 -> 0 | ... BI29: =BI27-'Monthly Balance Sheet'!BI9 -> 0

Sheet Equity Valuations
B1: Inputs
A2: Beta | B2: 1.17 | C2: http://pages.stern.nyu.edu/~adamodar/New_Home_Page/datafile/Betas.html
A3: Risk free Rate | B3: 0.035 | C3: https://www.investing.com/rates-bonds/u.s.-5-year-bond-yield
A4: Market Return | B4: 0.055
A5: Debt | B5: ='Balance Sheet'!F17 -> 0
A6: Equity | B6: =SUM('Balance Sheet'!F20:F22) -> 65936535
A7: Weight of Equity | B7: =B6/(B6+B5) -> 1
A8: Weight of Debt | B8: =B5/(B6+B5) -> 0
A10: Cost of Equity | B10: =B3+B2*(B4-B3) -> 0.0584
A11: Cost of Debt | B11: ='Loan Schedule'!B3 -> 0.115
A13: WACC | B13: =B10*B7+B11*B8 -> 0.0584
C16: Year 0 | D16: 1 | E16: 2 | F16: 3 | G16: 4 | H16: 5
A17: Net Income | D17: ='Income Statement'!B31 -> 419894.21 | E17: ='Income Statement'!C31 -> 3122329.3 | F17: ='Income Statement'!D31 -> 8326509.6 | G17: ='Income Statement'!E31 -> 15610396 | H17: ='Income Statement'!F31 -> 28457406
A18: Add: Depreciation & Amortization | D18: ='Income Statement'!B25 -> 133500 | E18: ='Income Statement'!C25 -> 133500 | F18: ='Income Statement'!D25 -> 133500 | G18: ='Income Statement'!E25 -> 133500 | H18: ='Income Statement'!F25 -> 133500
A19: Less: Capital Expenditures | D19: 0 | E19: =D19 -> 0 | F19: =E19 -> 0 | G19: =F19 -> 0 | H19: =G19 -> 0
A20: Free Cash Flows | D20: =IFERROR(SUM(D17:D19),"") -> 553394.21 | E20: =IFERROR(SUM(E17:E19),"") -> 3255829.3 | F20: =IFERROR(SUM(F17:F19),"") -> 8460009.6 | G20: =IFERROR(SUM(G17:G19),"") -> 15743896 | H20: =IFERROR(SUM(H17:H19),"") -> 28590906
A22: Discount Factor | D22: =1/((1+$B$24)^D16) -> 0.94482237 | E22: =1/((1+$B$24)^E16) -> 0.89268932 | F22: =1/((1+$B$24)^F16) -> 0.84343284 | G22: =1/((1+$B$24)^G16) -> 0.79689422 | H22: =1/((1+$B$24)^H16) -> 0.75292349
A24: Discounted Cash Flows | B24: =B13 -> 0.0584 | C24: =-'Use of Proceeds'!B20 -> -10000000 | D24: =IFERROR(D20*D22,"") -> 522859.23 | E24: =IFERROR(E20*E22,"") -> 2906444 | F24: =IFERROR(F20*F22,"") -> 7135449.9 | G24: =IFERROR(G20*G22,"") -> 12546219 | H24: =IFERROR(H20*H22,"") -> 21526765
A26: NPV | B26: =SUM(D24:H24)+C24 -> 34637738
A28: IRR | B28: =IRR(C24:H24) -> 0.46081007
A30: Perpetuity Growth Rate | B30: 0.0125
A32: PV of Future Cash Flows | B32: =IFERROR(SUM(D24:H24),"") -> 44637738
A34: PV of Terminal Value | B34: =((H24*(1+B30))/(B24-B30)) -> 4.7485511e+08
A36: Value of the Company | B36: =IFERROR(B34+B32,"") -> 5.1949285e+08

Sheet Sensitivity Analysis
A1: Select a scenario from the list
A2: Base Case
A3: Pro Forma Profit and Loss | B3: Year 1 | C3: Year 2 | D3: Year 3 | E3: Year 4 | F3: Year 5 | H3: Base Case | I3: 0
A4: ='Income Statement'!A3 -> Revenue | B4: =IF($A$2=$H$3,'Income Statement'!B3,IF('Sensitivity Analysis'!$A$2='Sensitivity Analysis'!$H$4,'Income Statement'!B3*(1+'Sensitivity Analysis'!$I$4),IF('Sensitivity Analysis'!$A$2='Sensitivity Analysis'!$H$5,'Income Statement'!B3*(1+'Sensitivity Analysis'!$I$5)))) -> 3725407.8 | C4: =IF($A$2=$H$3,'Income Statement'!C3,IF('Sensitivity Analysis'!$A$2='Sensitivity Analysis'!$H$4,'Income Statement'!C3*(1+'Sensitivity Analysis'!$I$4),IF('Sensitivity Analysis'!$A$2='Sensitivity Analysis'!$H$5,'Income Statement'!C3*(1+'Sensitivity Analysis'!$I$5)))) -> 11220281 | D4: =IF($A$2=$H$3,'Income Statement'!D3,IF('Sensitivity Analysis'!$A$2='Sensitivity Analysis'!$H$4,'Income Statement'!D3*(1+'Sensitivity Analysis'!$I$4),IF('Sensitivity Analysis'!$A$2='Sensitivity Analysis'!$H$5,'Income Statement'!D3*(1+'Sensitivity Analysis'!$I$5)))) -> 25019725 | E4: =IF($A$2=$H$3,'Income Statement'!E3,IF('Sensitivity Analysis'!$A$2='Sensitivity Analysis'!$H$4,'Income Statement'!E3*(1+'Sensitivity Analysis'!$I$4),IF('Sensitivity Analysis'!$A$2='Sensitivity Analysis'!$H$5,'Income Statement'!E3*(1+'Sensitivity Analysis'!$I$5)))) -> 44931831 | F4: =IF($A$2=$H$3,'Income Statement'!F3,IF('Sensitivity Analysis'!$A$2='Sensitivity Analysis'!$H$4,'Income Statement'!F3*(1+'Sensitivity Analysis'!$I$4),IF('Sensitivity Analysis'!$A$2='Sensitivity Analysis'!$H$5,'Income Statement'!F3*(1+'Sensitivity Analysis'!$I$5)))) -> 80691112 | H4: Low Case | I4: -0.25
A5: ='Income Statement'!A4 -> Cost Of Goods Sold | B5: =IF($A$2=$H$3,'Income Statement'!B4,IF('Sensitivity Analysis'!$A$2='Sensitivity Analysis'!$H$4,'Income Statement'!B4*(1+'Sensitivity Analysis'!$I$4),IF('Sensitivity Analysis'!$A$2='Sensitivity Analysis'!$H$5,'Income Statement'!B4*(1+'Sensitivity Analysis'!$I$5)))) -> 1229384.6 | C5: =IF($A$2=$H$3,'Income Statement'!C4,IF('Sensitivity Analysis'!$A$2='Sensitivity Analysis'!$H$4,'Income Statement'!C4*(1+'Sensitivity Analysis'!$I$4),IF('Sensitivity Analysis'!$A$2='Sensitivity Analysis'!$H$5,'Income Statement'!C4*(1+'Sensitivity Analysis'!$I$5)))) -> 4237299.8 | D5: =IF($A$2=$H$3,'Income Statement'!D4,IF('Sensitivity Analysis'!$A$2='Sensitivity Analysis'!$H$4,'Income Statement'!D4*(1+'Sensitivity Analysis'!$I$4),IF('Sensitivity Analysis'!$A$2='Sensitivity Analysis'!$H$5,'Income Statement'!D4*(1+'Sensitivity Analysis'!$I$5)))) -> 9448611.4 | E5: =IF($A$2=$H$3,'Income Statement'!E4,IF('Sensitivity Analysis'!$A$2='Sensitivity Analysis'!$H$4,'Income Statement'!E4*(1+'Sensitivity Analysis'!$I$4),IF('Sensitivity Analysis'!$A$2='Sensitivity Analysis'!$H$5,'Income Statement'!E4*(1+'Sensitivity Analysis'!$I$5)))) -> 16968348 | F5: =IF($A$2=$H$3,'Income Statement'!F4,IF('Sensitivity Analysis'!$A$2='Sensitivity Analysis'!$H$4,'Income Statement'!F4*(1+'Sensitivity Analysis'!$I$4),IF('Sensitivity Analysis'!$A$2='Sensitivity Analysis'!$H$5,'Income Statement'!F4*(1+'Sensitivity Analysis'!$I$5)))) -> 30472716 | H5: High Case | I5: 0.25
A6: ='Income Statement'!A5 -> Gross Profit | B6: =IF($A$2=$H$3,'Income Statement'!B5,IF('Sensitivity Analysis'!$A$2='Sensitivity Analysis'!$H$4,'Income Statement'!B5*(1+'Sensitivity Analysis'!$I$4),IF('Sensitivity Analysis'!$A$2='Sensitivity Analysis'!$H$5,'Income Statement'!B5*(1+'Sensitivity Analysis'!$I$5)))) -> 2496023.2 | C6: =IF($A$2=$H$3,'Income Statement'!C5,IF('Sensitivity Analysis'!$A$2='Sensitivity Analysis'!$H$4,'Income Statement'!C5*(1+'Sensitivity Analysis'!$I$4),IF('Sensitivity Analysis'!$A$2='Sensitivity Analysis'!$H$5,'Income Statement'!C5*(1+'Sensitivity Analysis'!$I$5)))) -> 6982981.1 | D6: =IF($A$2=$H$3,'Income Statement'!D5,IF('Sensitivity Analysis'!$A$2='Sensitivity Analysis'!$H$4,'Income Statement'!D5*(1+'Sensitivity Analysis'!$I$4),IF('Sensitivity Analysis'!$A$2='Sensitivity Analysis'!$H$5,'Income Statement'!D5*(1+'Sensitivity Analysis'!$I$5)))) -> 15571113 | E6: =IF($A$2=$H$3,'Income Statement'!E5,IF('Sensitivity Analysis'!$A$2='Sensitivity Analysis'!$H$4,'Income Statement'!E5*(1+'Sensitivity Analysis'!$I$4),IF('Sensitivity Analysis'!$A$2='Sensitivity Analysis'!$H$5,'Income Statement'!E5*(1+'Sensitivity Analysis'!$I$5)))) -> 27963482 | F6: =IF($A$2=$H$3,'Income Statement'!F5,IF('Sensitivity Analysis'!$A$2='Sensitivity Analysis'!$H$4,'Income Statement'!F5*(1+'Sensitivity Analysis'!$I$4),IF('Sensitivity Analysis'!$A$2='Sensitivity Analysis'!$H$5,'Income Statement'!F5*(1+'Sensitivity Analysis'!$I$5)))) -> 50218396
A8: ='Income Statement'!A7 -> Operating Expenses:
A9: ='Income Statement'!A8 -> Payroll | B9: =IF($A$2=$H$3,'Income Statement'!B8,IF('Sensitivity Analysis'!$A$2='Sensitivity Analysis'!$H$4,'Income Statement'!B8*(1+'Sensitivity Analysis'!$I$4),IF('Sensitivity Analysis'!$A$2='Sensitivity Analysis'!$H$5,'Income Statement'!B8*(1+'Sensitivity Analysis'!$I$5)))) -> 951033 | C9: =IF($A$2=$H$3,'Income Statement'!C8,IF('Sensitivity Analysis'!$A$2='Sensitivity Analysis'!$H$4,'Income Statement'!C8*(1+'Sensitivity Analysis'!$I$4),IF('Sensitivity Analysis'!$A$2='Sensitivity Analysis'!$H$5,'Income Statement'!C8*(1+'Sensitivity Analysis'!$I$5)))) -> 1059585.9 | D9: =IF($A$2=$H$3,'Income Statement'!D8,IF('Sensitivity Analysis'!$A$2='Sensitivity Analysis'!$H$4,'Income Statement'!D8*(1+'Sensitivity Analysis'!$I$4),IF('Sensitivity Analysis'!$A$2='Sensitivity Analysis'!$H$5,'Income Statement'!D8*(1+'Sensitivity Analysis'!$I$5)))) -> 1233854.1 | E9: =IF($A$2=$H$3,'Income Statement'!E8,IF('Sensitivity Analysis'!$A$2='Sensitivity Analysis'!$H$4,'Income Statement'!E8*(1+'Sensitivity Analysis'!$I$4),IF('Sensitivity Analysis'!$A$2='Sensitivity Analysis'!$H$5,'Income Statement'!E8*(1+'Sensitivity Analysis'!$I$5)))) -> 1297355.8 | F9: =IF($A$2=$H$3,'Income Statement'!F8,IF('Sensitivity Analysis'!$A$2='Sensitivity Analysis'!$H$4,'Income Statement'!F8*(1+'Sensitivity Analysis'!$I$4),IF('Sensitivity Analysis'!$A$2='Sensitivity Analysis'!$H$5,'Income Statement'!F8*(1+'Sensitivity Analysis'!$I$5)))) -> 1363187.2
A10: ='Income Statement'!A9 -> Rent & Utilities | B10: =IF($A$2=$H$3,'Income Statement'!B9,IF('Sensitivity Analysis'!$A$2='Sensitivity Analysis'!$H$4,'Income Statement'!B9*(1+'Sensitivity Analysis'!$I$4),IF('Sensitivity Analysis'!$A$2='Sensitivity Analysis'!$H$5,'Income Statement'!B9*(1+'Sensitivity Analysis'!$I$5)))) -> 192000 | C10: =IF($A$2=$H$3,'Income Statement'!C9,IF('Sensitivity Analysis'!$A$2='Sensitivity Analysis'!$H$4,'Income Statement'!C9*(1+'Sensitivity Analysis'!$I$4),IF('Sensitivity Analysis'!$A$2='Sensitivity Analysis'!$H$5,'Income Statement'!C9*(1+'Sensitivity Analysis'!$I$5)))) -> 197760 | D10: =IF($A$2=$H$3,'Income Statement'!D9,IF('Sensitivity Analysis'!$A$2='Sensitivity Analysis'!$H$4,'Income Statement'!D9*(1+'Sensitivity Analysis'!$I$4),IF('Sensitivity Analysis'!$A$2='Sensitivity Analysis'!$H$5,'Income Statement'!D9*(1+'Sensitivity Analysis'!$I$5)))) -> 203692.8 | E10: =IF($A$2=$H$3,'Income Statement'!E9,IF('Sensitivity Analysis'!$A$2='Sensitivity Analysis'!$H$4,'Income Statement'!E9*(1+'Sensitivity Analysis'!$I$4),IF('Sensitivity Analysis'!$A$2='Sensitivity Analysis'!$H$5,'Income Statement'!E9*(1+'Sensitivity Analysis'!$I$5)))) -> 209803.58 | F10: =IF($A$2=$H$3,'Income Statement'!F9,IF('Sensitivity Analysis'!$A$2='Sensitivity Analysis'!$H$4,'Income Statement'!F9*(1+'Sensitivity Analysis'!$I$4),IF('Sensitivity Analysis'!$A$2='Sensitivity Analysis'!$H$5,'Income Statement'!F9*(1+'Sensitivity Analysis'!$I$5)))) -> 216097.69
A11: ='Income Statement'!A10 -> Regulatory & Compliance | B11: =IF($A$2=$H$3,'Income Statement'!B10,IF('Sensitivity Analysis'!$A$2='Sensitivity Analysis'!$H$4,'Income Statement'!B10*(1+'Sensitivity Analysis'!$I$4),IF('Sensitivity Analysis'!$A$2='Sensitivity Analysis'!$H$5,'Income Statement'!B10*(1+'Sensitivity Analysis'!$I$5)))) -> 109200 | C11: =IF($A$2=$H$3,'Income Statement'!C10,IF('Sensitivity Analysis'!$A$2='Sensitivity Analysis'!$H$4,'Income Statement'!C10*(1+'Sensitivity Analysis'!$I$4),IF('Sensitivity Analysis'!$A$2='Sensitivity Analysis'!$H$5,'Income Statement'!C10*(1+'Sensitivity Analysis'!$I$5)))) -> 218400 | D11: =IF($A$2=$H$3,'Income Statement'!D10,IF('Sensitivity Analysis'!$A$2='Sensitivity Analysis'!$H$4,'Income Statement'!D10*(1+'Sensitivity Analysis'!$I$4),IF('Sensitivity Analysis'!$A$2='Sensitivity Analysis'!$H$5,'Income Statement'!D10*(1+'Sensitivity Analysis'!$I$5)))) -> 436800 | E11: =IF($A$2=$H$3,'Income Statement'!E10,IF('Sensitivity Analysis'!$A$2='Sensitivity Analysis'!$H$4,'Income Statement'!E10*(1+'Sensitivity Analysis'!$I$4),IF('Sensitivity Analysis'!$A$2='Sensitivity Analysis'!$H$5,'Income Statement'!E10*(1+'Sensitivity Analysis'!$I$5)))) -> 873600 | F11: =IF($A$2=$H$3,'Income Statement'!F10,IF('Sensitivity Analysis'!$A$2='Sensitivity Analysis'!$H$4,'Income Statement'!F10*(1+'Sensitivity Analysis'!$I$4),IF('Sensitivity Analysis'!$A$2='Sensitivity Analysis'!$H$5,'Income Statement'!F10*(1+'Sensitivity Analysis'!$I$5)))) -> 1747200
A12: ='Income Statement'!A11 -> Maintenance & Equipment Upkeep | B12: =IF($A$2=$H$3,'Income Statement'!B11,IF('Sensitivity Analysis'!$A$2='Sensitivity Analysis'!$H$4,'Income Statement'!B11*(1+'Sensitivity Analysis'!$I$4),IF('Sensitivity Analysis'!$A$2='Sensitivity Analysis'!$H$5,'Income Statement'!B11*(1+'Sensitivity Analysis'!$I$5)))) -> 138000 | C12: =IF($A$2=$H$3,'Income Statement'!C11,IF('Sensitivity Analysis'!$A$2='Sensitivity Analysis'!$H$4,'Income Statement'!C11*(1+'Sensitivity Analysis'!$I$4),IF('Sensitivity Analysis'!$A$2='Sensitivity Analysis'!$H$5,'Income Statement'!C11*(1+'Sensitivity Analysis'!$I$5)))) -> 276000 | D12: =IF($A$2=$H$3,'Income Statement'!D11,IF('Sensitivity Analysis'!$A$2='Sensitivity Analysis'!$H$4,'Income Statement'!D11*(1+'Sensitivity Analysis'!$I$4),IF('Sensitivity Analysis'!$A$2='Sensitivity Analysis'!$H$5,'Income Statement'!D11*(1+'Sensitivity Analysis'!$I$5)))) -> 552000 | E12: =IF($A$2=$H$3,'Income Statement'!E11,IF('Sensitivity Analysis'!$A$2='Sensitivity Analysis'!$H$4,'Income Statement'!E11*(1+'Sensitivity Analysis'!$I$4),IF('Sensitivity Analysis'!$A$2='Sensitivity Analysis'!$H$5,'Income Statement'!E11*(1+'Sensitivity Analysis'!$I$5)))) -> 1104000 | F12: =IF($A$2=$H$3,'Income Statement'!F11,IF('Sensitivity Analysis'!$A$2='Sensitivity Analysis'!$H$4,'Income Statement'!F11*(1+'Sensitivity Analysis'!$I$4),IF('Sensitivity Analysis'!$A$2='Sensitivity Analysis'!$H$5,'Income Statement'!F11*(1+'Sensitivity Analysis'!$I$5)))) -> 2208000
A13: ='Income Statement'!A12 -> Insurance & Security | B13: =IF($A$2=$H$3,'Income Statement'!B12,IF('Sensitivity Analysis'!$A$2='Sensitivity Analysis'!$H$4,'Income Statement'!B12*(1+'Sensitivity Analysis'!$I$4),IF('Sensitivity Analysis'!$A$2='Sensitivity Analysis'!$H$5,'Income Statement'!B12*(1+'Sensitivity Analysis'!$I$5)))) -> 96000 | C13: =IF($A$2=$H$3,'Income Statement'!C12,IF('Sensitivity Analysis'!$A$2='Sensitivity Analysis'!$H$4,'Income Statement'!C12*(1+'Sensitivity Analysis'!$I$4),IF('Sensitivity Analysis'!$A$2='Sensitivity Analysis'!$H$5,'Income Statement'!C12*(1+'Sensitivity Analysis'!$I$5)))) -> 192000 | D13: =IF($A$2=$H$3,'Income Statement'!D12,IF('Sensitivity Analysis'!$A$2='Sensitivity Analysis'!$H$4,'Income Statement'!D12*(1+'Sensitivity Analysis'!$I$4),IF('Sensitivity Analysis'!$A$2='Sensitivity Analysis'!$H$5,'Income Statement'!D12*(1+'Sensitivity Analysis'!$I$5)))) -> 384000 | E13: =IF($A$2=$H$3,'Income Statement'!E12,IF('Sensitivity Analysis'!$A$2='Sensitivity Analysis'!$H$4,'Income Statement'!E12*(1+'Sensitivity Analysis'!$I$4),IF('Sensitivity Analysis'!$A$2='Sensitivity Analysis'!$H$5,'Income Statement'!E12*(1+'Sensitivity Analysis'!$I$5)))) -> 768000 | F13: =IF($A$2=$H$3,'Income Statement'!F12,IF('Sensitivity Analysis'!$A$2='Sensitivity Analysis'!$H$4,'Income Statement'!F12*(1+'Sensitivity Analysis'!$I$4),IF('Sensitivity Analysis'!$A$2='Sensitivity Analysis'!$H$5,'Income Statement'!F12*(1+'Sensitivity Analysis'!$I$5)))) -> 1536000
A14: ='Income Statement'!A13 -> Marketing & Advertising | B14: =IF($A$2=$H$3,'Income Statement'!B13,IF('Sensitivity Analysis'!$A$2='Sensitivity Analysis'!$H$4,'Income Statement'!B13*(1+'Sensitivity Analysis'!$I$4),IF('Sensitivity Analysis'!$A$2='Sensitivity Analysis'!$H$5,'Income Statement'!B13*(1+'Sensitivity Analysis'!$I$5)))) -> 260778.54 | C14: =IF($A$2=$H$3,'Income Statement'!C13,IF('Sensitivity Analysis'!$A$2='Sensitivity Analysis'!$H$4,'Income Statement'!C13*(1+'Sensitivity Analysis'!$I$4),IF('Sensitivity Analysis'!$A$2='Sensitivity Analysis'!$H$5,'Income Statement'!C13*(1+'Sensitivity Analysis'!$I$5)))) -> 785419.66 | D14: =IF($A$2=$H$3,'Income Statement'!D13,IF('Sensitivity Analysis'!$A$2='Sensitivity Analysis'!$H$4,'Income Statement'!D13*(1+'Sensitivity Analysis'!$I$4),IF('Sensitivity Analysis'!$A$2='Sensitivity Analysis'!$H$5,'Income Statement'!D13*(1+'Sensitivity Analysis'!$I$5)))) -> 1751380.7 | E14: =IF($A$2=$H$3,'Income Statement'!E13,IF('Sensitivity Analysis'!$A$2='Sensitivity Analysis'!$H$4,'Income Statement'!E13*(1+'Sensitivity Analysis'!$I$4),IF('Sensitivity Analysis'!$A$2='Sensitivity Analysis'!$H$5,'Income Statement'!E13*(1+'Sensitivity Analysis'!$I$5)))) -> 3145228.1 | F14: =IF($A$2=$H$3,'Income Statement'!F13,IF('Sensitivity Analysis'!$A$2='Sensitivity Analysis'!$H$4,'Income Statement'!F13*(1+'Sensitivity Analysis'!$I$4),IF('Sensitivity Analysis'!$A$2='Sensitivity Analysis'!$H$5,'Income Statement'!F13*(1+'Sensitivity Analysis'!$I$5)))) -> 5648377.9
A15: ='Income Statement'!A14 -> R&D & Prototyping | B15: =IF($A$2=$H$3,'Income Statement'!B14,IF('Sensitivity Analysis'!$A$2='Sensitivity Analysis'!$H$4,'Income Statement'!B14*(1+'Sensitivity Analysis'!$I$4),IF('Sensitivity Analysis'!$A$2='Sensitivity Analysis'!$H$5,'Income Statement'!B14*(1+'Sensitivity Analysis'!$I$5)))) -> 66000 | C15: =IF($A$2=$H$3,'Income Statement'!C14,IF('Sensitivity Analysis'!$A$2='Sensitivity Analysis'!$H$4,'Income Statement'!C14*(1+'Sensitivity Analysis'!$I$4),IF('Sensitivity Analysis'!$A$2='Sensitivity Analysis'!$H$5,'Income Statement'!C14*(1+'Sensitivity Analysis'!$I$5)))) -> 132000 | D15: =IF($A$2=$H$3,'Income Statement'!D14,IF('Sensitivity Analysis'!$A$2='Sensitivity Analysis'!$H$4,'Income Statement'!D14*(1+'Sensitivity Analysis'!$I$4),IF('Sensitivity Analysis'!$A$2='Sensitivity Analysis'!$H$5,'Income Statement'!D14*(1+'Sensitivity Analysis'!$I$5)))) -> 264000 | E15: =IF($A$2=$H$3,'Income Statement'!E14,IF('Sensitivity Analysis'!$A$2='Sensitivity Analysis'!$H$4,'Income Statement'!E14*(1+'Sensitivity Analysis'!$I$4),IF('Sensitivity Analysis'!$A$2='Sensitivity Analysis'!$H$5,'Income Statement'!E14*(1+'Sensitivity Analysis'!$I$5)))) -> 528000 | F15: =IF($A$2=$H$3,'Income Statement'!F14,IF('Sensitivity Analysis'!$A$2='Sensitivity Analysis'!$H$4,'Income Statement'!F14*(1+'Sensitivity Analysis'!$I$4),IF('Sensitivity Analysis'!$A$2='Sensitivity Analysis'!$H$5,'Income Statement'!F14*(1+'Sensitivity Analysis'!$I$5)))) -> 1056000
A16: ='Income Statement'!A15 -> Miscellaneous Expenses | B16: =IF($A$2=$H$3,'Income Statement'!B15,IF('Sensitivity Analysis'!$A$2='Sensitivity Analysis'!$H$4,'Income Statement'!B15*(1+'Sensitivity Analysis'!$I$4),IF('Sensitivity Analysis'!$A$2='Sensitivity Analysis'!$H$5,'Income Statement'!B15*(1+'Sensitivity Analysis'!$I$5)))) -> 18000 | C16: =IF($A$2=$H$3,'Income Statement'!C15,IF('Sensitivity Analysis'!$A$2='Sensitivity Analysis'!$H$4,'Income Statement'!C15*(1+'Sensitivity Analysis'!$I$4),IF('Sensitivity Analysis'!$A$2='Sensitivity Analysis'!$H$5,'Income Statement'!C15*(1+'Sensitivity Analysis'!$I$5)))) -> 36000 | D16: =IF($A$2=$H$3,'Income Statement'!D15,IF('Sensitivity Analysis'!$A$2='Sensitivity Analysis'!$H$4,'Income Statement'!D15*(1+'Sensitivity Analysis'!$I$4),IF('Sensitivity Analysis'!$A$2='Sensitivity Analysis'!$H$5,'Income Statement'!D15*(1+'Sensitivity Analysis'!$I$5)))) -> 72000 | E16: =IF($A$2=$H$3,'Income Statement'!E15,IF('Sensitivity Analysis'!$A$2='Sensitivity Analysis'!$H$4,'Income Statement'!E15*(1+'Sensitivity Analysis'!$I$4),IF('Sensitivity Analysis'!$A$2='Sensitivity Analysis'!$H$5,'Income Statement'!E15*(1+'Sensitivity Analysis'!$I$5)))) -> 144000 | F16: =IF($A$2=$H$3,'Income Statement'!F15,IF('Sensitivity Analysis'!$A$2='Sensitivity Analysis'!$H$4,'Income Statement'!F15*(1+'Sensitivity Analysis'!$I$4),IF('Sensitivity Analysis'!$A$2='Sensitivity Analysis'!$H$5,'Income Statement'!F15*(1+'Sensitivity Analysis'!$I$5)))) -> 288000
A17: ='Income Statement'!A21 -> Interest Expense | B17: ='Income Statement'!B21 -> 0 | C17: ='Income Statement'!C21 -> 0 | D17: ='Income Statement'!D21 -> 0 | E17: ='Income Statement'!E21 -> 0 | F17: ='Income Statement'!F21 -> 0
A18: ='Income Statement'!A25 -> Depreciation | B18: ='Income Statement'!B25 -> 133500 | C18: ='Income Statement'!C25 -> 133500 | D18: ='Income Statement'!D25 -> 133500 | E18: ='Income Statement'!E25 -> 133500 | F18: ='Income Statement'!F25 -> 133500
A19: ='Income Statement'!A29 -> Tax | B19: ='Income Statement'!B29 -> 111617.45 | C19: ='Income Statement'!C29 -> 829986.26 | D19: ='Income Statement'!D29 -> 2213376 | E19: ='Income Statement'!E29 -> 4149598.9 | F19: ='Income Statement'!F29 -> 7564627
A21: ='Income Statement'!A17 -> Total Expenses | B21: =SUM(B8:B19) -> 2076129 | C21: =SUM(C8:C19) -> 3860651.8 | D21: =SUM(D8:D19) -> 7244603.6 | E21: =SUM(E8:E19) -> 12353086 | F21: =SUM(F8:F19) -> 21760990
A23: ='Income Statement'!A31 -> Net Income / (Loss) | B23: =B6-B21 -> 419894.21 | C23: =C6-C21 -> 3122329.3 | D23: =D6-D21 -> 8326509.6 | E23: =E6-E21 -> 15610396 | F23: =F6-F21 -> 28457406
A25: ='Income Statement'!A33 -> Net Income/Revenue | B25: =IFERROR(B23/B4,"") -> 0.11271094 | C25: =IFERROR(C23/C4,"") -> 0.2782755 | D25: =IFERROR(D23/D4,"") -> 0.33279781 | E25: =IFERROR(E23/E4,"") -> 0.34742399 | F25: =IFERROR(F23/F4,"") -> 0.35267089

Sheet Ratio Analysis
A2: Financial Ratios | B2: Year 1 | C2: Year 2 | D2: Year 3 | E2: Year 4 | F2: Year 5
A3: Operating Cost Ratio | B3: ='Income Statement'!B17/'Income Statement'!B3 -> 0.49149292 | C3: ='Income Statement'!C17/'Income Statement'!C3 -> 0.25820794 | D3: ='Income Statement'!D17/'Income Statement'!D3 -> 0.19575466 | E3: ='Income Statement'!E17/'Income Statement'!E3 -> 0.17960514 | F3: ='Income Statement'!F17/'Income Statement'!F3 -> 0.17428019
A4: Net Margin Ratio | B4: ='Income Statement'!B33 -> 0.11271094 | C4: ='Income Statement'!C33 -> 0.2782755 | D4: ='Income Statement'!D33 -> 0.33279781 | E4: ='Income Statement'!E33 -> 0.34742399 | F4: ='Income Statement'!F33 -> 0.35267089
A5: Accounts Receivable Turnover | B5: =SUM('AR & AP'!B11:M11)/'Balance Sheet'!B10 -> 5.2020704 | C5: =SUM('AR & AP'!N11:Y11)/'Balance Sheet'!C10 -> 3.9259843 | D5: =SUM('AR & AP'!Z11:AK11)/'Balance Sheet'!D10 -> 4.7667 | E5: =SUM('AR & AP'!AL11:AW11)/'Balance Sheet'!E10 -> 4.7667 | F5: {=SUM('AR & AP'!AX11:BI11/'Balance Sheet'!F10)} -> 4.7667
A6: Debt to Equity Ratio | B6: ='Balance Sheet'!B18/'Balance Sheet'!B24 -> 0 | C6: ='Balance Sheet'!C18/'Balance Sheet'!C24 -> 0 | D6: ='Balance Sheet'!D18/'Balance Sheet'!D24 -> 0 | E6: ='Balance Sheet'!E18/'Balance Sheet'!E24 -> 0 | F6: ='Balance Sheet'!F18/'Balance Sheet'!F24 -> 0
A7: Net Worth | B7: ='Balance Sheet'!B13-'Balance Sheet'!B18 -> 10419894 | C7: ='Balance Sheet'!C13-'Balance Sheet'!C18 -> 13542223 | D7: ='Balance Sheet'!D13-'Balance Sheet'!D18 -> 21868733 | E7: ='Balance Sheet'!E13-'Balance Sheet'!E18 -> 37479129 | F7: ='Balance Sheet'!F13-'Balance Sheet'!F18 -> 65936535
A8: Return on Equity | B8: ='Income Statement'!B31/SUM('Balance Sheet'!B20:B22) -> 0.040297358 | C8: ='Income Statement'!C31/SUM('Balance Sheet'!C20:C22) -> 0.23056253 | D8: ='Income Statement'!D31/SUM('Balance Sheet'!D20:D22) -> 0.38074952 | E8: ='Income Statement'!E31/SUM('Balance Sheet'!E20:E22) -> 0.41650903 | F8: ='Income Statement'!F31/SUM('Balance Sheet'!F20:F22) -> 0.43158783
A9: Return on Assets | B9: ='Income Statement'!B31/'Balance Sheet'!B13 -> 0.040297358 | C9: ='Income Statement'!C31/'Balance Sheet'!C13 -> 0.23056253 | D9: ='Income Statement'!D31/'Balance Sheet'!D13 -> 0.38074952 | E9: ='Income Statement'!E31/'Balance Sheet'!E13 -> 0.41650903 | F9: ='Income Statement'!F31/'Balance Sheet'!F13 -> 0.43158783
A10: Return on Investment (ROI) | B10: ='Income Statement'!B31/'Use of Proceeds'!$B$20 -> 0.041989421 | C10: ='Income Statement'!C31/'Use of Proceeds'!$B$20 -> 0.31223293 | D10: ='Income Statement'!D31/'Use of Proceeds'!$B$20 -> 0.83265096 | E10: ='Income Statement'!E31/'Use of Proceeds'!$B$20 -> 1.5610396 | F10: ='Income Statement'!F31/'Use of Proceeds'!$B$20 -> 2.8457406
A11: Assets Turnover Ratio (Times) | B11: ='Income Statement'!B3/'Balance Sheet'!B13 -> 0.35752837 | C11: ='Income Statement'!C3/'Balance Sheet'!C13 -> 0.82854052 | D11: ='Income Statement'!D3/'Balance Sheet'!D13 -> 1.1440866 | E11: ='Income Statement'!E3/'Balance Sheet'!E13 -> 1.1988494 | F11: ='Income Statement'!F3/'Balance Sheet'!F13 -> 1.2237694
A12: Revenue Growth | B12: 0 | C12: ='Income Statement'!C3/'Income Statement'!B3-1 -> 2.0118262 | D12: ='Income Statement'!D3/'Income Statement'!C3-1 -> 1.2298662 | E12: ='Income Statement'!E3/'Income Statement'!D3-1 -> 0.79585633 | F12: ='Income Statement'!F3/'Income Statement'!E3-1 -> 0.79585633
A13: Expenses Growth | B13: 0 | C13: ='Income Statement'!C17/'Income Statement'!B17-1 -> 0.58227597 | D13: ='Income Statement'!D17/'Income Statement'!C17-1 -> 0.69052389 | E13: ='Income Statement'!E17/'Income Statement'!D17-1 -> 0.64770036 | F13: ='Income Statement'!F17/'Income Statement'!E17-1 -> 0.7426127
A14: Net Income Growth | B14: 0 | C14: ='Income Statement'!C31/'Income Statement'!B31-1 -> 6.4359903 | D14: ='Income Statement'!D31/'Income Statement'!C31-1 -> 1.6667622 | E14: ='Income Statement'!E31/'Income Statement'!D31-1 -> 0.87478264 | F14: ='Income Statement'!F31/'Income Statement'!E31-1 -> 0.82297791
A15: Free Cash Flows | B15: ='Equity Valuations'!D20 -> 553394.21 | C15: ='Equity Valuations'!E20 -> 3255829.3 | D15: ='Equity Valuations'!F20 -> 8460009.6 | E15: ='Equity Valuations'!G20 -> 15743896 | F15: ='Equity Valuations'!H20 -> 28590906

Sheet Graphs

Sheet Financial Report
A3: Year | B3: Value | I3: Year | J3: Value
A4: ='Income Statement'!$B$2 -> Year 1 | B4: ='Income Statement'!B3 -> 3725407.8 | I4: ='Income Statement'!$B$2 -> Year 1 | J4: 0
A5: ='Income Statement'!$C$2 -> Year 2 | B5: ='Income Statement'!C3 -> 11220281 | I5: ='Income Statement'!$C$2 -> Year 2 | J5: 0
A6: ='Income Statement'!$D$2 -> Year 3 | B6: ='Income Statement'!D3 -> 25019725 | I6: ='Income Statement'!$D$2 -> Year 3 | J6: 0
A7: ='Income Statement'!$E$2 -> Year 4 | B7: ='Income Statement'!E3 -> 44931831 | I7: ='Income Statement'!$E$2 -> Year 4 | J7: 0
A8: ='Income Statement'!$F$2 -> Year 5 | B8: ='Income Statement'!F3 -> 80691112 | I8: ='Income Statement'!$F$2 -> Year 5 | J8: 0
A10: Year | B10: Value | I10: Year | J10: Value
A11: ='Income Statement'!$B$2 -> Year 1 | B11: 0 | I11: ='Income Statement'!$B$2 -> Year 1 | J11: ='Income Statement'!B31 -> 419894.21
A12: ='Income Statement'!$C$2 -> Year 2 | B12: 0 | I12: ='Income Statement'!$C$2 -> Year 2 | J12: ='Income Statement'!C31 -> 3122329.3
A13: ='Income Statement'!$D$2 -> Year 3 | B13: 0 | I13: ='Income Statement'!$D$2 -> Year 3 | J13: ='Income Statement'!D31 -> 8326509.6
A14: ='Income Statement'!$E$2 -> Year 4 | B14: 0 | I14: ='Income Statement'!$E$2 -> Year 4 | J14: ='Income Statement'!E31 -> 15610396
A15: ='Income Statement'!$F$2 -> Year 5 | B15: 0 | I15: ='Income Statement'!$F$2 -> Year 5 | J15: ='Income Statement'!F31 -> 28457406
A17: Year | B17: Value | I17: Year | J17: Value
A18: ='Income Statement'!$B$2 -> Year 1 | B18: ='Balance Sheet'!B24 -> 10419894 | I18: ='Income Statement'!$B$2 -> Year 1 | J18: 19088210
A19: ='Income Statement'!$C$2 -> Year 2 | B19: ='Balance Sheet'!C24 -> 13542223 | I19: ='Income Statement'!$C$2 -> Year 2 | J19: 29429105
A20: ='Income Statement'!$D$2 -> Year 3 | B20: ='Balance Sheet'!D24 -> 21868733 | I20: ='Income Statement'!$D$2 -> Year 3 | J20: 43281897
A21: ='Income Statement'!$E$2 -> Year 4 | B21: ='Balance Sheet'!E24 -> 37479129 | I21: ='Income Statement'!$E$2 -> Year 4 | J21: 61546332
A22: ='Income Statement'!$F$2 -> Year 5 | B22: ='Balance Sheet'!F24 -> 65936535 | I22: ='Income Statement'!$F$2 -> Year 5 | J22: 85313413
